Workbook

Sheet Monthly Turnover Jun 2017
A3: Row Labels | B3: Sum of Final Amount
A4: May 2016 | B4: 117279.3
A5: June 2016 | B5: 295732.85
A6: Aug 2016 | B6: 3795
A7: Sep 2016 | B7: 64648.4
A8: Oct 2016 | B8: 3044.05
A9: Nov 2016 | B9: 88555.75
A10: Dec 2016 | B10: 434978.3
A11: Jan 2017 | B11: 2003848.4
A12: Feb 2017 | B12: 1775022.4
A13: Mar 2017 | B13: 2342507.4
A14: Apr 2017 | B14: 2661565.8
A15: May 2017 | B15: 986654.29
... A17: Grand Total | B17: 11473789

Sheet ROUGH-SHEET
A1: Inv Date | B1: Inv Month | C1: Advertiser | D1: Invoice number | E1: Final Amount | F1: Invoice amt | G1: ServiceTax | H1: Less 2% | I1: Amt Receivable
A2: 4th April 2017 | B2: Jan 2017 | C2: Icubes | D2: iCubeswire-029-Jan-2017 | E2: =F2+G2 -> 119244.65 | F2: 103691 | G2: =F2*15% -> 15553.65 | H2: =F2*2% -> 2073.82 | I2: =E2-H2 -> 117170.83
A3: 4th April 2017 | B3: Jan 2017 | C3: OptimIdea | D3: OptiMidea-007-Jan-2017 | E3: =F3+G3 -> 473597.6 | F3: 411824 | G3: =F3*15% -> 61773.6 | H3: =F3*2% -> 8236.48 | I3: =E3-H3 -> 465361.12
B4: May 2016 | C4: Komli Media | D4: Komli-00197-May-2016 | E4: =F4+G4 -> 117279.3 | F4: 101982 | G4: =F4*15% -> 15297.3 | H4: =F4*2% -> 2039.64 | I4: =E4-H4 -> 115239.66
B5: June 2016 | C5: Komli Media | D5: Komli-00198-June-2016 | E5: =F5+G5 -> 295732.85 | F5: 257159 | G5: =F5*15% -> 38573.85 | H5: =F5*2% -> 5143.18 | I5: =E5-H5 -> 290589.67
B6: Aug 2016 | C6: Komli Media | D6: Komli-00204-Aug-2016 | E6: =F6+G6 -> 3795 | F6: 3300 | G6: =F6*15% -> 495 | H6: =F6*2% -> 66 | I6: =E6-H6 -> 3729
B7: Sep 2016 | C7: Komli Media | D7: Komli-00205-Sep-2016 | E7: =F7+G7 -> 64648.4 | F7: 56216 | G7: =F7*15% -> 8432.4 | H7: =F7*2% -> 1124.32 | I7: =E7-H7 -> 63524.08
B8: Oct 2016 | C8: Komli Media | D8: Komli-00206-Oct-2016 | E8: =F8+G8 -> 3044.05 | F8: 2647 | G8: =F8*15% -> 397.05 | H8: =F8*2% -> 52.94 | I8: =E8-H8 -> 2991.11
B9: Nov 2016 | C9: Komli Media | D9: Komli-00207-Nov-2016 | E9: =F9+G9 -> 88555.75 | F9: 77005 | G9: =F9*15% -> 11550.75 | H9: =F9*2% -> 1540.1 | I9: =E9-H9 -> 87015.65
B10: Dec 2016 | C10: Komli Media | D10: Komli-00208-Dec-2016 | E10: =F10+G10 -> 180837.5 | F10: 157250 | G10: =F10*15% -> 23587.5 | H10: =F10*2% -> 3145 | I10: =E10-H10 -> 177692.5
B11: Jan 2017 | C11: Komli Media | D11: Komli-00209-Jan-2017 | E11: =F11+G11 -> 268299.6 | F11: 233304 | G11: =F11*15% -> 34995.6 | H11: =F11*2% -> 4666.08 | I11: =E11-H11 -> 263633.52
A12: 4th Apr 2017 | B12: Feb 2017 | C12: Komli Media | D12: Komli-00210-Feb-2017 | E12: =F12+G12 -> 198444 | F12: 172560 | G12: =F12*15% -> 25884 | H12: =F12*2% -> 3451.2 | I12: =E12-H12 -> 194992.8
A13: 4th Apr 2017 | B13: Jan 2017 | C13: Komli Media | D13: Komli-00211-Jan-2017 | E13: =F13+G13 -> 64198.75 | F13: 55825 | G13: =F13*15% -> 8373.75 | H13: =F13*2% -> 1116.5 | I13: =E13-H13 -> 63082.25
A14: 4th Apr 2017 | B14: Feb 2017 | C14: Komli Media | D14: Komli-00212-Feb-2017 | E14: =F14+G14 -> 12713.25 | F14: 11055 | G14: =F14*15% -> 1658.25 | H14: =F14*2% -> 221.1 | I14: =E14-H14 -> 12492.15
A15: 4th Apr 2017 | B15: Mar 2017 | C15: Komli Media | D15: Komli-00213-Mar-2017 | E15: =F15+G15 -> 59570 | F15: 51800 | G15: =F15*15% -> 7770 | H15: =F15*2% -> 1036 | I15: =E15-H15 -> 58534
A16: 4th Apr 2017 | B16: Jan 2017 | C16: Komli Media | D16: Komli-00214-Jan-2017 | E16: =F16+G16 -> 474487.7 | F16: 412598 | G16: =F16*15% -> 61889.7 | H16: =F16*2% -> 8251.96 | I16: =E16-H16 -> 466235.74
A17: 4th Apr 2017 | B17: Mar 2017 | C17: Xapads | D17: Xapads-003-Mar-2017 | E17: =F17+G17 -> 68975.85 | F17: 59979 | G17: =F17*15% -> 8996.85 | H17: =F17*2% -> 1199.58 | I17: =E17-H17 -> 67776.27
A18: 5th Apr 2017 | B18: Feb 2017 | C18: Dcreative Leap | D18: Dcreative-145-Feb-2017 | E18: =F18+G18 -> 6077.75 | F18: 5285 | G18: =F18*15% -> 792.75 | H18: =F18*2% -> 105.7 | I18: =E18-H18 -> 5972.05
A19: 5th Apr 2017 | B19: Feb 2017 | C19: Dcreative Leap | D19: Dcreative-146-Feb-2017 | E19: =F19+G19 -> 1521.45 | F19: 1323 | G19: =F19*15% -> 198.45 | H19: =F19*2% -> 26.46 | I19: =E19-H19 -> 1494.99
A20: 5th Apr 2017 | B20: Jan 2017 | C20: Dcreative Leap | D20: Dcreative-147-Jan-2017 | E20: =F20+G20 -> 13113.45 | F20: 11403 | G20: =F20*15% -> 1710.45 | H20: =F20*2% -> 228.06 | I20: =E20-H20 -> 12885.39
A21: 5th Apr 2017 | B21: Jan 2017 | C21: Dcreative Leap | D21: Dcreative-148-Jan-2017 | E21: =F21+G21 -> 2651.9 | F21: 2306 | G21: =F21*15% -> 345.9 | H21: =F21*2% -> 46.12 | I21: =E21-H21 -> 2605.78
A22: 5th Apr 2017 | B22: Jan 2017 | C22: Dcreative Leap | D22: Dcreative-149-Jan-2017 | E22: =F22+G22 -> 2257.45 | F22: 1963 | G22: =F22*15% -> 294.45 | H22: =F22*2% -> 39.26 | I22: =E22-H22 -> 2218.19
A23: 5th Apr 2017 | B23: Feb 2017 | C23: Catalyst | D23: Catalyst-003-Feb-2017 | E23: =F23+G23 -> 17721.5 | F23: 15410 | G23: =F23*15% -> 2311.5 | H23: =F23*2% -> 308.2 | I23: =E23-H23 -> 17413.3
... A36: 26th Apr 2017 | B36: Feb 2017 | C36: OptimIdea | D36: OptiMidea-008-Feb-2017 | E36: =F36+G36 -> 501635.75 | F36: 436205 | G36: =F36*15% -> 65430.75 | H36: =F36*2% -> 8724.1 | I36: =E36-H36 -> 492911.65
A37: 27th Apr 2017 | B37: Jan 2017 | C37: Tyroo International | D37: TYROO-00155-Jan-2017 | E37: =F37+G37 -> 62400 | F37: =975*64 -> 62400 | H37: 0 | I37: =E37-H37 -> 62400
A38: 27th Apr 2017 | B38: Feb 2017 | C38: Tyroo International | D38: TYROO-00156-Feb-2017 | E38: =F38+G38 -> 124800 | F38: =1950*64 -> 124800 | H38: 0 | I38: =E38-H38 -> 124800
A39: 27th Apr 2017 | B39: Mar 2017 | C39: Tyroo International | D39: TYROO-00157-Mar-2017 | E39: =F39+G39 -> 41600 | F39: =650*64 -> 41600 | H39: 0 | I39: =E39-H39 -> 41600
A40: 26th Apr 2017 | B40: Feb 2017 | C40: DGMATIX | D40: DGMatix-024-Feb-2017 | E40: =F40+G40 -> 77850.4 | F40: 67696 | G40: =F40*15% -> 10154.4 | H40: =F40*2% -> 1353.92 | I40: =E40-H40 -> 76496.48
A41: 26th Apr 2017 | B41: Mar 2017 | C41: DGMATIX | D41: DGMatix-025-Mar-2017 | E41: =F41+G41 -> 36264.1 | F41: 31534 | G41: =F41*15% -> 4730.1 | H41: =F41*2% -> 630.68 | I41: =E41-H41 -> 35633.42
A42: 30th Apr 2017 | B42: Apr 2017 | C42: ADOMANTRA | D42: Adomantra-0202 | E42: =F42+G42 -> 71875 | F42: 62500 | G42: =F42*15% -> 9375 | H42: =F42*2% -> 1250 | I42: =E42-H42 -> 70625
A43: 30th Apr 2017 | B43: Apr 2017 | C43: ADOMANTRA | D43: Adomantra-0203 | E43: =F43+G43 -> 186875 | F43: 162500 | G43: =F43*15% -> 24375 | H43: =F43*2% -> 3250 | I43: =E43-H43 -> 183625
A44: 30th Apr 2017 | B44: Apr 2017 | C44: ADOMANTRA | D44: Adomantra-0204 | E44: =F44+G44 -> 3496 | F44: 3040 | G44: =F44*15% -> 456 | H44: =F44*2% -> 60.8 | I44: =E44-H44 -> 3435.2
A45: 30th Apr 2017 | B45: Apr 2017 | C45: ADOMANTRA | D45: Adomantra-0205 | E45: =F45+G45 -> 402500 | F45: 350000 | G45: =F45*15% -> 52500 | H45: =F45*2% -> 7000 | I45: =E45-H45 -> 395500
A46: 30th Apr 2017 | B46: Apr 2017 | C46: ADOMANTRA | D46: Adomantra-0206 | E46: =F46+G46 -> 618987.5 | F46: 538250 | G46: =F46*15% -> 80737.5 | H46: =F46*2% -> 10765 | I46: =E46-H46 -> 608222.5
A47: 9th May 2017 | B47: Mar 2017 | C47: Zeematics | D47: Zeematics-002-Mar-2017 | E47: =F47+G47 -> 1219 | F47: 1060 | G47: =F47*15% -> 159 | H47: =F47*2% -> 21.2 | I47: =E47-H47 -> 1197.8
A48: 9th May 2017 | B48: Feb 2017 | C48: Opicle Media | D48: OpicleTechnologies-013-Feb-2017 | E48: =F48+G48 -> 34038.85 | F48: 29599 | G48: =F48*15% -> 4439.85 | H48: =F48*2% -> 591.98 | I48: =E48-H48 -> 33446.87
A49: 9th May 2017 | B49: Feb 2017 | C49: Icubes Wire | D49: iCubeswire-030-Feb-2017 | E49: =F49+G49 -> 227295.2 | F49: 197648 | G49: =F49*15% -> 29647.2 | H49: =F49*2% -> 3952.96 | I49: =E49-H49 -> 223342.24
A50: 11th May 2017 | B50: Feb 2017 | C50: Vertoz | D50: Vertoz-0008-Feb-2017 | E50: =F50+G50 -> 13038.7 | F50: 11338 | G50: =F50*15% -> 1700.7 | H50: =F50*2% -> 226.76 | I50: =E50-H50 -> 12811.94
A51: 11th May 2017 | B51: Mar 2017 | C51: Vertoz | D51: Vertoz-0009-Mar-2017 | E51: =F51+G51 -> 42237.2 | F51: 36728 | G51: =F51*15% -> 5509.2 | H51: =F51*2% -> 734.56 | I51: =E51-H51 -> 41502.64
... A70: 31st May 2017 | B70: May 2017 | C70: Komli Media | D70: Komli-00217-May-2017 | E70: =F70+G70 -> 4473.5 | F70: 3890 | G70: =F70*15% -> 583.5 | H70: =F70*2% -> 77.8 | I70: =E70-H70 -> 4395.7
A71: 31st May 2017 | B71: May 2017 | C71: ADOMANTRA | D71: Adomantra-0207 | E71: =F71+G71 -> 86957.25 | F71: =604920/1000*125 -> 75615 | G71: =F71*15% -> 11342.25 | H71: =F71*2% -> 1512.3 | I71: =E71-H71 -> 85444.95
A72: 31st May 2017 | B72: May 2017 | C72: ADOMANTRA | D72: Adomantra-0208 | E72: =F72+G72 -> 116446.99 | F72: =810066/1000*125 -> 101258.25 | G72: =F72*15% -> 15188.737 | H72: =F72*2% -> 2025.165 | I72: =E72-H72 -> 114421.82
A73: 2nd June 2017 | B73: Feb 2017 | C73: Pracharnama | D73: Pracharnama-005-Feb-2017 | E73: =F73+G73 -> 33091.25 | F73: 28775 | G73: =F73*15% -> 4316.25 | H73: =F73*2% -> 575.5 | I73: =E73-H73 -> 32515.75
A74: 2nd June 2017 | B74: Mar 2017 | C74: Pracharnama | D74: Pracharnama-006-Mar-2017 | E74: =F74+G74 -> 23419.75 | F74: 20365 | G74: =F74*15% -> 3054.75 | H74: =F74*2% -> 407.3 | I74: =E74-H74 -> 23012.45
A75: 2nd June 2017 | B75: Feb 2017 | C75: Pracharnama | D75: Pracharnama-007-Feb-2017 | E75: =F75+G75 -> 37591.2 | F75: 32688 | G75: =F75*15% -> 4903.2 | H75: =F75*2% -> 653.76 | I75: =E75-H75 -> 36937.44
A76: 2nd June 2017 | B76: Feb 2017 | C76: Pracharnama | D76: Pracharnama-008-Feb-2017 | E76: =F76+G76 -> 1803.2 | F76: 1568 | G76: =F76*15% -> 235.2 | H76: =F76*2% -> 31.36 | I76: =E76-H76 -> 1771.84
A77: 6th June 2017 | B77: Apr 2017 | C77: Opicle Media | D77: OpicleTechnologies-015-Apr-2017 | E77: =F77+G77 -> 45606.7 | F77: 39658 | G77: =F77*15% -> 5948.7 | H77: =F77*2% -> 793.16 | I77: =E77-H77 -> 44813.54
A78: 6th June 2017 | B78: May 2017 | C78: Zeematics | D78: Zeematics-004-May-2017 | E78: =F78+G78 -> 69 | F78: 60 | G78: =F78*15% -> 9 | H78: =F78*2% -> 1.2 | I78: =E78-H78 -> 67.8
A79: 6th June 2017 | B79: May 2017 | C79: Zeematics | D79: Zeematics-005-May-2017 | E79: =F79+G79 -> 15828.6 | F79: 13764 | G79: =F79*15% -> 2064.6 | H79: =F79*2% -> 275.28 | I79: =E79-H79 -> 15553.32
A80: 6th June 2017 | B80: Mar 2017 | C80: Icubes Wire | D80: iCubeswire-031-Mar-2017 | E80: =F80+G80 -> 25754.25 | F80: 22395 | G80: =F80*15% -> 3359.25 | H80: =F80*2% -> 447.9 | I80: =E80-H80 -> 25306.35
A81: 6th June 2017 | B81: Apr 2017 | C81: Adclickzone | D81: Adclickzone-006-Apr-2017 | E81: =F81+G81 -> 10867.5 | F81: 9450 | G81: =F81*15% -> 1417.5 | H81: =F81*2% -> 189 | I81: =E81-H81 -> 10678.5
A82: 31st May 2017 | B82: May 2017 | C82: ADOMANTRA | D82: Adomantra-0209 | E82: =F82+G82 -> 386584 | F82: 336160 | G82: =F82*15% -> 50424 | H82: =F82*2% -> 6723.2 | I82: =E82-H82 -> 379860.8
A83: 12th June 2017 | B83: Apr 2017 | C83: Aqugen Media | D83: AquGen-024-Apr-2017 | E83: =F83+G83 -> 50669 | F83: 44060 | G83: =F83*15% -> 6609 | H83: =F83*2% -> 881.2 | I83: =E83-H83 -> 49787.8
A84: 12th June 2017 | B84: Mar 2017 | C84: OptimIdea | D84: OptiMidea-009-Mar-2017 | E84: =F84+G84 -> 338243.75 | F84: 294125 | G84: =F84*15% -> 44118.75 | H84: =F84*2% -> 5882.5 | I84: =E84-H84 -> 332361.25
A85: 7th June 2017 | B85: June 2017 | C85: Media Conversion | D85: MediaConversion-042-Jun-2017 | E85: =F85+G85 -> 31209.85 | F85: 27139 | G85: =F85*15% -> 4070.85 | H85: =F85*2% -> 542.78 | I85: =E85-H85 -> 30667.07
A86: 7th June 2017 | B86: Apr 2017 | C86: Tyroo International | D86: TYROO-00158-Apr-2017 | E86: =F86+G86 -> 48000 | F86: =750*64 -> 48000 | I86: =E86-H86 -> 48000
A87: 20th Apr 2017 | B87: Dec 2016 | C87: Fork Media / Click Zoot | D87: Fork Media-039-Dec-2016-L&T-MF | E87: =F87+G87 -> 2898 | F87: 2520 | G87: =F87*15% -> 378 | H87: =F87*2% -> 50.4 | I87: =E87-H87 -> 2847.6
A88: 20th Apr 2017 | B88: Jan 2017 | C88: Fork Media / Click Zoot | D88: Fork Media-040-Jan-2017 | E88: =F88+G88 -> 302608.7 | F88: 263138 | G88: =F88*15% -> 39470.7 | H88: =F88*2% -> 5262.76 | I88: =E88-H88 -> 297345.94
A89: 20th Apr 2017 | B89: Feb 2017 | C89: Fork Media / Click Zoot | D89: Fork Media-041-Feb-2017 | E89: =F89+G89 -> 214951.1 | F89: 186914 | G89: =F89*15% -> 28037.1 | H89: =F89*2% -> 3738.28 | I89: =E89-H89 -> 211212.82
A90: 20th Apr 2017 | B90: Mar 2017 | C90: Fork Media / Click Zoot | D90: Fork Media-042-Mar-2017 | E90: =F90+G90 -> 421262.25 | F90: 366315 | G90: =F90*15% -> 54947.25 | H90: =F90*2% -> 7326.3 | I90: =E90-H90 -> 413935.95
A91: 12th May 2017 | B91: Apr 2017 | C91: Fork Media / Click Zoot | D91: Fork Media-043-Apr-2017-AMFI | E91: =F91+G91 -> 345000 | F91: 300000 | G91: =F91*15% -> 45000 | H91: =F91*2% -> 6000 | I91: =E91-H91 -> 339000
A92: 12th May 2017 | B92: Mar 2017 | C92: Fork Media / Click Zoot | D92: Fork Media-044-Mar-2017-OBV | E92: =F92+G92 -> 70197.15 | F92: 61041 | G92: =F92*15% -> 9156.15 | H92: =F92*2% -> 1220.82 | I92: =E92-H92 -> 68976.33
A93: 12th May 2017 | B93: Apr 2017 | C93: Fork Media / Click Zoot | D93: Fork Media-045-Apr-2017-Chevrolet | E93: =F93+G93 -> 103220.48 | F93: =1612.82*64 -> 103220.48 | I93: =E93-H93 -> 103220.48
A94: 12th May 2017 | B94: Apr 2017 | C94: Fork Media / Click Zoot | D94: Fork Media-046-Apr-2017-Indian-Express | E94: =F94+G94 -> 26278.65 | F94: 22851 | G94: =F94*15% -> 3427.65 | H94: =F94*2% -> 457.02 | I94: =E94-H94 -> 25821.63
A95: 12th May 2017 | B95: Apr 2017 | C95: Fork Media / Click Zoot | D95: Fork Media-047-Apr-2017-News18 | E95: =F95+G95 -> 32088.45 | F95: 27903 | G95: =F95*15% -> 4185.45 | H95: =F95*2% -> 558.06 | I95: =E95-H95 -> 31530.39
A96: 12th May 2017 | B96: Apr 2017 | C96: Fork Media / Click Zoot | D96: Fork Media-048-Apr-2017-Hotstar-IPL | E96: =F96+G96 -> 765.9 | F96: 666 | G96: =F96*15% -> 99.9 | H96: =F96*2% -> 13.32 | I96: =E96-H96 -> 752.58
A97: 12th May 2017 | B97: Mar 2017 | C97: Fork Media / Click Zoot | D97: Fork Media-049-Mar-2017-ICICI-Lombard | E97: =F97+G97 -> 80960 | F97: 70400 | G97: =F97*15% -> 10560 | H97: =F97*2% -> 1408 | I97: =E97-H97 -> 79552
A98: 15th May 2017 | B98: Apr 2017 | C98: Fork Media / Click Zoot | D98: Fork Media-050-Apr-2017-ICICI-Lombard | E98: =F98+G98 -> 235031.25 | F98: 204375 | G98: =F98*15% -> 30656.25 | H98: =F98*2% -> 4087.5 | I98: =E98-H98 -> 230943.75
A99: 15th May 2017 | B99: Mar 2017 | C99: Fork Media / Click Zoot | D99: Fork Media-051-Mar-2017-Monster | E99: =F99+G99 -> 168284.1 | F99: 146334 | G99: =F99*15% -> 21950.1 | H99: =F99*2% -> 2926.68 | I99: =E99-H99 -> 165357.42
A100: 12th June 2017 | B100: May 2017 | C100: Fork Media / Click Zoot | D100: Fork Media-052-May-2017-BITS-Pilani | E100: =F100+G100 -> 23000 | F100: 20000 | G100: =F100*15% -> 3000 | H100: =F100*2% -> 400 | I100: =E100-H100 -> 22600
A101: 12th June 2017 | B101: May 2017 | C101: Fork Media / Click Zoot | D101: Fork Media-053-May-2017-BITS-Pilani | E101: =F101+G101 -> 73600 | F101: 64000 | G101: =F101*15% -> 9600 | H101: =F101*2% -> 1280 | I101: =E101-H101 -> 72320
A102: 12th June 2017 | B102: June 2017 | C102: Fork Media / Click Zoot | D102: Fork Media-054-June-2017-BITS-Pilani | E102: =F102+G102 -> 18400 | F102: 16000 | G102: =F102*15% -> 2400 | H102: =F102*2% -> 320 | I102: =E102-H102 -> 18080
A103: 12th June 2017 | B103: June 2017 | C103: Fork Media / Click Zoot | D103: Fork Media-055-June-2017-MasterCard | E103: =F103+G103 -> 552 | F103: 480 | G103: =F103*15% -> 72 | H103: =F103*2% -> 9.6 | I103: =E103-H103 -> 542.4
A104: 12th June 2017 | B104: May 2017 | C104: Fork Media / Click Zoot | D104: Fork Media-056-May-2017-Airtel-International | E104: =F104+G104 -> 57501.15 | F104: 50001 | G104: =F104*15% -> 7500.15 | H104: =F104*2% -> 1000.02 | I104: =E104-H104 -> 56501.13
A105: 12th June 2017 | B105: Mar 2017 | C105: Fork Media / Click Zoot | D105: Fork Media-057-Mar-2017-Pureit | E105: =F105+G105 -> 119295.25 | F105: 103735 | G105: =F105*15% -> 15560.25 | H105: =F105*2% -> 2074.7 | I105: =E105-H105 -> 117220.55
... A125: 29th June 2017 | B125: June 2017 | C125: ADOMANTRA | D125: Adomantra-0214 | E125: =F125+G125 -> 113484.3 | F125: 98682 | G125: =F125*15% -> 14802.3 | H125: =F125*2% -> 1973.64 | I125: =E125-H125 -> 111510.66
H126: =F126*2% -> 0 | I126: =E126-H126 -> 0
H127: =F127*2% -> 0 | I127: =E127-H127 -> 0
H128: =F128*2% -> 0 | I128: =E128-H128 -> 0
H129: =F129*2% -> 0 | I129: =E129-H129 -> 0
H130: =F130*2% -> 0 | I130: =E130-H130 -> 0
H131: =F131*2% -> 0 | I131: =E131-H131 -> 0
H132: =F132*2% -> 0 | I132: =E132-H132 -> 0
H133: =F133*2% -> 0 | I133: =E133-H133 -> 0
H134: =F134*2% -> 0 | I134: =E134-H134 -> 0
H135: =F135*2% -> 0 | I135: =E135-H135 -> 0
H136: =F136*2% -> 0 | I136: =E136-H136 -> 0
H137: =F137*2% -> 0 | I137: =E137-H137 -> 0
... H314: =F314*2% -> 0 | I314: =E314-H314 -> 0

Sheet MONTHWISE
A1: Inv Date | B1: Inv Month | C1: Advertiser | D1: Invoice number | E1: Final Amount | F1: Invoice amt | G1: ServiceTax | H1: Less 2% | I1: Amt Receivable
E2: =SUM(E3:E390) -> 12964662 | F2: =SUM(F3:F390) -> 11323187 | G2: =SUM(G3:G390) -> 1641474.9 | H2: =SUM(H3:H390) -> 218863.32 | I2: =SUM(I3:I390) -> 12745798
A4: 4th April 2017 | B4: Jan 2017 | C4: Icubes | D4: iCubeswire-029-Jan-2017 | E4: =F4+G4 -> 119244.65 | F4: 103691 | G4: =F4*15% -> 15553.65 | H4: =F4*2% -> 2073.82 | I4: =E4-H4 -> 117170.83
A5: 4th April 2017 | B5: Jan 2017 | C5: OptimIdea | D5: OptiMidea-007-Jan-2017 | E5: =F5+G5 -> 473597.6 | F5: 411824 | G5: =F5*15% -> 61773.6 | H5: =F5*2% -> 8236.48 | I5: =E5-H5 -> 465361.12
B6: May 2016 | C6: Komli Media | D6: Komli-00197-May-2016 | E6: =F6+G6 -> 117279.3 | F6: 101982 | G6: =F6*15% -> 15297.3 | H6: =F6*2% -> 2039.64 | I6: =E6-H6 -> 115239.66
B7: June 2016 | C7: Komli Media | D7: Komli-00198-June-2016 | E7: =F7+G7 -> 295732.85 | F7: 257159 | G7: =F7*15% -> 38573.85 | H7: =F7*2% -> 5143.18 | I7: =E7-H7 -> 290589.67
B8: Aug 2016 | C8: Komli Media | D8: Komli-00204-Aug-2016 | E8: =F8+G8 -> 3795 | F8: 3300 | G8: =F8*15% -> 495 | H8: =F8*2% -> 66 | I8: =E8-H8 -> 3729
B9: Sep 2016 | C9: Komli Media | D9: Komli-00205-Sep-2016 | E9: =F9+G9 -> 64648.4 | F9: 56216 | G9: =F9*15% -> 8432.4 | H9: =F9*2% -> 1124.32 | I9: =E9-H9 -> 63524.08
B10: Oct 2016 | C10: Komli Media | D10: Komli-00206-Oct-2016 | E10: =F10+G10 -> 3044.05 | F10: 2647 | G10: =F10*15% -> 397.05 | H10: =F10*2% -> 52.94 | I10: =E10-H10 -> 2991.11
B11: Nov 2016 | C11: Komli Media | D11: Komli-00207-Nov-2016 | E11: =F11+G11 -> 88555.75 | F11: 77005 | G11: =F11*15% -> 11550.75 | H11: =F11*2% -> 1540.1 | I11: =E11-H11 -> 87015.65
B12: Dec 2016 | C12: Komli Media | D12: Komli-00208-Dec-2016 | E12: =F12+G12 -> 180837.5 | F12: 157250 | G12: =F12*15% -> 23587.5 | H12: =F12*2% -> 3145 | I12: =E12-H12 -> 177692.5
B13: Jan 2017 | C13: Komli Media | D13: Komli-00209-Jan-2017 | E13: =F13+G13 -> 268299.6 | F13: 233304 | G13: =F13*15% -> 34995.6 | H13: =F13*2% -> 4666.08 | I13: =E13-H13 -> 263633.52
A14: 4th Apr 2017 | B14: Feb 2017 | C14: Komli Media | D14: Komli-00210-Feb-2017 | E14: =F14+G14 -> 198444 | F14: 172560 | G14: =F14*15% -> 25884 | H14: =F14*2% -> 3451.2 | I14: =E14-H14 -> 194992.8
A15: 4th Apr 2017 | B15: Jan 2017 | C15: Komli Media | D15: Komli-00211-Jan-2017 | E15: =F15+G15 -> 64198.75 | F15: 55825 | G15: =F15*15% -> 8373.75 | H15: =F15*2% -> 1116.5 | I15: =E15-H15 -> 63082.25
A16: 4th Apr 2017 | B16: Feb 2017 | C16: Komli Media | D16: Komli-00212-Feb-2017 | E16: =F16+G16 -> 12713.25 | F16: 11055 | G16: =F16*15% -> 1658.25 | H16: =F16*2% -> 221.1 | I16: =E16-H16 -> 12492.15
A17: 4th Apr 2017 | B17: Mar 2017 | C17: Komli Media | D17: Komli-00213-Mar-2017 | E17: =F17+G17 -> 59570 | F17: 51800 | G17: =F17*15% -> 7770 | H17: =F17*2% -> 1036 | I17: =E17-H17 -> 58534
A18: 4th Apr 2017 | B18: Jan 2017 | C18: Komli Media | D18: Komli-00214-Jan-2017 | E18: =F18+G18 -> 474487.7 | F18: 412598 | G18: =F18*15% -> 61889.7 | H18: =F18*2% -> 8251.96 | I18: =E18-H18 -> 466235.74
A19: 4th Apr 2017 | B19: Mar 2017 | C19: Xapads | D19: Xapads-003-Mar-2017 | E19: =F19+G19 -> 68975.85 | F19: 59979 | G19: =F19*15% -> 8996.85 | H19: =F19*2% -> 1199.58 | I19: =E19-H19 -> 67776.27
A20: 5th Apr 2017 | B20: Feb 2017 | C20: Dcreative Leap | D20: Dcreative-145-Feb-2017 | E20: =F20+G20 -> 6077.75 | F20: 5285 | G20: =F20*15% -> 792.75 | H20: =F20*2% -> 105.7 | I20: =E20-H20 -> 5972.05
A21: 5th Apr 2017 | B21: Feb 2017 | C21: Dcreative Leap | D21: Dcreative-146-Feb-2017 | E21: =F21+G21 -> 1521.45 | F21: 1323 | G21: =F21*15% -> 198.45 | H21: =F21*2% -> 26.46 | I21: =E21-H21 -> 1494.99
A22: 5th Apr 2017 | B22: Jan 2017 | C22: Dcreative Leap | D22: Dcreative-147-Jan-2017 | E22: =F22+G22 -> 13113.45 | F22: 11403 | G22: =F22*15% -> 1710.45 | H22: =F22*2% -> 228.06 | I22: =E22-H22 -> 12885.39
A23: 5th Apr 2017 | B23: Jan 2017 | C23: Dcreative Leap | D23: Dcreative-148-Jan-2017 | E23: =F23+G23 -> 2651.9 | F23: 2306 | G23: =F23*15% -> 345.9 | H23: =F23*2% -> 46.12 | I23: =E23-H23 -> 2605.78
A24: 5th Apr 2017 | B24: Jan 2017 | C24: Dcreative Leap | D24: Dcreative-149-Jan-2017 | E24: =F24+G24 -> 2257.45 | F24: 1963 | G24: =F24*15% -> 294.45 | H24: =F24*2% -> 39.26 | I24: =E24-H24 -> 2218.19
A25: 5th Apr 2017 | B25: Feb 2017 | C25: Catalyst | D25: Catalyst-003-Feb-2017 | E25: =F25+G25 -> 17721.5 | F25: 15410 | G25: =F25*15% -> 2311.5 | H25: =F25*2% -> 308.2 | I25: =E25-H25 -> 17413.3
... A31: 5th Apr 2017 | B31: Mar 2017 | C31: Xapads | D31: Xapads-007-Mar-2017 | E31: =F31+G31 -> 10753.65 | F31: 9351 | G31: =F31*15% -> 1402.65 | H31: =F31*2% -> 187.02 | I31: =E31-H31 -> 10566.63
A32: 5th Apr 2017 | B32: Mar 2017 | C32: Komli Media | D32: Komli-00215-Mar-2017 | E32: CANCELLED | F32: CANCELLED | G32: CANCELLED | H32: CANCELLED | I32: CANCELLED
A33: 6th Apr 2017 | B33: Feb 2017 | C33: Aqugen Media | D33: AquGen-022-Feb-2017 | E33: =F33+G33 -> 69000 | F33: 60000 | G33: =F33*15% -> 9000 | H33: =F33*2% -> 1200 | I33: =E33-H33 -> 67800
A34: 6th Apr 2017 | B34: Dec 2016 | C34: Opicle Media | D34: OpicleTechnologies-011-Dec-2016 | E34: =F34+G34 -> 251242.8 | F34: 218472 | G34: =F34*15% -> 32770.8 | H34: =F34*2% -> 4369.44 | I34: =E34-H34 -> 246873.36
A35: 6th Apr 2017 | B35: Jan 2017 | C35: Opicle Media | D35: OpicleTechnologies-012-Jan-2017 | E35: =F35+G35 -> 209040.1 | F35: 181774 | G35: =F35*15% -> 27266.1 | H35: =F35*2% -> 3635.48 | I35: =E35-H35 -> 205404.62
A36: 19th Apr 2017 | B36: Feb 2017 | C36: Ads Pay Media | D36: AdsPayMedia-003-Feb-2017 | E36: =F36+G36 -> 32116.05 | F36: 27927 | G36: =F36*15% -> 4189.05 | H36: =F36*2% -> 558.54 | I36: =E36-H36 -> 31557.51
A37: 20th Apr 2017 | B37: Feb 2017 | C37: Adclickzone | D37: Adclickzone-004-Feb-2017 | E37: =F37+G37 -> 26692.65 | F37: 23211 | G37: =F37*15% -> 3481.65 | H37: =F37*2% -> 464.22 | I37: =E37-H37 -> 26228.43
A38: 26th Apr 2017 | B38: Feb 2017 | C38: OptimIdea | D38: OptiMidea-008-Feb-2017 | E38: =F38+G38 -> 501635.75 | F38: 436205 | G38: =F38*15% -> 65430.75 | H38: =F38*2% -> 8724.1 | I38: =E38-H38 -> 492911.65
A39: 27th Apr 2017 | B39: Jan 2017 | C39: Tyroo International | D39: TYROO-00155-Jan-2017 | E39: =F39+G39 -> 62400 | F39: =975*64 -> 62400 | H39: 0 | I39: =E39-H39 -> 62400
A40: 27th Apr 2017 | B40: Feb 2017 | C40: Tyroo International | D40: TYROO-00156-Feb-2017 | E40: =F40+G40 -> 124800 | F40: =1950*64 -> 124800 | H40: 0 | I40: =E40-H40 -> 124800
A41: 27th Apr 2017 | B41: Mar 2017 | C41: Tyroo International | D41: TYROO-00157-Mar-2017 | E41: =F41+G41 -> 41600 | F41: =650*64 -> 41600 | H41: 0 | I41: =E41-H41 -> 41600
A42: 26th Apr 2017 | B42: Feb 2017 | C42: DGMATIX | D42: DGMatix-024-Feb-2017 | E42: =F42+G42 -> 77850.4 | F42: 67696 | G42: =F42*15% -> 10154.4 | H42: =F42*2% -> 1353.92 | I42: =E42-H42 -> 76496.48
A43: 26th Apr 2017 | B43: Mar 2017 | C43: DGMATIX | D43: DGMatix-025-Mar-2017 | E43: =F43+G43 -> 36264.1 | F43: 31534 | G43: =F43*15% -> 4730.1 | H43: =F43*2% -> 630.68 | I43: =E43-H43 -> 35633.42
A44: 30th Apr 2017 | B44: Apr 2017 | C44: ADOMANTRA | D44: Adomantra-0202 | E44: =F44+G44 -> 71875 | F44: 62500 | G44: =F44*15% -> 9375 | H44: =F44*2% -> 1250 | I44: =E44-H44 -> 70625
A45: 30th Apr 2017 | B45: Apr 2017 | C45: ADOMANTRA | D45: Adomantra-0203 | E45: =F45+G45 -> 186875 | F45: 162500 | G45: =F45*15% -> 24375 | H45: =F45*2% -> 3250 | I45: =E45-H45 -> 183625
A46: 30th Apr 2017 | B46: Apr 2017 | C46: ADOMANTRA | D46: Adomantra-0204 | E46: =F46+G46 -> 3496 | F46: 3040 | G46: =F46*15% -> 456 | H46: =F46*2% -> 60.8 | I46: =E46-H46 -> 3435.2
A47: 30th Apr 2017 | B47: Apr 2017 | C47: ADOMANTRA | D47: Adomantra-0205 | E47: =F47+G47 -> 402500 | F47: 350000 | G47: =F47*15% -> 52500 | H47: =F47*2% -> 7000 | I47: =E47-H47 -> 395500
A48: 30th Apr 2017 | B48: Apr 2017 | C48: ADOMANTRA | D48: Adomantra-0206 | E48: =F48+G48 -> 618987.5 | F48: 538250 | G48: =F48*15% -> 80737.5 | H48: =F48*2% -> 10765 | I48: =E48-H48 -> 608222.5
A49: 9th May 2017 | B49: Mar 2017 | C49: Zeematics | D49: Zeematics-002-Mar-2017 | E49: =F49+G49 -> 1219 | F49: 1060 | G49: =F49*15% -> 159 | H49: =F49*2% -> 21.2 | I49: =E49-H49 -> 1197.8
A50: 9th May 2017 | B50: Feb 2017 | C50: Opicle Media | D50: OpicleTechnologies-013-Feb-2017 | E50: =F50+G50 -> 34038.85 | F50: 29599 | G50: =F50*15% -> 4439.85 | H50: =F50*2% -> 591.98 | I50: =E50-H50 -> 33446.87
A51: 9th May 2017 | B51: Feb 2017 | C51: Icubes Wire | D51: iCubeswire-030-Feb-2017 | E51: =F51+G51 -> 227295.2 | F51: 197648 | G51: =F51*15% -> 29647.2 | H51: =F51*2% -> 3952.96 | I51: =E51-H51 -> 223342.24
A52: 11th May 2017 | B52: Feb 2017 | C52: Vertoz | D52: Vertoz-0008-Feb-2017 | E52: =F52+G52 -> 13038.7 | F52: 11338 | G52: =F52*15% -> 1700.7 | H52: =F52*2% -> 226.76 | I52: =E52-H52 -> 12811.94
A53: 11th May 2017 | B53: Mar 2017 | C53: Vertoz | D53: Vertoz-0009-Mar-2017 | E53: =F53+G53 -> 42237.2 | F53: 36728 | G53: =F53*15% -> 5509.2 | H53: =F53*2% -> 734.56 | I53: =E53-H53 -> 41502.64
... A72: 31st May 2017 | B72: May 2017 | C72: Komli Media | D72: Komli-00217-May-2017 | E72: =F72+G72 -> 4473.5 | F72: 3890 | G72: =F72*15% -> 583.5 | H72: =F72*2% -> 77.8 | I72: =E72-H72 -> 4395.7
A73: 31st May 2017 | B73: May 2017 | C73: ADOMANTRA | D73: Adomantra-0207 | E73: =F73+G73 -> 86957.25 | F73: =604920/1000*125 -> 75615 | G73: =F73*15% -> 11342.25 | H73: =F73*2% -> 1512.3 | I73: =E73-H73 -> 85444.95
A74: 31st May 2017 | B74: May 2017 | C74: ADOMANTRA | D74: Adomantra-0208 | E74: =F74+G74 -> 116446.99 | F74: =810066/1000*125 -> 101258.25 | G74: =F74*15% -> 15188.737 | H74: =F74*2% -> 2025.165 | I74: =E74-H74 -> 114421.82
A75: 2nd June 2017 | B75: Feb 2017 | C75: Pracharnama | D75: Pracharnama-005-Feb-2017 | E75: =F75+G75 -> 33091.25 | F75: 28775 | G75: =F75*15% -> 4316.25 | H75: =F75*2% -> 575.5 | I75: =E75-H75 -> 32515.75
A76: 2nd June 2017 | B76: Mar 2017 | C76: Pracharnama | D76: Pracharnama-006-Mar-2017 | E76: =F76+G76 -> 23419.75 | F76: 20365 | G76: =F76*15% -> 3054.75 | H76: =F76*2% -> 407.3 | I76: =E76-H76 -> 23012.45
A77: 2nd June 2017 | B77: Feb 2017 | C77: Pracharnama | D77: Pracharnama-007-Feb-2017 | E77: =F77+G77 -> 37591.2 | F77: 32688 | G77: =F77*15% -> 4903.2 | H77: =F77*2% -> 653.76 | I77: =E77-H77 -> 36937.44
A78: 2nd June 2017 | B78: Feb 2017 | C78: Pracharnama | D78: Pracharnama-008-Feb-2017 | E78: =F78+G78 -> 1803.2 | F78: 1568 | G78: =F78*15% -> 235.2 | H78: =F78*2% -> 31.36 | I78: =E78-H78 -> 1771.84
A79: 6th June 2017 | B79: Apr 2017 | C79: Opicle Media | D79: OpicleTechnologies-015-Apr-2017 | E79: =F79+G79 -> 45606.7 | F79: 39658 | G79: =F79*15% -> 5948.7 | H79: =F79*2% -> 793.16 | I79: =E79-H79 -> 44813.54
A80: 6th June 2017 | B80: May 2017 | C80: Zeematics | D80: Zeematics-004-May-2017 | E80: =F80+G80 -> 69 | F80: 60 | G80: =F80*15% -> 9 | H80: =F80*2% -> 1.2 | I80: =E80-H80 -> 67.8
A81: 6th June 2017 | B81: May 2017 | C81: Zeematics | D81: Zeematics-005-May-2017 | E81: =F81+G81 -> 15828.6 | F81: 13764 | G81: =F81*15% -> 2064.6 | H81: =F81*2% -> 275.28 | I81: =E81-H81 -> 15553.32
A82: 6th June 2017 | B82: Mar 2017 | C82: Icubes Wire | D82: iCubeswire-031-Mar-2017 | E82: =F82+G82 -> 25754.25 | F82: 22395 | G82: =F82*15% -> 3359.25 | H82: =F82*2% -> 447.9 | I82: =E82-H82 -> 25306.35
A83: 6th June 2017 | B83: Apr 2017 | C83: Adclickzone | D83: Adclickzone-006-Apr-2017 | E83: =F83+G83 -> 10867.5 | F83: 9450 | G83: =F83*15% -> 1417.5 | H83: =F83*2% -> 189 | I83: =E83-H83 -> 10678.5
A84: 31st May 2017 | B84: May 2017 | C84: ADOMANTRA | D84: Adomantra-0209 | E84: =F84+G84 -> 386584 | F84: 336160 | G84: =F84*15% -> 50424 | H84: =F84*2% -> 6723.2 | I84: =E84-H84 -> 379860.8
A85: 12th June 2017 | B85: Apr 2017 | C85: Aqugen Media | D85: AquGen-024-Apr-2017 | E85: =F85+G85 -> 50669 | F85: 44060 | G85: =F85*15% -> 6609 | H85: =F85*2% -> 881.2 | I85: =E85-H85 -> 49787.8
A86: 12th June 2017 | B86: Mar 2017 | C86: OptimIdea | D86: OptiMidea-009-Mar-2017 | E86: =F86+G86 -> 338243.75 | F86: 294125 | G86: =F86*15% -> 44118.75 | H86: =F86*2% -> 5882.5 | I86: =E86-H86 -> 332361.25
A87: 7th June 2017 | B87: June 2017 | C87: Media Conversion | D87: MediaConversion-042-Jun-2017 | E87: =F87+G87 -> 31209.85 | F87: 27139 | G87: =F87*15% -> 4070.85 | H87: =F87*2% -> 542.78 | I87: =E87-H87 -> 30667.07
A88: 7th June 2017 | B88: Apr 2017 | C88: Tyroo International | D88: TYROO-00158-Apr-2017 | E88: =F88+G88 -> 48000 | F88: =750*64 -> 48000 | I88: =E88-H88 -> 48000
A89: 20th Apr 2017 | B89: Dec 2016 | C89: Fork Media / Click Zoot | D89: Fork Media-039-Dec-2016-L&T-MF | E89: =F89+G89 -> 2898 | F89: 2520 | G89: =F89*15% -> 378 | H89: =F89*2% -> 50.4 | I89: =E89-H89 -> 2847.6
A90: 20th Apr 2017 | B90: Jan 2017 | C90: Fork Media / Click Zoot | D90: Fork Media-040-Jan-2017 | E90: =F90+G90 -> 302608.7 | F90: 263138 | G90: =F90*15% -> 39470.7 | H90: =F90*2% -> 5262.76 | I90: =E90-H90 -> 297345.94
A91: 20th Apr 2017 | B91: Feb 2017 | C91: Fork Media / Click Zoot | D91: Fork Media-041-Feb-2017 | E91: =F91+G91 -> 214951.1 | F91: 186914 | G91: =F91*15% -> 28037.1 | H91: =F91*2% -> 3738.28 | I91: =E91-H91 -> 211212.82
A92: 20th Apr 2017 | B92: Mar 2017 | C92: Fork Media / Click Zoot | D92: Fork Media-042-Mar-2017 | E92: =F92+G92 -> 421262.25 | F92: 366315 | G92: =F92*15% -> 54947.25 | H92: =F92*2% -> 7326.3 | I92: =E92-H92 -> 413935.95
A93: 12th May 2017 | B93: Apr 2017 | C93: Fork Media / Click Zoot | D93: Fork Media-043-Apr-2017-AMFI | E93: =F93+G93 -> 345000 | F93: 300000 | G93: =F93*15% -> 45000 | H93: =F93*2% -> 6000 | I93: =E93-H93 -> 339000
A94: 12th May 2017 | B94: Mar 2017 | C94: Fork Media / Click Zoot | D94: Fork Media-044-Mar-2017-OBV | E94: =F94+G94 -> 70197.15 | F94: 61041 | G94: =F94*15% -> 9156.15 | H94: =F94*2% -> 1220.82 | I94: =E94-H94 -> 68976.33
A95: 12th May 2017 | B95: Apr 2017 | C95: Fork Media / Click Zoot | D95: Fork Media-045-Apr-2017-Chevrolet | E95: =F95+G95 -> 103220.48 | F95: =1612.82*64 -> 103220.48 | I95: =E95-H95 -> 103220.48
A96: 12th May 2017 | B96: Apr 2017 | C96: Fork Media / Click Zoot | D96: Fork Media-046-Apr-2017-Indian-Express | E96: =F96+G96 -> 26278.65 | F96: 22851 | G96: =F96*15% -> 3427.65 | H96: =F96*2% -> 457.02 | I96: =E96-H96 -> 25821.63
A97: 12th May 2017 | B97: Apr 2017 | C97: Fork Media / Click Zoot | D97: Fork Media-047-Apr-2017-News18 | E97: =F97+G97 -> 32088.45 | F97: 27903 | G97: =F97*15% -> 4185.45 | H97: =F97*2% -> 558.06 | I97: =E97-H97 -> 31530.39
A98: 12th May 2017 | B98: Apr 2017 | C98: Fork Media / Click Zoot | D98: Fork Media-048-Apr-2017-Hotstar-IPL | E98: =F98+G98 -> 765.9 | F98: 666 | G98: =F98*15% -> 99.9 | H98: =F98*2% -> 13.32 | I98: =E98-H98 -> 752.58
A99: 12th May 2017 | B99: Mar 2017 | C99: Fork Media / Click Zoot | D99: Fork Media-049-Mar-2017-ICICI-Lombard | E99: =F99+G99 -> 80960 | F99: 70400 | G99: =F99*15% -> 10560 | H99: =F99*2% -> 1408 | I99: =E99-H99 -> 79552
A100: 15th May 2017 | B100: Apr 2017 | C100: Fork Media / Click Zoot | D100: Fork Media-050-Apr-2017-ICICI-Lombard | E100: =F100+G100 -> 235031.25 | F100: 204375 | G100: =F100*15% -> 30656.25 | H100: =F100*2% -> 4087.5 | I100: =E100-H100 -> 230943.75
A101: 15th May 2017 | B101: Mar 2017 | C101: Fork Media / Click Zoot | D101: Fork Media-051-Mar-2017-Monster | E101: =F101+G101 -> 168284.1 | F101: 146334 | G101: =F101*15% -> 21950.1 | H101: =F101*2% -> 2926.68 | I101: =E101-H101 -> 165357.42
A102: 12th June 2017 | B102: May 2017 | C102: Fork Media / Click Zoot | D102: Fork Media-052-May-2017-BITS-Pilani | E102: =F102+G102 -> 23000 | F102: 20000 | G102: =F102*15% -> 3000 | H102: =F102*2% -> 400 | I102: =E102-H102 -> 22600
A103: 12th June 2017 | B103: May 2017 | C103: Fork Media / Click Zoot | D103: Fork Media-053-May-2017-BITS-Pilani | E103: =F103+G103 -> 73600 | F103: 64000 | G103: =F103*15% -> 9600 | H103: =F103*2% -> 1280 | I103: =E103-H103 -> 72320
A104: 12th June 2017 | B104: June 2017 | C104: Fork Media / Click Zoot | D104: Fork Media-054-June-2017-BITS-Pilani | E104: =F104+G104 -> 18400 | F104: 16000 | G104: =F104*15% -> 2400 | H104: =F104*2% -> 320 | I104: =E104-H104 -> 18080
A105: 12th June 2017 | B105: June 2017 | C105: Fork Media / Click Zoot | D105: Fork Media-055-June-2017-MasterCard | E105: =F105+G105 -> 552 | F105: 480 | G105: =F105*15% -> 72 | H105: =F105*2% -> 9.6 | I105: =E105-H105 -> 542.4
A106: 12th June 2017 | B106: May 2017 | C106: Fork Media / Click Zoot | D106: Fork Media-056-May-2017-Airtel-International | E106: =F106+G106 -> 57501.15 | F106: 50001 | G106: =F106*15% -> 7500.15 | H106: =F106*2% -> 1000.02 | I106: =E106-H106 -> 56501.13
A107: 12th June 2017 | B107: Mar 2017 | C107: Fork Media / Click Zoot | D107: Fork Media-057-Mar-2017-Pureit | E107: =F107+G107 -> 119295.25 | F107: 103735 | G107: =F107*15% -> 15560.25 | H107: =F107*2% -> 2074.7 | I107: =E107-H107 -> 117220.55
... A127: 29th June 2017 | B127: June 2017 | C127: ADOMANTRA | D127: Adomantra-0214 | E127: =F127+G127 -> 113484.3 | F127: 98682 | G127: =F127*15% -> 14802.3 | H127: =F127*2% -> 1973.64 | I127: =E127-H127 -> 111510.66
A128: 11th May 2017 | B128: Feb 2017 | C128: Mobinet | D128: Mobinet-014-Feb-2017 | E128: =SUM(F128:G128) -> 89444.7 | F128: 77778 | G128: =F128*15% -> 11666.7 | H128: =F128*2% -> 1555.56 | I128: =E128-H128 -> 87889.14
A129: 11th May 2017 | B129: Feb 2017 | C129: Mobinet | D129: Mobinet-015-Feb-2017 | E129: =SUM(F129:G129) -> 63828.45 | F129: 55503 | G129: =F129*15% -> 8325.45 | H129: =F129*2% -> 1110.06 | I129: =E129-H129 -> 62718.39
A130: 30th June 2017 | B130: June 2017 | C130: Fork Media / Click Zoot | D130: Fork Media-062-June-2017 | E130: =SUM(F130:G130) -> 68130.6 | F130: 59244 | G130: =F130*15% -> 8886.6 | H130: =F130*2% -> 1184.88 | I130: =E130-H130 -> 66945.72
A131: 30th June 2017 | B131: June 2017 | C131: Fork Media / Click Zoot | D131: Fork Media-063-June-2017 | E131: =SUM(F131:G131) -> 28750 | F131: 25000 | G131: =F131*15% -> 3750 | H131: =F131*2% -> 500 | I131: =E131-H131 -> 28250
A132: 30th June 2017 | B132: June 2017 | C132: Fork Media / Click Zoot | D132: Fork Media-064-June-2017 | E132: =SUM(F132:G132) -> 1817 | F132: 1580 | G132: =F132*15% -> 237 | H132: =F132*2% -> 31.6 | I132: =E132-H132 -> 1785.4
A133: 30th June 2017 | B133: Apr 2017 | C133: Bizvin | D133: Bizwin-082-Apr-2017 | E133: =SUM(F133:G133) -> 2875 | F133: 2500 | G133: =F133*15% -> 375 | H133: =F133*2% -> 50 | I133: =E133-H133 -> 2825
A134: 30th June 2017 | B134: May 2017 | C134: Bizvin | D134: Bizwin-083-May-2017 | E134: =SUM(F134:G134) -> 1351.25 | F134: 1175 | G134: =F134*15% -> 176.25 | H134: =F134*2% -> 23.5 | I134: =E134-H134 -> 1327.75
A135: 30th June 2017 | B135: June 2017 | C135: Bizvin | D135: Bizwin-084-June-2017 | E135: =SUM(F135:G135) -> 2012.5 | F135: 1750 | G135: =F135*15% -> 262.5 | H135: =F135*2% -> 35 | I135: =E135-H135 -> 1977.5
A136: 30th June 2017 | B136: June 2017 | C136: Bizvin | D136: Bizwin-085-June-2017 | E136: =SUM(F136:G136) -> 14950 | F136: 13000 | G136: =F136*15% -> 1950 | H136: =F136*2% -> 260 | I136: =E136-H136 -> 14690
A137: 30th June 2017 | B137: June 2017 | C137: Bizvin | D137: Bizwin-086-June-2017 | E137: =SUM(F137:G137) -> 49162.5 | F137: 42750 | G137: =F137*15% -> 6412.5 | H137: =F137*2% -> 855 | I137: =E137-H137 -> 48307.5
A138: 30th June 2017 | B138: June 2017 | C138: Bizvin | D138: Bizwin-087-June-2017 | E138: =SUM(F138:G138) -> 1150 | F138: 1000 | G138: =F138*15% -> 150 | H138: =F138*2% -> 20 | I138: =E138-H138 -> 1130
A139: 30th June 2017 | B139: June 2017 | C139: ADOMANTRA | D139: Adomantra-0215 | E139: =SUM(F139:G139) -> 61940.15 | F139: 53861 | G139: =F139*15% -> 8079.15 | H139: =F139*2% -> 1077.22 | I139: =E139-H139 -> 60862.93
... A161: 30th June 2017 | B161: May 2017 | C161: Apoxy Media | D161: Apoxy-001-May-2017 | E161: =SUM(F161:G161) -> 24454.75 | F161: 21265 | G161: =F161*15% -> 3189.75 | H161: =F161*2% -> 425.3 | I161: =E161-H161 -> 24029.45
H162: =F162*2% -> 0 | I162: =E162-H162 -> 0
H163: =F163*2% -> 0 | I163: =E163-H163 -> 0
H164: =F164*2% -> 0 | I164: =E164-H164 -> 0
...

Sheet GST-Monthwise
A1: Inv Date | B1: Inv Month | C1: Advertiser | D1: GST Nos | E1: Invoice number | F1: Final Amount | G1: Invoice amt | H1: IGST 18% | I1: CGST 9% | J1: SGST 9% | K1: Less 2% | L1: Amt Receivable
F2: =SUM(F3:F427) -> 19116484 | G2: =SUM(G3:G427) -> 16454248 | H2: =SUM(H3:H427) -> 1572733.6 | I2: =SUM(I3:I427) -> 544751.19 | J2: =SUM(J3:J427) -> 544751.19 | K2: =SUM(K3:K427) -> 295804 | L2: =SUM(L3:L427) -> 18820680
A3: 12th July 2017 | B3: April 2017 | C3: Rappier | D3: 36AAHCR6852P1ZK | E3: Rappier-006-Apr-2017 | F3: =SUM(G3:J3) -> 50763.6 | G3: 43020 | H3: =G3*18% -> 7743.6 | I3: 0 | J3: 0 | K3: =G3*2% -> 860.4 | L3: =F3-K3 -> 49903.2
A4: 14th July 2017 | B4: May 2017 | C4: Vertoz | D4: 27AADCV9357M1ZJ | E4: Vertoz-0015-May-2017 | F4: =SUM(G4:J4) -> 4885.2 | G4: 4140 | H4: 0 | I4: =G4*9% -> 372.6 | J4: =G4*9% -> 372.6 | K4: =G4*2% -> 82.8 | L4: =F4-K4 -> 4802.4
A5: 14th July 2017 | B5: June 2017 | C5: Vertoz | D5: 27AADCV9357M1ZJ | E5: Vertoz-0016-June-2017 | F5: =SUM(G5:J5) -> 17642.18 | G5: 14951 | H5: 0 | I5: =G5*9% -> 1345.59 | J5: =G5*9% -> 1345.59 | K5: =G5*2% -> 299.02 | L5: =F5-K5 -> 17343.16
A6: 15th July 2017 | B6: April 2017 | C6: Admitad Media | D6: 06AANCA9435H1ZE | E6: Admitad-002-April-2017 | F6: CANCELLED | G6: CANCELLED | H6: CANCELLED | I6: 0 | J6: 0 | K6: CANCELLED | L6: CANCELLED
A7: 15th July 2017 | B7: May 2017 | C7: Admitad Media | D7: 06AANCA9435H1ZE | E7: Admitad-003-May-2017 | F7: CANCELLED | G7: CANCELLED | H7: CANCELLED | I7: 0 | J7: 0 | K7: CANCELLED | L7: CANCELLED
A8: 15th July 2017 | B8: May 2017 | C8: Aqugen | D8: 07AANCA1642G1ZT | E8: AquGen-025-May-2017 | F8: =SUM(G8:J8) -> 137647 | G8: 116650 | H8: =G8*18% -> 20997 | I8: 0 | J8: 0 | K8: =G8*2% -> 2333 | L8: =F8-K8 -> 135314
A9: 17th July 2017 | B9: May 2017 | C9: Icubes | D9: 06AAECI2121H1Z2 | E9: iCubeswire-033-May-2017 | F9: =SUM(G9:J9) -> 63973.7 | G9: 54215 | H9: =G9*18% -> 9758.7 | I9: 0 | J9: 0 | K9: =G9*2% -> 1084.3 | L9: =F9-K9 -> 62889.4
A10: 17th July 2017 | B10: June 2017 | C10: Fork Media | D10: 27AACCF1524F1Z2 | E10: Fork Media-070-Jun-2017 | F10: =SUM(G10:J10) -> 18691.2 | G10: 15840 | H10: 0 | I10: =G10*9% -> 1425.6 | J10: =G10*9% -> 1425.6 | K10: =G10*2% -> 316.8 | L10: =F10-K10 -> 18374.4
A11: 17th July 2017 | B11: April 2017 | C11: Fork Media | D11: 27AACCF1524F1Z2 | E11: Fork Media-071-Apr-2017 | F11: =SUM(G11:J11) -> 43188 | G11: 36600 | H11: 0 | I11: =G11*9% -> 3294 | J11: =G11*9% -> 3294 | K11: =G11*2% -> 732 | L11: =F11-K11 -> 42456
A12: 17th July 2017 | B12: April 2017 | C12: Fork Media | E12: Fork Media-072-Apr-2017-INTERNATIONAL | F12: =SUM(G12:J12) -> 12620.07 | G12: =195.66*64.5 -> 12620.07 | H12: 0 | I12: 0 | J12: 0 | K12: 0 | L12: =F12-K12 -> 12620.07
A13: 17th July 2017 | B13: April 2017 | C13: Fork Media | E13: Fork Media-073-Apr-2017-INTERNATIONAL | F13: =SUM(G13:J13) -> 109424.25 | G13: =1696.5*64.5 -> 109424.25 | H13: 0 | I13: 0 | J13: 0 | K13: 0 | L13: =F13-K13 -> 109424.25
A14: 17th July 2017 | B14: June 2017 | C14: Fork Media | E14: Fork Media-074-Jun-2017-INTERNATIONAL | F14: =SUM(G14:J14) -> 32043.6 | G14: =496.8*64.5 -> 32043.6 | H14: 0 | I14: 0 | J14: 0 | K14: 0 | L14: =F14-K14 -> 32043.6
A15: 17th July 2017 | B15: May 2017 | C15: Fork Media | D15: 27AACCF1524F1Z2 | E15: Fork Media-075-May-2017 | F15: =SUM(G15:J15) -> 12307.4 | G15: 10430 | H15: 0 | I15: =G15*9% -> 938.7 | J15: =G15*9% -> 938.7 | K15: =G15*2% -> 208.6 | L15: =F15-K15 -> 12098.8
A16: 17th July 2017 | B16: May 2017 | C16: Fork Media | D16: 27AACCF1524F1Z2 | E16: Fork Media-076-May-2017 | F16: =SUM(G16:J16) -> 30444 | G16: 25800 | H16: 0 | I16: =G16*9% -> 2322 | J16: =G16*9% -> 2322 | K16: =G16*2% -> 516 | L16: =F16-K16 -> 29928
A17: 17th July 2017 | B17: May 2017 | C17: Fork Media | D17: 27AACCF1524F1Z2 | E17: Fork Media-077-May-2017 | F17: =SUM(G17:J17) -> 1416 | G17: 1200 | H17: 0 | I17: =G17*9% -> 108 | J17: =G17*9% -> 108 | K17: =G17*2% -> 24 | L17: =F17-K17 -> 1392
A18: 17th July 2017 | B18: May 2017 | C18: Fork Media | D18: 27AACCF1524F1Z2 | E18: Fork Media-078-May-2017 | F18: =SUM(G18:J18) -> 298.54 | G18: 253 | H18: 0 | I18: =G18*9% -> 22.77 | J18: =G18*9% -> 22.77 | K18: =G18*2% -> 5.06 | L18: =F18-K18 -> 293.48
A19: 17th July 2017 | B19: June 2017 | C19: Fork Media | D19: 27AACCF1524F1Z2 | E19: Fork Media-079-June-2017 | F19: =SUM(G19:J19) -> 479764.4 | G19: 406580 | H19: 0 | I19: =G19*9% -> 36592.2 | J19: =G19*9% -> 36592.2 | K19: =G19*2% -> 8131.6 | L19: =F19-K19 -> 471632.8
A20: 17th July 2017 | B20: June 2017 | C20: Fork Media | D20: 27AACCF1524F1Z2 | E20: Fork Media-080-June-2017 | F20: =SUM(G20:J20) -> 2950 | G20: 2500 | H20: 0 | I20: =G20*9% -> 225 | J20: =G20*9% -> 225 | K20: =G20*2% -> 50 | L20: =F20-K20 -> 2900
A21: 17th July 2017 | B21: June 2017 | C21: Fork Media | D21: 27AACCF1524F1Z2 | E21: Fork Media-081-June-2017 | F21: =SUM(G21:J21) -> 2950 | G21: 2500 | H21: 0 | I21: =G21*9% -> 225 | J21: =G21*9% -> 225 | K21: =G21*2% -> 50 | L21: =F21-K21 -> 2900
A22: 17th July 2017 | B22: May 2017 | C22: Fork Media | D22: 27AACCF1524F1Z2 | E22: Fork Media-082-May-2017 | F22: =SUM(G22:J22) -> 566.4 | G22: 480 | H22: 0 | I22: =G22*9% -> 43.2 | J22: =G22*9% -> 43.2 | K22: =G22*2% -> 9.6 | L22: =F22-K22 -> 556.8
A23: 17th July 2017 | B23: June 2017 | C23: Fork Media | D23: 27AACCF1524F1Z2 | E23: Fork Media-083-June-2017 | F23: =SUM(G23:J23) -> 33040 | G23: 28000 | H23: 0 | I23: =G23*9% -> 2520 | J23: =G23*9% -> 2520 | K23: =G23*2% -> 560 | L23: =F23-K23 -> 32480
A24: 18th July 2017 | B24: May 2017 | C24: Optimidea | D24: 06AACCO3070B1Z0 | E24: OptiMidea-010-May-2017 | F24: =SUM(G24:J24) -> 107295.04 | G24: 90928 | H24: =G24*18% -> 16367.04 | I24: 0 | J24: 0 | K24: =G24*2% -> 1818.56 | L24: =F24-K24 -> 105476.48
A25: 31st July 2017 | B25: June 2017 | C25: Adomantra | D25: 07AANCA2340K1ZN | E25: Adomantra-0219 | F25: =SUM(G25:J25) -> 6403.86 | G25: 5427 | H25: =G25*18% -> 976.86 | I25: 0 | J25: 0 | K25: =G25*2% -> 108.54 | L25: =F25-K25 -> 6295.32
A26: 31st July 2017 | B26: June 2017 | C26: Adomantra | D26: 07AANCA2340K1ZN | E26: Adomantra-0220 | F26: =SUM(G26:J26) -> 5137.72 | G26: 4354 | H26: =G26*18% -> 783.72 | I26: 0 | J26: 0 | K26: =G26*2% -> 87.08 | L26: =F26-K26 -> 5050.64
A27: 31st July 2017 | B27: July 2017 | C27: Adomantra | D27: 07AANCA2340K1ZN | E27: Adomantra-0221 | F27: =SUM(G27:J27) -> 15145.3 | G27: 12835 | H27: =G27*18% -> 2310.3 | I27: 0 | J27: 0 | K27: =G27*2% -> 256.7 | L27: =F27-K27 -> 14888.6
A28: 31st July 2017 | B28: July 2017 | C28: Adomantra | D28: 07AANCA2340K1ZN | E28: Adomantra-0222 | F28: =SUM(G28:J28) -> 11422.4 | G28: 9680 | H28: =G28*18% -> 1742.4 | I28: 0 | J28: 0 | K28: =G28*2% -> 193.6 | L28: =F28-K28 -> 11228.8
A29: 31st July 2017 | B29: July 2017 | C29: Adomantra | D29: 07AANCA2340K1ZN | E29: Adomantra-0223 | F29: =SUM(G29:J29) -> 51508.18 | G29: 43651 | H29: =G29*18% -> 7857.18 | I29: 0 | J29: 0 | K29: =G29*2% -> 873.02 | L29: =F29-K29 -> 50635.16 | M29: July
A30: 31st July 2017 | B30: July 2017 | C30: Adomantra | D30: 07AANCA2340K1ZN | E30: Adomantra-0224 | F30: =SUM(G30:J30) -> 22058.92 | G30: 18694 | H30: =G30*18% -> 3364.92 | I30: 0 | J30: 0 | K30: =G30*2% -> 373.88 | L30: =F30-K30 -> 21685.04 | M30: I-GST | N30: =SUM(H3:H34) -> 84797.28
A31: 31st July 2017 | B31: July 2017 | C31: Adomantra | D31: 07AANCA2340K1ZN | E31: Adomantra-0225 | F31: =SUM(G31:J31) -> 30154.9 | G31: 25555 | H31: =G31*18% -> 4599.9 | I31: 0 | J31: 0 | K31: =G31*2% -> 511.1 | L31: =F31-K31 -> 29643.8 | M31: C-GST | N31: =SUM(I3:I34) -> 49434.66
A32: 31st July 2017 | B32: July 2017 | C32: Adomantra | D32: 07AANCA2340K1ZN | E32: Adomantra-0226 | F32: =SUM(G32:J32) -> 35400 | G32: 30000 | H32: =G32*18% -> 5400 | I32: 0 | J32: 0 | K32: =G32*2% -> 600 | L32: =F32-K32 -> 34800 | M32: S-GST | N32: =SUM(J3:J34) -> 49434.66
A33: 31st July 2017 | B33: May 2017 | C33: Kratos Ads | D33: 29AAFCK7453H1Z6 | E33: KRATOS-ADS-001-May-2017 | F33: =SUM(G33:J33) -> 14868 | G33: 12600 | H33: =G33*18% -> 2268 | I33: 0 | J33: 0 | K33: =G33*2% -> 252 | L33: =F33-K33 -> 14616
A34: 31st July 2017 | B34: June 2017 | C34: Kratos Ads | D34: 29AAFCK7453H1Z6 | E34: KRATOS-ADS-002-June-2017 | F34: =SUM(G34:J34) -> 4114.66 | G34: 3487 | H34: =G34*18% -> 627.66 | I34: 0 | J34: 0 | K34: =G34*2% -> 69.74 | L34: =F34-K34 -> 4044.92 | M34: Total | N34: =SUM(N30:N32) -> 183666.6
A35: 42948
A36: 1st Aug 2017 | B36: July 2017 | C36: SPID Info | D36: 07AAVCS7316R1Z9 | E36: Spid-001-Jul-2017 | F36: =SUM(G36:J36) -> 94400 | G36: 80000 | H36: =G36*18% -> 14400 | I36: 0 | J36: 0 | K36: =G36*2% -> 1600 | L36: =F36-K36 -> 92800
A37: 1st Aug 2017 | B37: July 2017 | C37: SPID Info | D37: 07AAVCS7316R1Z9 | E37: Spid-002-Jul-2017 | F37: =SUM(G37:J37) -> 9440 | G37: 8000 | H37: =G37*18% -> 1440 | I37: 0 | J37: 0 | K37: =G37*2% -> 160 | L37: =F37-K37 -> 9280
A38: 1st Aug 2017 | B38: July 2017 | C38: SPID Info | D38: 07AAVCS7316R1Z9 | E38: Spid-003-Jul-2017 | F38: =SUM(G38:J38) -> 82600 | G38: 70000 | H38: =G38*18% -> 12600 | I38: 0 | J38: 0 | K38: =G38*2% -> 1400 | L38: =F38-K38 -> 81200
A39: 1st Aug 2017 | B39: July 2017 | C39: SPID Info | D39: 07AAVCS7316R1Z9 | E39: Spid-004-Jul-2017 | F39: =SUM(G39:J39) -> 29500 | G39: 25000 | H39: =G39*18% -> 4500 | I39: 0 | J39: 0 | K39: =G39*2% -> 500 | L39: =F39-K39 -> 29000
A40: 3rd Aug 2017 | B40: July 2017 | C40: Bizvin | D40: 07AANFB0437D1ZT | E40: Bizwin-090-July-2017 | F40: =SUM(G40:J40) -> 96288 | G40: 81600 | H40: =G40*18% -> 14688 | I40: 0 | J40: 0 | K40: =G40*2% -> 1632 | L40: =F40-K40 -> 94656
A41: 3rd Aug 2017 | B41: July 2017 | C41: Bizvin | D41: 07AANFB0437D1ZT | E41: Bizwin-091-July-2017 | F41: =SUM(G41:J41) -> 46986.42 | G41: 39819 | H41: =G41*18% -> 7167.42 | I41: 0 | J41: 0 | K41: =G41*2% -> 796.38 | L41: =F41-K41 -> 46190.04
A42: 3rd Aug 2017 | B42: July 2017 | C42: Bizvin | D42: 07AANFB0437D1ZT | E42: Bizwin-092-July-2017 | F42: =SUM(G42:J42) -> 53100 | G42: 45000 | H42: =G42*18% -> 8100 | I42: 0 | J42: 0 | K42: =G42*2% -> 900 | L42: =F42-K42 -> 52200
A43: 3rd Aug 2017 | B43: July 2017 | C43: Bizvin | D43: 07AANFB0437D1ZT | E43: Bizwin-093-July-2017 | F43: =SUM(G43:J43) -> 590 | G43: 500 | H43: =G43*18% -> 90 | I43: 0 | J43: 0 | K43: =G43*2% -> 10 | L43: =F43-K43 -> 580
A44: 3rd Aug 2017 | B44: May 2017 | C44: Dcreative Leap | D44: 07AAFCD1590C1ZZ | E44: Dcreative-154-May-2017 | F44: =SUM(G44:J44) -> 11772.86 | G44: 9977 | H44: =G44*18% -> 1795.86 | I44: 0 | J44: 0 | K44: =G44*2% -> 199.54 | L44: =F44-K44 -> 11573.32
A45: 3rd Aug 2017 | B45: May 2017 | C45: Dcreative Leap | D45: 07AAFCD1590C1ZZ | E45: Dcreative-155-May-2017 | F45: =SUM(G45:J45) -> 12046.62 | G45: 10209 | H45: =G45*18% -> 1837.62 | I45: 0 | J45: 0 | K45: =G45*2% -> 204.18 | L45: =F45-K45 -> 11842.44
A46: 3rd Aug 2017 | B46: June 2017 | C46: Vertoz | D46: 27AADCV9357M1ZJ | E46: Vertoz-0017-June-2017 | F46: =SUM(G46:J46) -> 22220.58 | G46: 18831 | H46: 0 | I46: =G46*9% -> 1694.79 | J46: =G46*9% -> 1694.79 | K46: =G46*2% -> 376.62 | L46: =F46-K46 -> 21843.96
A47: 3rd Aug 2017 | C47: Opicle Media | D47: 06AACCO0772A1ZZ | E47: OpicleTechnologies-016-May-2017 | F47: =SUM(G47:J47) -> 278543.72 | G47: 236054 | H47: =G47*18% -> 42489.72 | I47: 0 | J47: 0 | K47: =G47*2% -> 4721.08 | L47: =F47-K47 -> 273822.64
A48: 8th Aug 2017 | B48: July 2017 | C48: Zeematics | D48: 07AWLPJ1148F2ZM | E48: Zeematics-007-July-2017 | F48: =SUM(G48:J48) -> 11892.04 | G48: 10078 | H48: =G48*18% -> 1814.04 | I48: 0 | J48: 0 | K48: =G48*2% -> 201.56 | L48: =F48-K48 -> 11690.48
A49: 8th Aug 2017 | B49: July 2017 | C49: Fork Media | D49: 27AACCF1524F1Z2 | E49: Fork Media-084-July-2017 | F49: =SUM(G49:J49) -> 44533.2 | G49: 37740 | H49: 0 | I49: =G49*9% -> 3396.6 | J49: =G49*9% -> 3396.6 | K49: =G49*2% -> 754.8 | L49: =F49-K49 -> 43778.4
A50: 8th Aug 2017 | B50: July 2017 | C50: Fork Media | D50: 27AACCF1524F1Z2 | E50: Fork Media-085-July-2017 | F50: =SUM(G50:J50) -> 100298.82 | G50: 84999 | H50: 0 | I50: =G50*9% -> 7649.91 | J50: =G50*9% -> 7649.91 | K50: =G50*2% -> 1699.98 | L50: =F50-K50 -> 98598.84
A51: 8th Aug 2017 | B51: July 2017 | C51: Fork Media | D51: 27AACCF1524F1Z2 | E51: Fork Media-086-July-2017 | F51: =SUM(G51:J51) -> 101454.04 | G51: 85978 | H51: 0 | I51: =G51*9% -> 7738.02 | J51: =G51*9% -> 7738.02 | K51: =G51*2% -> 1719.56 | L51: =F51-K51 -> 99734.48
A52: 14th Aug 2017 | B52: July 2017 | C52: Media Conversion | D52: 06AACCF0027H1Z6 | E52: MediaConversion-044-Jul-2017 | F52: =SUM(G52:J52) -> 43162.04 | G52: 36578 | H52: =G52*18% -> 6584.04 | I52: 0 | J52: 0 | K52: =G52*2% -> 731.56 | L52: =F52-K52 -> 42430.48
A53: 14th Aug 2017 | B53: June 2017 | C53: Ad Click Zone | D53: 06AANCA3327J1ZM | E53: Adclickzone-008-Jun-2017 | F53: =SUM(G53:J53) -> 820.1 | G53: 695 | H53: =G53*18% -> 125.1 | I53: 0 | J53: 0 | K53: =G53*2% -> 13.9 | L53: =F53-K53 -> 806.2
A54: 14th Aug 2017 | B54: May 2017 | C54: Rappier | D54: 36AAHCR6852P1ZK | E54: Rappier-007-May-2017 | F54: =SUM(G54:J54) -> 46161.6 | G54: 39120 | H54: =G54*18% -> 7041.6 | I54: 0 | J54: 0 | K54: =G54*2% -> 782.4 | L54: =F54-K54 -> 45379.2
A55: 14th Aug 2017 | B55: July 2017 | C55: Rappier | D55: 36AAHCR6852P1ZK | E55: Rappier-008-July-2017 | F55: =SUM(G55:J55) -> 35400 | G55: 30000 | H55: =G55*18% -> 5400 | I55: 0 | J55: 0 | K55: =G55*2% -> 600 | L55: =F55-K55 -> 34800
A56: 17th Aug 2017 | B56: June 2017 | C56: Icubes | D56: 06AAECI2121H1Z2 | E56: iCubeswire-034-June-2017 | F56: =SUM(G56:J56) -> 62687.5 | G56: 53125 | H56: =G56*18% -> 9562.5 | I56: 0 | J56: 0 | K56: =G56*2% -> 1062.5 | L56: =F56-K56 -> 61625
A57: 17th Aug 2017 | B57: July 2017 | C57: HTTPOOL | D57: 23AACCH4657D1ZW | E57: Httpool-0005-Jul-2017 | F57: =SUM(G57:J57) -> 118745.76 | G57: 100632 | H57: =G57*18% -> 18113.76 | I57: 0 | J57: 0 | K57: =G57*2% -> 2012.64 | L57: =F57-K57 -> 116733.12
A58: 16th Aug 2017 | B58: May 2017 | C58: Tyroo International | E58: TYROO-00159-May-2017 | F58: 113260 | G58: 113260 | H58: 0 | I58: 0 | J58: 0 | K58: 0 | L58: =F58-K58 -> 113260
A59: 16th Aug 2017 | B59: June 2017 | C59: Tyroo International | E59: TYROO-00160-June-2017 | F59: 90608 | G59: 90608 | H59: 0 | I59: 0 | J59: 0 | K59: 0 | L59: =F59-K59 -> 90608
A60: 17th Aug 2017 | B60: Aug 2017 | C60: Admobly | D60: 07AADCH1778A1ZV | E60: Admobly-001-Aug-2017 | F60: =SUM(G60:J60) -> 12130.4 | G60: 10280 | H60: =G60*18% -> 1850.4 | I60: 0 | J60: 0 | K60: =G60*2% -> 205.6 | L60: =F60-K60 -> 11924.8
A61: 18th Aug 2017 | B61: July 2017 | C61: Bizvin | D61: 07AANFB0437D1ZT | E61: Bizwin-094-July-2017 | F61: =SUM(G61:J61) -> 42480 | G61: 36000 | H61: =G61*18% -> 6480 | I61: 0 | J61: 0 | K61: =G61*2% -> 720 | L61: =F61-K61 -> 41760
A62: 22nd Aug 2017 | B62: Aug 2017 | C62: Dial Star | D62: 27AAECD8737G2ZE | E62: Dialstar-001-Aug-2017 | F62: =SUM(G62:J62) -> 805021.96 | G62: 682222 | H62: 0 | I62: =G62*9% -> 61399.98 | J62: =G62*9% -> 61399.98 | K62: =G62*2% -> 13644.44 | L62: =F62-K62 -> 791377.52
A63: 28th Aug 2017 | B63: June 2017 | C63: HTTPOOL | D63: 23AACCH4657D1ZW | E63: Httpool-0006-Jun-2017 | F63: =SUM(G63:J63) -> 655490 | G63: 555500 | H63: =G63*18% -> 99990 | I63: 0 | J63: 0 | K63: =G63*2% -> 11110 | L63: =F63-K63 -> 644380
A64: 28th Aug 2017 | B64: June 2017 | C64: HTTPOOL | D64: 23AACCH4657D1ZW | E64: Httpool-0007-Jun-2017 | F64: =SUM(G64:J64) -> 38165.92 | G64: 32344 | H64: =G64*18% -> 5821.92 | I64: 0 | J64: 0 | K64: =G64*2% -> 646.88 | L64: =F64-K64 -> 37519.04
A65: 22nd Aug 2017 | B65: June 2017 | C65: Aqugen | D65: 07AANCA1642G1ZT | E65: AquGen-026-June-2017 | F65: =SUM(G65:J65) -> 196765 | G65: 166750 | H65: =G65*18% -> 30015 | I65: 0 | J65: 0 | K65: =G65*2% -> 3335 | L65: =F65-K65 -> 193430
A66: 31st Aug 2017 | B66: Aug 2017 | C66: SPID Info | D66: 07AAVCS7316R1Z9 | E66: Spid-005-Aug-2017 | F66: =SUM(G66:J66) -> 29500 | G66: 25000 | H66: =G66*18% -> 4500 | I66: 0 | J66: 0 | K66: =G66*2% -> 500 | L66: =F66-K66 -> 29000
A67: 31st Aug 2017 | B67: Aug 2017 | C67: SPID Info | D67: 07AAVCS7316R1Z9 | E67: Spid-006-Aug-2017 | F67: =SUM(G67:J67) -> 53100 | G67: 45000 | H67: =G67*18% -> 8100 | I67: 0 | J67: 0 | K67: =G67*2% -> 900 | L67: =F67-K67 -> 52200
A68: 31st Aug 2017 | B68: Aug 2017 | C68: SPID Info | D68: 07AAVCS7316R1Z9 | E68: Spid-007-Aug-2017 | F68: =SUM(G68:J68) -> 17341.28 | G68: 14696 | H68: =G68*18% -> 2645.28 | I68: 0 | J68: 0 | K68: =G68*2% -> 293.92 | L68: =F68-K68 -> 17047.36
A69: 31st Aug 2017 | B69: Aug 2017 | C69: SPID Info | D69: 07AAVCS7316R1Z9 | E69: Spid-008-Aug-2017 | F69: =SUM(G69:J69) -> 16284 | G69: 13800 | H69: =G69*18% -> 2484 | I69: 0 | J69: 0 | K69: =G69*2% -> 276 | L69: =F69-K69 -> 16008
A70: 31st Aug 2017 | B70: Aug 2017 | C70: SPID Info | D70: 07AAVCS7316R1Z9 | E70: Spid-009-Aug-2017 | F70: =SUM(G70:J70) -> 5698.22 | G70: 4829 | H70: =G70*18% -> 869.22 | I70: 0 | J70: 0 | K70: =G70*2% -> 96.58 | L70: =F70-K70 -> 5601.64
A71: 31st Aug 2017 | B71: Aug 2017 | C71: Adomantra | D71: 07AANCA2340K1ZN | E71: Adomantra-0227 | F71: =SUM(G71:J71) -> 106200 | G71: 90000 | H71: =G71*18% -> 16200 | I71: 0 | J71: 0 | K71: =G71*2% -> 1800 | L71: =F71-K71 -> 104400
A72: 31st Aug 2017 | B72: Aug 2017 | C72: Adomantra | D72: 07AANCA2340K1ZN | E72: Adomantra-0228 | F72: =SUM(G72:J72) -> 17953.7 | G72: 15215 | H72: =G72*18% -> 2738.7 | I72: 0 | J72: 0 | K72: =G72*2% -> 304.3 | L72: =F72-K72 -> 17649.4
A73: 31st Aug 2017 | B73: Aug 2017 | C73: Adomantra | D73: 07AANCA2340K1ZN | E73: Adomantra-0229 | F73: =SUM(G73:J73) -> 13962.94 | G73: 11833 | H73: =G73*18% -> 2129.94 | I73: 0 | J73: 0 | K73: =G73*2% -> 236.66 | L73: =F73-K73 -> 13726.28 | M73: August
A74: 31st Aug 2017 | B74: Aug 2017 | C74: Bizvin | D74: 07AANFB0437D1ZT | E74: Bizwin-095-Aug-2017 | F74: =SUM(G74:J74) -> 7965 | G74: 6750 | H74: =G74*18% -> 1215 | I74: 0 | J74: 0 | K74: =G74*2% -> 135 | L74: =F74-K74 -> 7830 | M74: I-GST | N74: =SUM(H36:H78) -> 367449.12
A75: 31st Aug 2017 | B75: Aug 2017 | C75: Bizvin | D75: 07AANFB0437D1ZT | E75: Bizwin-096-Aug-2017 | F75: =SUM(G75:J75) -> 7965 | G75: 6750 | H75: =G75*18% -> 1215 | I75: 0 | J75: 0 | K75: =G75*2% -> 135 | L75: =F75-K75 -> 7830 | M75: C-GST | N75: =SUM(I36:I78) -> 81879.3
A76: 31st Aug 2017 | B76: Aug 2017 | C76: Bizvin | D76: 07AANFB0437D1ZT | E76: Bizwin-097-Aug-2017 | F76: =SUM(G76:J76) -> 22125 | G76: 18750 | H76: =G76*18% -> 3375 | I76: 0 | J76: 0 | K76: =G76*2% -> 375 | L76: =F76-K76 -> 21750 | M76: S-GST | N76: =SUM(J36:J78) -> 81879.3
A77: 31st Aug 2017 | B77: Aug 2017 | C77: Bizvin | D77: 07AANFB0437D1ZT | E77: Bizwin-098-Aug-2017 | F77: =SUM(G77:J77) -> 94400 | G77: 80000 | H77: =G77*18% -> 14400 | I77: 0 | J77: 0 | K77: =G77*2% -> 1600 | L77: =F77-K77 -> 92800
A78: 31st Aug 2017 | B78: Aug 2017 | C78: Bizvin | D78: 07AANFB0437D1ZT | E78: Bizwin-099-Aug-2017 | F78: =SUM(G78:J78) -> 37170 | G78: 31500 | H78: =G78*18% -> 5670 | I78: 0 | J78: 0 | K78: =G78*2% -> 630 | L78: =F78-K78 -> 36540 | M78: Total | N78: =SUM(N74:N76) -> 531207.72
A79: 42979
A80: 11th Sep 2017 | B80: June 2017 | C80: Adsplay | D80: 07ABIFA2378J2Z7 | E80: AdsPlay-003-June-2017 | F80: =SUM(G80:J80) -> 6537.2 | G80: 5540 | H80: =G80*18% -> 997.2 | I80: 0 | J80: 0 | K80: =G80*2% -> 110.8 | L80: =F80-K80 -> 6426.4
A81: 12th Sep 2017 | B81: April 2017 | C81: Adspay Media | D81: 07AAQFB3917R1ZQ | E81: AdsPayMedia-004-Apr-2017 | F81: =SUM(G81:J81) -> 3761.84 | G81: 3188 | H81: =G81*18% -> 573.84 | I81: 0 | J81: 0 | K81: =G81*2% -> 63.76 | L81: =F81-K81 -> 3698.08
A82: 12th Sep 2017 | B82: May 2017 | C82: Adspay Media | D82: 07AAQFB3917R1ZQ | E82: AdsPayMedia-005-May-2017 | F82: =SUM(G82:J82) -> 3823.2 | G82: 3240 | H82: =G82*18% -> 583.2 | I82: 0 | J82: 0 | K82: =G82*2% -> 64.8 | L82: =F82-K82 -> 3758.4
A83: 13th Sep 2017 | B83: Sep 2017 | C83: Bizvin | D83: 07AANFB0437D1ZT | E83: Bizwin-100-Sep-2017 | F83: =SUM(G83:J83) -> 26550 | G83: 22500 | H83: =G83*18% -> 4050 | I83: 0 | J83: 0 | K83: =G83*2% -> 450 | L83: =F83-K83 -> 26100
A84: 13th Sep 2017 | B84: Sep 2017 | C84: Bizvin | D84: 07AANFB0437D1ZT | E84: Bizwin-101-Sep-2017 | F84: =SUM(G84:J84) -> 26550 | G84: 22500 | H84: =G84*18% -> 4050 | I84: 0 | J84: 0 | K84: =G84*2% -> 450 | L84: =F84-K84 -> 26100
A85: 13th Sep 2017 | B85: Aug 2017 | C85: Fork Media | D85: 27AACCF1524F1Z2 | E85: Fork Media-087-Aug-2017 | F85: =SUM(G85:J85) -> 14268.56 | G85: 12092 | H85: 0 | I85: =G85*9% -> 1088.28 | J85: =G85*9% -> 1088.28 | K85: =G85*2% -> 241.84 | L85: =F85-K85 -> 14026.72
A86: 13th Sep 2017 | B86: Aug 2017 | C86: Fork Media | D86: 27AACCF1524F1Z2 | E86: Fork Media-088-Aug-2017 | F86: =SUM(G86:J86) -> 7500.08 | G86: 6356 | H86: 0 | I86: =G86*9% -> 572.04 | J86: =G86*9% -> 572.04 | K86: =G86*2% -> 127.12 | L86: =F86-K86 -> 7372.96
A87: 13th Sep 2017 | B87: Sep 2017 | C87: Fork Media | D87: 27AACCF1524F1Z2 | E87: Fork Media-089-Sep-2017 | F87: =SUM(G87:J87) -> 2360 | G87: 2000 | H87: 0 | I87: =G87*9% -> 180 | J87: =G87*9% -> 180 | K87: =G87*2% -> 40 | L87: =F87-K87 -> 2320
A88: 13th Sep 2017 | B88: Sep 2017 | C88: Fork Media | D88: 27AACCF1524F1Z2 | E88: Fork Media-090-Sep-2017 | F88: =SUM(G88:J88) -> 17700 | G88: 15000 | H88: 0 | I88: =G88*9% -> 1350 | J88: =G88*9% -> 1350 | K88: =G88*2% -> 300 | L88: =F88-K88 -> 17400
A89: 18th Sep 2017 | B89: Sep 2017 | C89: Bizvin | D89: 07AANFB0437D1ZT | E89: Bizwin-102-Sep-2017 | F89: =SUM(G89:J89) -> 4248 | G89: 3600 | H89: =G89*18% -> 648 | I89: 0 | J89: 0 | K89: =G89*2% -> 72 | L89: =F89-K89 -> 4176
A90: 18th Sep 2017 | B90: Sep 2017 | C90: Bizvin | D90: 07AANFB0437D1ZT | E90: Bizwin-103-Sep-2017 | F90: CANCELLED | G90: CANCELLED | H90: CANCELLED | I90: CANCELLED | J90: CANCELLED | K90: CANCELLED | L90: CANCELLED
A91: 18th Sep 2017 | B91: Sep 2017 | C91: Bizvin | D91: 07AANFB0437D1ZT | E91: Bizwin-104-Sep-2017 | F91: =SUM(G91:J91) -> 10620 | G91: 9000 | H91: =G91*18% -> 1620 | I91: 0 | J91: 0 | K91: =G91*2% -> 180 | L91: =F91-K91 -> 10440
A92: 18th Sep 2017 | B92: Sep 2017 | C92: Bizvin | D92: 07AANFB0437D1ZT | E92: Bizwin-105-Sep-2017 | F92: =SUM(G92:J92) -> 7586.22 | G92: 6429 | H92: =G92*18% -> 1157.22 | I92: 0 | J92: 0 | K92: =G92*2% -> 128.58 | L92: =F92-K92 -> 7457.64
A93: 18th Sep 2017 | B93: Aug 2017 | C93: Zeematics | D93: 07AWLPJ1148F2ZM | E93: Zeematics-008-Aug-2017 | F93: =SUM(G93:J93) -> 17665.78 | G93: 14971 | H93: =G93*18% -> 2694.78 | I93: 0 | J93: 0 | K93: =G93*2% -> 299.42 | L93: =F93-K93 -> 17366.36
A94: 18th Sep 2017 | B94: April 2017 | C94: Connecting Dots | D94: 09AAFCC5858A1ZP | E94: Connectingdots-003-April-2017 | F94: =SUM(G94:J94) -> 7009.2 | G94: 5940 | H94: =G94*18% -> 1069.2 | I94: 0 | J94: 0 | K94: =G94*2% -> 118.8 | L94: =F94-K94 -> 6890.4
A95: 19th Sep 2017 | B95: July 2017 | C95: Fork Media | D95: 27AACCF1524F1Z2 | E95: Fork Media-091-Jul-2017 | F95: =SUM(G95:J95) -> 16744.2 | G95: 14190 | H95: 0 | I95: =G95*9% -> 1277.1 | J95: =G95*9% -> 1277.1 | K95: =G95*2% -> 283.8 | L95: =F95-K95 -> 16460.4
A96: 19th Sep 2017 | B96: July 2017 | C96: Fork Media | E96: Fork Media-092-Jul-2017 | F96: =SUM(G96:J96) -> 14414.112 | G96: 14414.112 | H96: 0 | I96: 0 | J96: 0 | K96: 0 | L96: =F96-K96 -> 14414.112
A97: 19th Sep 2017 | B97: July 2017 | C97: Fork Media | E97: Fork Media-093-Jul-2017 | F97: =SUM(G97:J97) -> 1300.5504 | G97: 1300.5504 | H97: 0 | I97: 0 | J97: 0 | K97: 0 | L97: =F97-K97 -> 1300.5504
A98: 19th Sep 2017 | B98: July 2017 | C98: Fork Media | E98: Fork Media-094-Jul-2017 | F98: =SUM(G98:J98) -> 1950.8256 | G98: 1950.8256 | H98: 0 | I98: 0 | J98: 0 | K98: 0 | L98: =F98-K98 -> 1950.8256
A99: 19th Sep 2017 | B99: Aug 2017 | C99: Fork Media | E99: Fork Media-095-Aug-2017 | F99: =SUM(G99:J99) -> 30429.792 | G99: 30429.792 | H99: 0 | I99: 0 | J99: 0 | K99: 0 | L99: =F99-K99 -> 30429.792
A100: 19th Sep 2017 | B100: Aug 2017 | C100: Fork Media | D100: 27AACCF1524F1Z2 | E100: Fork Media-096-Aug-2017 | F100: =SUM(G100:J100) -> 98708.18 | G100: 83651 | H100: 0 | I100: =G100*9% -> 7528.59 | J100: =G100*9% -> 7528.59 | K100: =G100*2% -> 1673.02 | L100: =F100-K100 -> 97035.16
...

Sheet HOME
A1: ADVERTISERS | B1: Turnover | C1: Service Tax | D1: Amt Receivable | E1: Amt Received | F1: Amt Pending
K2: AFTER GST | P2: 13268942
A3: AD2CLICK - SGS Global | B3: =AD2Click!F15 -> 0 | C3: =AD2Click!H15 -> 0 | D3: =AD2Click!L15 -> 0 | E3: =AD2Click!M15 -> 0 | F3: =D3-E3 -> 0 | H3: Total Turnover | I3: =SUM(B3:B58) -> 32094348 | K3: Total Turnover | M3: ='GST-Monthwise'!F2 -> 19116484 | P3: =MONTHWISE!E2+HOME!M3 -> 32081146 | R3: =I3-P3 -> 13202.608
A4: Adbird-Media | B4: ='Adbird-Media'!F23 -> 3450 | C4: ='Adbird-Media'!H23 -> 450 | D4: ='Adbird-Media'!L23 -> 3390 | E4: ='Adbird-Media'!M2 -> 3390 | F4: =D4-E4 -> 0
A5: Ad-Click-Zone | B5: =Adclickzone!F13 -> 74116.5 | C5: =Adclickzone!H13 -> 9685.5 | D5: =Adclickzone!L13 -> 72827.88 | E5: =Adclickzone!M13 -> 72828 | F5: =D5-E5 -> -0.12 | H5: Total Service Tax | I5: =SUM(C3:C58) -> 3758959.7 | K5: Total I-GST | M5: ='GST-Monthwise'!H2 -> 1572733.6
A6: Adhunterz | B6: =Adhunterz!F13 -> 49115.35 | C6: =Adhunterz!H13 -> 6406.35 | D6: =Adhunterz!L13 -> 48261.17 | E6: =Adhunterz!M13 -> 14939 | F6: =D6-E6 -> 33322.17
A7: Admitad | B7: =Admitad!F23 -> 51280.44 | C7: =Admitad!H23 -> 7822.44 | D7: =Admitad!L23 -> 50411.28 | E7: =Admitad!M23 -> 50411 | F7: =D7-E7 -> 0.28 | H7: Amt Receivable | I7: =SUM(D3:D58) -> 31575682 | K7: Total C-GST | M7: ='GST-Monthwise'!I2 -> 544751.19
A8: Admobly | B8: =Admobly!F19 -> 511257.42 | C8: =Admobly!H19 -> 77988.42 | D8: =Admobly!L19 -> 502592.04 | E8: =Admobly!M19 -> 502950 | F8: =D8-E8 -> -357.96
A9: Adomantra | B9: =Adomantra!F2 -> 3828984.5 | C9: =Adomantra!H2 -> 526659.25 | D9: =Adomantra!L2 -> 3762938 | E9: =Adomantra!M2 -> 3762939 | F9: =D9-E9 -> -1.0075 | H9: Amt Received | I9: =SUM(E3:E58) -> 29272872 | K9: Total S-GST | M9: ='GST-Monthwise'!J2 -> 544751.19
A10: AdSpar | B10: =AdSpar!F13 -> 0 | C10: =AdSpar!H13 -> 0 | D10: =AdSpar!L13 -> 0 | E10: =AdSpar!M13 -> 0 | F10: =D10-E10 -> 0
A11: AdsPayMedia | B11: =AdsPayMedia!F14 -> 39701.09 | C11: =AdsPayMedia!H14 -> 5346.09 | D11: =AdsPayMedia!L14 -> 39013.99 | E11: =AdsPayMedia!M14 -> 39010 | F11: =D11-E11 -> 3.99 | H11: Amt Pending | I11: =SUM(F3:F58) -> 2302810.1 | K11: Amt Receivable | M11: ='GST-Monthwise'!L2 -> 18820680
A12: ADS-PLAY-MEDIA | B12: ='ADS-PLAY-MEDIA'!F23 -> 94905.99 | C12: ='ADS-PLAY-MEDIA'!H23 -> 14037.99 | D12: ='ADS-PLAY-MEDIA'!L23 -> 93288.63 | E12: ='ADS-PLAY-MEDIA'!M23 -> 93288 | F12: =D12-E12 -> 0.63
A13: Adzjunction | B13: =Adzjunction!F13 -> 0 | C13: =Adzjunction!H13 -> 0 | D13: =Adzjunction!L13 -> 0 | E13: =Adzjunction!M13 -> 0 | F13: =D13-E13 -> 0
A14: Apoxy | B14: =Apoxy!F14 -> 35048.79 | C14: =Apoxy!H14 -> 4805.79 | D14: =Apoxy!L14 -> 34443.93 | E14: =Apoxy!M14 -> 34443 | F14: =D14-E14 -> 0.93 | H14: UPDATED - 26th JAN 2019 | K14: GST-MONTHWISE
A15: AquGen | B15: =Aqugen!F19 -> 1056371.3 | C15: =Aqugen!H19 -> 157251.3 | D15: =Aqugen!L19 -> 1038388.9 | E15: =Aqugen!M19 -> 1038388 | F15: =D15-E15 -> 0.9
A16: Bizwin | B16: =Bizvin!F2 -> 2408801.7 | C16: =Bizvin!H2 -> 345742.68 | D16: =Bizvin!L2 -> 2367540.5 | E16: =Bizvin!M2 -> 2367542 | F16: =D16-E16 -> -1.5
A17: Catalyst | B17: =Catalyst!F17 -> 50014.56 | C17: =Catalyst!H17 -> 6976.56 | D17: =Catalyst!L17 -> 49153.8 | E17: =Catalyst!M17 -> 49153 | F17: =D17-E17 -> 0.8
A18: Click Thru Network | B18: =CTN!F14 -> 0 | C18: =CTN!H14 -> 0 | D18: =CTN!L14 -> 0 | E18: =CTN!M14 -> 0 | F18: =D18-E18 -> 0
A19: Connectingdots | B19: =Connectingdots!F23 -> 48506.54 | C19: =Connectingdots!H23 -> 7248.54 | D19: =Connectingdots!L23 -> 47681.38 | E19: =Connectingdots!M23 -> 47919 | F19: =D19-E19 -> -237.62 | H19: Click on the Advertiser Name
A20: D-creative | B20: =Dcreative!F2 -> 182296.38 | C20: =Dcreative!H2 -> 24304.38 | D20: =Dcreative!L2 -> 179136.54 | E20: =Dcreative!M2 -> 25621 | F20: =D20-E20 -> 153515.54
A21: DialStar Digital | B21: ='Dial-Star'!F1 -> 2181417.6 | C21: ='Dial-Star'!H1 -> 166379.31 | D21: ='Dial-Star'!M1 -> 2144444.4 | E21: ='Dial-Star'!N1 -> 2008450 | F21: =D21-E21 -> 135994.44
A22: Digidesk | B22: =DigiDesk!F22 -> 0 | C22: =DigiDesk!H22 -> 0 | D22: =DigiDesk!L22 -> 0 | E22: =DigiDesk!M22 -> 0 | F22: =D22-E22 -> 0
A23: Esperto | B23: =Esperto!F13 -> 0 | C23: =Esperto!H13 -> 0 | D23: =Esperto!L13 -> 0 | E23: =Esperto!M13 -> 0 | F23: =D23-E23 -> 0
A24: Fork Media | B24: ='Fork Media'!F2 -> 6625711.2 | C24: ='Fork Media'!H2 -> 640209.96 | D24: ='Fork Media'!M2 -> 6512310.1 | E24: ='Fork Media'!N2 -> 6505238 | F24: =D24-E24 -> 7072.09
A25: Fork Media GCC | B25: ='Fork GCC'!F2 -> 721767.84 | C25: 0 | D25: ='Fork GCC'!K2 -> 721767.84 | E25: ='Fork GCC'!L2 -> 726520.57 | F25: =D25-E25 -> -4752.7324
A26: Hauterfly | B26: =Hauterfly!F2 -> 53100 | C26: =Hauterfly!H2 -> 4050 | D26: =Hauterfly!M2 -> 52200 | E26: =Hauterfly!N2 -> 52200 | F26: =D26-E26 -> 0
A27: HTTPOOL | B27: =HTTPOOL!F15 -> 935175.68 | C27: =HTTPOOL!H15 -> 139939.68 | D27: =HTTPOOL!L15 -> 919270.96 | E27: =HTTPOOL!M15 -> 414773 | F27: =D27-E27 -> 504497.96
A28: Icubes | B28: =iCubes!F20 -> 1181769.4 | C28: =iCubes!H20 -> 170405.37 | D28: =iCubes!L20 -> 1161542.1 | E28: =iCubes!M20 -> 1161542 | F28: =D28-E28 -> 0.09
A29: Investment Guru - B.D Digital | B29: ='Investment Guru'!F18 -> 35182.88 | C29: ='Investment Guru'!H18 -> 2683.44 | D29: ='Investment Guru'!M18 -> 34586.56 | E29: ='Investment Guru'!N18 -> 34470 | F29: =D29-E29 -> 116.56
A30: Isobar | B30: =Isobar!F18 -> 887095.68 | C30: =Isobar!H18 -> 135319.68 | D30: =Isobar!L18 -> 872060.16 | E30: =Isobar!M18 -> 872060 | F30: =D30-E30 -> 0.16
A31: Komli Media | B31: =KOMLI!F2 -> 2484074.6 | C31: =KOMLI!H2 -> 289425.87 | D31: =KOMLI!M2 -> 2436812.8 | E31: =KOMLI!N2 -> 2423844.3 | F31: =D31-E31 -> 12968.533
A32: Kratos | B32: =Kratos!F17 -> 18982.66 | C32: =Kratos!H17 -> 2895.66 | D32: =Kratos!L17 -> 18660.92 | E32: =Kratos!M17 -> 0 | F32: =D32-E32 -> 18660.92
A33: Leadsurf Digital | B33: =Leadsurf!F17 -> 2861.5 | C33: =Leadsurf!H17 -> 436.5 | D33: =Leadsurf!L17 -> 2813 | E33: =Leadsurf!M17 -> 2813 | F33: =D33-E33 -> 0
A34: Media-Conv | B34: ='Media-Conversion'!F22 -> 129312.41 | C34: ='Media-Conversion'!H22 -> 18856.41 | D34: ='Media-Conversion'!L22 -> 127103.29 | E34: ='Media-Conversion'!M22 -> 107169 | F34: =D34-E34 -> 19934.29
A35: Mobinet | B35: =Mobinet!F17 -> 409148.15 | C35: =Mobinet!H17 -> 53367.15 | D35: =Mobinet!L17 -> 402032.53 | E35: =Mobinet!M17 -> 314482 | F35: =D35-E35 -> 87550.53
A36: Myinsuranceclub | B36: =Myinsuranceclub!F14 -> 0 | C36: =Myinsuranceclub!H14 -> 0 | D36: =Myinsuranceclub!L14 -> 0 | E36: =Myinsuranceclub!M14 -> 0 | F36: =D36-E36 -> 0
A37: Opicle | B37: =Opicle!F19 -> 1246933.1 | C37: =Opicle!H19 -> 177277.11 | D37: =Opicle!L19 -> 1225540 | E37: =Opicle!M19 -> 1225540 | F37: =D37-E37 -> -0.01
A38: OptiMidea | B38: =OptiMidea!F14 -> 1420772.1 | C38: =OptiMidea!H14 -> 187690.14 | D38: =OptiMidea!L14 -> 1396110.5 | E38: =OptiMidea!M14 -> 1396110 | F38: =D38-E38 -> 0.5
A39: Pracharnama | B39: =Pracharnama!F15 -> 132609.95 | C39: =Pracharnama!H15 -> 17296.95 | D39: =Pracharnama!L15 -> 130303.69 | E39: =Pracharnama!M15 -> 55528 | F39: =D39-E39 -> 74775.69
A40: Rappier | B40: =Rappier!F16 -> 267877.58 | C40: =Rappier!H16 -> 39851.58 | D40: =Rappier!L16 -> 263317.06 | E40: =Rappier!M16 -> 263315.82 | F40: =D40-E40 -> 1.24
A41: Recroemedia | B41: =Recroemedia!F17 -> 17788.5 | C41: =Recroemedia!H17 -> 2713.5 | D41: =Recroemedia!L17 -> 17487 | E41: =Recroemedia!M17 -> 17788 | F41: =D41-E41 -> -301
A42: Refearn | B42: =Refearn!F14 -> 1416 | C42: =Refearn!H14 -> 216 | D42: =Refearn!L14 -> 1392 | E42: =Refearn!M14 -> 1416 | F42: =D42-E42 -> -24
A43: Sense Digital | B43: ='Sense Digital'!F16 -> 46775.2 | C43: ='Sense Digital'!H16 -> 7135.2 | D43: ='Sense Digital'!L16 -> 45982.4 | E43: ='Sense Digital'!M16 -> 45982 | F43: =D43-E43 -> 0.4
A44: SPID | B44: =SPID!F2 -> 2789778.7 | C44: =SPID!H2 -> 414355.74 | D44: =SPID!L2 -> 2742270.3 | E44: =SPID!M2 -> 1479471 | F44: =D44-E44 -> 1262799.3
A45: SVG+DGM | B45: ='SVG+DGM'!F28 -> 723529.9 | C45: ='SVG+DGM'!H28 -> 15469.5 | D45: ='SVG+DGM'!L28 -> 721467.3 | E45: ='SVG+DGM'!M28 -> 731706 | F45: =D45-E45 -> -10238.7
A46: Value First | B46: ='Value First'!F16 -> 0 | C46: ='Value First'!H16 -> 0 | D46: ='Value First'!L16 -> 0 | E46: ='Value First'!M16 -> 0 | F46: =D46-E46 -> 0
A47: Vcommission | B47: =Vcommission!F16 -> 12301.5 | C47: =Vcommission!H16 -> 1876.5 | D47: =Vcommission!L16 -> 12093 | E47: =Vcommission!M16 -> 12752 | F47: =D47-E47 -> -659
A48: Vertoz | B48: =Vertoz!F24 -> 285450.07 | C48: =Vertoz!H24 -> 31912.56 | D48: =Vertoz!M24 -> 280529.15 | E48: =Vertoz!N24 -> 280526 | F48: =D48-E48 -> 3.15
A49: Xapads | B49: =Xapads!F19 -> 193564.4 | C49: =Xapads!H19 -> 26420.4 | D49: =Xapads!L19 -> 190221.52 | E49: =Xapads!M19 -> 190140 | F49: =D49-E49 -> 81.52
A50: Yazle Media International | B50: =Yazle!F18 -> 730573.05 | C50: 0 | D50: =Yazle!L18 -> 730916.59 | E50: =Yazle!M18 -> 720686.14 | F50: =D50-E50 -> 10230.45
A51: Zeematics | B51: =Zeematics!F20 -> 125528.25 | C51: =Zeematics!H20 -> 18050.25 | D51: =Zeematics!L20 -> 123378.69 | E51: =Zeematics!M20 -> 125528 | F51: =D51-E51 -> -2149.31
H66: Total Turnover | I66: =SUM(B65:B85) -> 0
H68: Total Service Tax | I68: =SUM(C65:C85) -> 0
H70: Amt Receivable | I70: =SUM(D65:D85) -> 0
H72: Amt Received | I72: =SUM(E65:E85) -> 0
H74: Amt Pending | I74: =SUM(F65:F85) -> 0

Sheet KOMLI
A1: Inv Date | B1: RO No | C1: Campaigns | D1: Adunit | E1: Invoice number | F1: Final Amount | G1: Invoice amt | H1: ServiceTax | J1: Cam End date | K1: Due date | L1: Less 2% | M1: Amt Receivable | N1: Amount Received | O1: Amt Received Date | P1: Status | Q1: Cheque No
A2: HOME | B2: GST - Monthwise | E2: Monthwise | F2: =SUM(F3:F52) -> 2484074.6 | G2: =SUM(G3:G52) -> 2145949 | H2: =SUM(H3:H52) -> 289425.87 | L2: =SUM(L3:L52) -> 47261.753 | M2: =SUM(M3:M52) -> 2436812.8 | N2: =SUM(N3:N52) -> 2423844.3
E3: Komli-00197-May-2016 | F3: =SUM(G3:H3) -> 117279.3 | G3: 101982 | H3: =G3*15% -> 15297.3 | L3: =F3*2% -> 2345.586 | M3: =F3-L3 -> 114933.71 | N3: 114933.42 | O3: 18th July 2017 | P3: CLEAR | Q3: NEFT-PNB
E4: Komli-00198-June-2016 | F4: =SUM(G4:H4) -> 295732.85 | G4: 257159 | H4: =G4*15% -> 38573.85 | L4: =F4*2% -> 5914.657 | M4: =F4-L4 -> 289818.19 | N4: 276692.02 | O4: 18th July 2017 | P4: CLEAR | Q4: NEFT-PNB
E5: Komli-00204-Aug-2016 | F5: =SUM(G5:H5) -> 3795 | G5: 3300 | H5: =G5*15% -> 495 | L5: =F5*2% -> 75.9 | M5: =F5-L5 -> 3719.1 | N5: 3719.1 | O5: 18th July 2017 | P5: CLEAR | Q5: NEFT-PNB
E6: Komli-00205-Sep-2016 | F6: =SUM(G6:H6) -> 64648.4 | G6: 56216 | H6: =G6*15% -> 8432.4 | L6: =F6*2% -> 1292.968 | M6: =F6-L6 -> 63355.432 | N6: 63355.04 | O6: 18th July 2017 | P6: CLEAR | Q6: NEFT-PNB
E7: Komli-00206-Oct-2016 | F7: =SUM(G7:H7) -> 3044.05 | G7: 2647 | H7: =G7*15% -> 397.05 | L7: =F7*2% -> 60.881 | M7: =F7-L7 -> 2983.169 | N7: 2983.12 | O7: 18th July 2017 | P7: CLEAR | Q7: NEFT-PNB
E8: Komli-00207-Nov-2016 | F8: =SUM(G8:H8) -> 88555.75 | G8: 77005 | H8: =G8*15% -> 11550.75 | L8: =F8*2% -> 1771.115 | M8: =F8-L8 -> 86784.635 | N8: 86784.88 | O8: 18th July 2017 | P8: CLEAR | Q8: NEFT-PNB
E9: Komli-00208-Dec-2016 | F9: =SUM(G9:H9) -> 180837.5 | G9: 157250 | H9: =G9*15% -> 23587.5 | L9: =G9*2% -> 3145 | M9: =F9-L9 -> 177692.5 | N9: 177692 | O9: 21st Apr 2017 | P9: CLEAR | Q9: NEFT-PNB
E10: Komli-00209-Jan-2017 | F10: =SUM(G10:H10) -> 268299.6 | G10: 233304 | H10: =G10*15% -> 34995.6 | L10: =F10*2% -> 5365.992 | M10: =F10-L10 -> 262933.61 | N10: 262934 | O10: 18th July 2017 | P10: CLEAR | Q10: NEFT-PNB
A11: 4th Apr 2017 | C11: Native-Advertising | E11: Komli-00210-Feb-2017 | F11: =SUM(G11:H11) -> 198444 | G11: 172560 | H11: =G11*15% -> 25884 | L11: =F11*2% -> 3968.88 | M11: =F11-L11 -> 194475.12 | N11: 194475.12 | O11: 18th July 2017 | P11: CLEAR | Q11: NEFT-PNB
A12: 4th Apr 2017 | C12: Accenture-VAAHINI | E12: Komli-00211-Jan-2017 | F12: =SUM(G12:H12) -> 64198.75 | G12: 55825 | H12: =G12*15% -> 8373.75 | L12: =F12*2% -> 1283.975 | M12: =F12-L12 -> 62914.775 | N12: 62915.02 | O12: 18th July 2017 | P12: CLEAR | Q12: NEFT-PNB
A13: 4th Apr 2017 | C13: Accenture-VAAHINI | E13: Komli-00212-Feb-2017 | F13: =SUM(G13:H13) -> 12713.25 | G13: 11055 | H13: =G13*15% -> 1658.25 | L13: =F13*2% -> 254.265 | M13: =F13-L13 -> 12458.985 | N13: 12458.74 | O13: 18th July 2017 | P13: CLEAR | Q13: NEFT-PNB
A14: 4th Apr 2017 | C14: Accenture-IWD | E14: Komli-00213-Mar-2017 | F14: =SUM(G14:H14) -> 59570 | G14: 51800 | H14: =G14*15% -> 7770 | L14: =F14*2% -> 1191.4 | M14: =F14-L14 -> 58378.6 | N14: 58378.6 | O14: 18th July 2017 | P14: CLEAR | Q14: NEFT-PNB
A15: 4th Apr 2017 | C15: Shopclues | E15: Komli-00214-Jan-2017 | F15: =SUM(G15:H15) -> 474487.7 | G15: 412598 | H15: =G15*15% -> 61889.7 | L15: =F15*2% -> 9489.754 | M15: =F15-L15 -> 464997.95 | N15: 464998.24 | O15: 18th July 2017 | P15: CLEAR | Q15: NEFT-PNB
A16: 5th Apr 2017 | C16: Native-Advertising | E16: Komli-00215-Mar-2017 | F16: CANCELLED | G16: CANCELLED | H16: CANCELLED | L16: CANCELLED | M16: CANCELLED
A17: 31st May 2017 | C17: XANADU-Reality | D17: CPL | E17: Komli-00216-Mar-2017 | F17: =SUM(G17:H17) -> 9487.5 | G17: 8250 | H17: =G17*15% -> 1237.5 | L17: =F17*2% -> 189.75 | M17: =F17-L17 -> 9297.75 | N17: 9404 | O17: 8th Sep 2017 | P17: CLEAR | Q17: NEFT-PNB
A18: 31st May 2017 | C18: Dunkin-Donut | D18: CPV | E18: Komli-00217-May-2017 | F18: =SUM(G18:H18) -> 4473.5 | G18: 3890 | H18: =G18*15% -> 583.5 | L18: =F18*2% -> 89.47 | M18: =F18-L18 -> 4384.03 | N18: 4436 | O18: 2nd Aug 2017 | P18: CLEAR | Q18: NEFT-PNB
C19: LeEco-Mobile | E19: Komli-00218-Credit Note
C20: Credit Note | E20: Komli-00219-Credit Note
A22: Inv Date | B22: RO No | C22: Campaigns | D22: Adunit | E22: Invoice number | F22: Final Amount | G22: Invoice amt | H22: CGST 9% | I22: SGST 9% | J22: Cam End date | K22: Due date | L22: Less 2% | M22: Amt Receivable | N22: Amount Received | O22: Amt Received Date | P22: Status | Q22: Cheque No
A23: 25th Oct 2017 | C23: Udacity | D23: CPM | E23: Komli-00220-Sep-2017 | F23: =SUM(G23:I23) -> 50303.4 | G23: 42630 | H23: =G23*9% -> 3836.7 | I23: =G23*9% -> 3836.7 | L23: =G23*2% -> 852.6 | M23: =F23-L23 -> 49450.8 | N23: 458196 | O23: 17th Jan 2018
A24: 7th Dec 2017 | C24: Bloombergquint-Video | D24: CPM | E24: Komli-00221-Oct-2017 | F24: =SUM(G24:I24) -> 9622.9 | G24: 8155 | H24: =G24*9% -> 733.95 | I24: =G24*9% -> 733.95 | L24: =G24*2% -> 163.1 | M24: =F24-L24 -> 9459.8
A25: 7th Dec 2017 | C25: Tata-Motors | D25: CPR | E25: Komli-00222-Nov-2017 | F25: =SUM(G25:I25) -> 32804 | G25: 27800 | H25: =G25*9% -> 2502 | I25: =G25*9% -> 2502 | L25: =G25*2% -> 556 | M25: =F25-L25 -> 32248
C26: Native-Advertising | E26: Komli-00223-Mar-2017 | F26: =SUM(G26:I26) -> 387756.26 | G26: 328607 | H26: =G26*9% -> 29574.63 | I26: =G26*9% -> 29574.63 | L26: =G26*2% -> 6572.14 | M26: =F26-L26 -> 381184.12
A27: 8th Feb 2018 | C27: Voot | D27: CPV | E27: Komli-00224-Jan-2018 | F27: =SUM(G27:I27) -> 98445.04 | G27: 83428 | H27: =G27*9% -> 7508.52 | I27: =G27*9% -> 7508.52 | L27: =G27*2% -> 1668.56 | M27: =F27-L27 -> 96776.48 | N27: 102673 | O27: 21st Mar 2018
A28: 1st Mar 2018 | C28: Bloomer-Quint | D28: Views | E28: Komli-00225-Feb-2018 | F28: =SUM(G28:I28) -> 59575.84 | G28: 50488 | H28: =G28*9% -> 4543.92 | I28: =G28*9% -> 4543.92 | L28: =G28*2% -> 1009.76 | M28: =F28-L28 -> 58566.08 | N28: 58566 | O28: 30th Apr 2018 | P28: CLEAR | Q28: NEFT-PNB
F29: =SUM(G29:I29) -> 0 | H29: =G29*9% -> 0 | I29: =G29*9% -> 0 | L29: =G29*2% -> 0 | M29: =F29-L29 -> 0 | N29: 8250 | O29: 29th May 2018 | P29: CLEAR | Q29: NEFT-PNB
F30: =SUM(G30:I30) -> 0 | H30: =G30*9% -> 0 | I30: =G30*9% -> 0 | L30: =G30*2% -> 0 | M30: =F30-L30 -> 0
F31: =SUM(G31:I31) -> 0 | H31: =G31*9% -> 0 | I31: =G31*9% -> 0 | L31: =G31*2% -> 0 | M31: =F31-L31 -> 0
F32: =SUM(G32:I32) -> 0 | H32: =G32*9% -> 0 | I32: =G32*9% -> 0 | L32: =G32*2% -> 0 | M32: =F32-L32 -> 0
F33: =SUM(G33:I33) -> 0 | H33: =G33*9% -> 0 | I33: =G33*9% -> 0 | L33: =G33*2% -> 0 | M33: =F33-L33 -> 0
F34: =SUM(G34:I34) -> 0 | H34: =G34*9% -> 0 | I34: =G34*9% -> 0 | L34: =G34*2% -> 0 | M34: =F34-L34 -> 0
F35: =SUM(G35:I35) -> 0 | H35: =G35*9% -> 0 | I35: =G35*9% -> 0 | L35: =G35*2% -> 0 | M35: =F35-L35 -> 0
F36: =SUM(G36:I36) -> 0 | H36: =G36*9% -> 0 | I36: =G36*9% -> 0 | L36: =G36*2% -> 0 | M36: =F36-L36 -> 0
F37: =SUM(G37:I37) -> 0 | H37: =G37*9% -> 0 | I37: =G37*9% -> 0 | L37: =G37*2% -> 0 | M37: =F37-L37 -> 0
F38: =SUM(G38:I38) -> 0 | H38: =G38*9% -> 0 | I38: =G38*9% -> 0 | L38: =G38*2% -> 0 | M38: =F38-L38 -> 0
F39: =SUM(G39:I39) -> 0 | H39: =G39*9% -> 0 | I39: =G39*9% -> 0 | L39: =G39*2% -> 0 | M39: =F39-L39 -> 0
F40: =SUM(G40:I40) -> 0 | H40: =G40*9% -> 0 | I40: =G40*9% -> 0 | L40: =G40*2% -> 0 | M40: =F40-L40 -> 0
F41: =SUM(G41:I41) -> 0 | H41: =G41*9% -> 0 | I41: =G41*9% -> 0 | L41: =G41*2% -> 0 | M41: =F41-L41 -> 0
... F52: =SUM(G52:I52) -> 0 | H52: =G52*9% -> 0 | I52: =G52*9% -> 0 | L52: =G52*2% -> 0 | M52: =F52-L52 -> 0

Sheet Fork Media
A1: Inv Date | B1: RO No | C1: Campaigns | D1: Adunit | E1: Invoice number | F1: Final Amount | G1: Invoice amt | H1: ServiceTax | J1: Cam End date | K1: Due date | L1: Less 2% | M1: Amt Receivable | N1: Amount Received | O1: Amt Received Date | P1: Status | Q1: Cheque No | R1: Remarks
A2: HOME | B2: Monthwise | C2: GST - Monthwise | F2: =SUM(F3:F186) -> 6625711.2 | G2: =SUM(G3:G186) -> 5670054 | H2: =SUM(H3:H137) -> 640209.96 | L2: =SUM(L3:L186) -> 113401.08 | M2: =SUM(M3:M186) -> 6512310.1 | N2: =SUM(N3:N186) -> 6505238
A3: 20th Apr 2017 | C3: L&T MF | D3: CPL | E3: Fork Media-039-Dec-2016-L&T-MF | F3: =SUM(G3:H3) -> 2898 | G3: 2520 | H3: =G3*15% -> 378 | L3: =G3*2% -> 50.4 | M3: =F3-L3 -> 2847.6 | N3: 2849 | O3: 21st July 2017 | P3: CLEAR | Q3: NEFT-PNB
A4: 20th Apr 2017 | D4: CPL | E4: Fork Media-040-Jan-2017 | F4: =SUM(G4:H4) -> 302608.7 | G4: 263138 | H4: =G4*15% -> 39470.7 | L4: =G4*2% -> 5262.76 | M4: =F4-L4 -> 297345.94 | N4: 216395 | O4: 21st July 2017 | P4: CLEAR | Q4: NEFT-PNB
A5: 20th Apr 2017 | D5: CPL | E5: Fork Media-041-Feb-2017 | F5: =SUM(G5:H5) -> 214951.1 | G5: 186914 | H5: =G5*15% -> 28037.1 | L5: =G5*2% -> 3738.28 | M5: =F5-L5 -> 211212.82 | N5: 211214 | O5: 22nd Dec 2017 | P5: CLEAR | Q5: CLEAR
A6: 20th Apr 2017 | D6: CPL | E6: Fork Media-042-Mar-2017 | F6: =SUM(G6:H6) -> 421262.25 | G6: 366315 | H6: =G6*15% -> 54947.25 | L6: =G6*2% -> 7326.3 | M6: =F6-L6 -> 413935.95 | N6: 413937 | O6: 22nd Dec 2017 | P6: CLEAR | Q6: CLEAR
A7: 12th May 2017 | B7: * | C7: AMFI | D7: CPM | E7: Fork Media-043-Apr-2017-AMFI | F7: =SUM(G7:H7) -> 345000 | G7: 300000 | H7: =G7*15% -> 45000 | L7: =G7*2% -> 6000 | M7: =F7-L7 -> 339000 | N7: 339000 | O7: 23rd Oct 2017 | P7: CLEAR | Q7: NEFT-PNB
A8: 12th May 2017 | C8: OBV | D8: CPV | E8: Fork Media-044-Mar-2017-OBV | F8: =SUM(G8:H8) -> 70197.15 | G8: 61041 | H8: =G8*15% -> 9156.15 | L8: =G8*2% -> 1220.82 | M8: =F8-L8 -> 68976.33 | N8: 149927 | O8: 10th Aug 2017 | P8: CLEAR | Q8: NEFT-PNB
A9: 12th May 2017 | C9: Indian Express | D9: CPV | E9: Fork Media-046-Apr-2017-Indian-Express | F9: =SUM(G9:H9) -> 26278.65 | G9: 22851 | H9: =G9*15% -> 3427.65 | L9: =G9*2% -> 457.02 | M9: =F9-L9 -> 25821.63 | N9: 25822 | O9: 18th Aug 2017 | P9: CLEAR | Q9: NEFT-PNB
A10: 12th May 2017 | C10: News18 | D10: CPV | E10: Fork Media-047-Apr-2017-News18 | F10: =SUM(G10:H10) -> 32088.45 | G10: 27903 | H10: =G10*15% -> 4185.45 | L10: =G10*2% -> 558.06 | M10: =F10-L10 -> 31530.39 | N10: 31530 | O10: 18th Aug 2017 | P10: CLEAR | Q10: NEFT-PNB
A11: 12th May 2017 | C11: Hotstar IPL | D11: CPV | E11: Fork Media-048-Apr-2017-Hotstar-IPL | F11: =SUM(G11:H11) -> 765.9 | G11: 666 | H11: =G11*15% -> 99.9 | L11: =G11*2% -> 13.32 | M11: =F11-L11 -> 752.58 | N11: 752 | O11: 22nd Dec 2017 | P11: CLEAR | Q11: CLEAR
A12: 12th May 2017 | B12: * | C12: ICICI Lombard | D12: CPM | E12: Fork Media-049-Mar-2017-ICICI-Lombard | F12: =SUM(G12:H12) -> 80960 | G12: 70400 | H12: =G12*15% -> 10560 | L12: =G12*2% -> 1408 | M12: =F12-L12 -> 79552 | N12: 79552 | O12: 22nd Dec 2017 | P12: CLEAR | Q12: CLEAR
A13: 15th May 2017 | C13: Monster | D13: CPC | E13: Fork Media-051-Mar-2017-Monster | F13: =SUM(G13:H13) -> 168284.1 | G13: 146334 | H13: =G13*15% -> 21950.1 | L13: =G13*2% -> 2926.68 | M13: =F13-L13 -> 165357.42 | N13: 165358 | O13: 22nd Dec 2017 | P13: CLEAR | Q13: CLEAR
A14: 12th June 2017 | C14: Pureit | D14: CPV | E14: Fork Media-057-Mar-2017-Pureit | F14: =SUM(G14:H14) -> 119295.25 | G14: 103735 | H14: =G14*15% -> 15560.25 | L14: =G14*2% -> 2074.7 | M14: =F14-L14 -> 117220.55 | N14: 117220 | O14: 22nd Dec 2017 | P14: CLEAR | Q14: CLEAR
A15: 12th June 2017 | C15: Pureit | D15: CPV | E15: Fork Media-058-Apr-2017-Pureit | F15: =SUM(G15:H15) -> 160517 | G15: 139580 | H15: =G15*15% -> 20937 | L15: =G15*2% -> 2791.6 | M15: =F15-L15 -> 157725.4 | N15: 150939 | O15: 9th Feb 2018 | P15: CLEAR | Q15: CLEAR
A16: 12th June 2017 | C16: Pureit | D16: CPV | E16: Fork Media-059-May-2017-Pureit | F16: =SUM(G16:H16) -> 153105.25 | G16: 133135 | H16: =G16*15% -> 19970.25 | L16: =G16*2% -> 2662.7 | M16: =F16-L16 -> 150442.55 | N16: 150443 | O16: 9th Feb 2018 | P16: CLEAR | Q16: CLEAR
A17: 12th June 2017 | C17: ABP News | D17: CPV | E17: Fork Media-060-May-2017-ABP-News | F17: =SUM(G17:H17) -> 21342.85 | G17: 18559 | H17: =G17*15% -> 2783.85 | L17: =G17*2% -> 371.18 | M17: =F17-L17 -> 20971.67 | N17: 20972 | O17: 9th Feb 2018 | P17: CLEAR | Q17: CLEAR
A18: 12th June 2017 | C18: OBV | D18: CPV | E18: Fork Media-061-Apr-2017-OBV | F18: =SUM(G18:H18) -> 140168.9 | G18: 121886 | H18: =G18*15% -> 18282.9 | L18: =G18*2% -> 2437.72 | M18: =F18-L18 -> 137731.18 | N18: 137730 | O18: 9th Feb 2018 | P18: CLEAR | Q18: CLEAR
A19: 30th June 2017 | C19: One-Plus-5 | D19: CPV | E19: Fork Media-065-June-2017 | F19: =SUM(G19:H19) -> 8526.1 | G19: 7414 | H19: =G19*15% -> 1112.1 | L19: =G19*2% -> 148.28 | M19: =F19-L19 -> 8377.82 | N19: 8378 | O19: 26th JUNE 2018 | P19: CLEAR | Q19: NEFT-HDFC
A20: 30th June 2017 | C20: OBV | D20: CPUV | E20: Fork Media-066-Apr-2017 | F20: =SUM(G20:H20) -> 140168.9 | G20: 121886 | H20: =G20*15% -> 18282.9 | L20: =G20*2% -> 2437.72 | M20: =F20-L20 -> 137731.18 | N20: 137731 | O20: 26th JUNE 2018 | P20: CLEAR | Q20: NEFT-HDFC
A21: 30th June 2017 | C21: OBV | D21: CPUV | E21: Fork Media-067-May-2017 | F21: =SUM(G21:H21) -> 45193.85 | G21: 39299 | H21: =G21*15% -> 5894.85 | L21: =G21*2% -> 785.98 | M21: =F21-L21 -> 44407.87 | N21: 44408 | O21: 26th JUNE 2018 | P21: CLEAR | Q21: NEFT-HDFC
A22: 30th June 2017 | C22: ABP-News | D22: CPUV | E22: Fork Media-068-May-2017 | F22: =SUM(G22:H22) -> 21342.85 | G22: 18559 | H22: =G22*15% -> 2783.85 | L22: =G22*2% -> 371.18 | M22: =F22-L22 -> 20971.67 | N22: 20972 | O22: 26th JUNE 2018 | P22: CLEAR | Q22: NEFT-HDFC
A23: 30th June 2017 | C23: Roof-Floor | D23: CPL | E23: Fork Media-069-May-2017 | F23: =SUM(G23:H23) -> 14892.5 | G23: 12950 | H23: =G23*15% -> 1942.5 | L23: =G23*2% -> 259 | M23: =F23-L23 -> 14633.5 | N23: 14634 | O23: 26th JUNE 2018 | P23: CLEAR | Q23: NEFT-HDFC
A25: Inv Date | B25: RO No | C25: Campaigns | D25: Adunit | E25: Invoice number | F25: Final Amount | G25: Invoice amt | H25: CGST 9% | I25: SGST 9% | J25: Cam End date | K25: Due date | L25: Less 2% | M25: Amt Receivable | N25: Amount Received | O25: Amt Received Date | P25: Status | Q25: Cheque No
A26: 17th July 2017 | C26: Move-to-America | D26: CPL | E26: Fork Media-070-Jun-2017 | F26: =SUM(G26:I26) -> 18691.2 | G26: 15840 | H26: =G26*9% -> 1425.6 | I26: =G26*9% -> 1425.6 | L26: =G26*2% -> 316.8 | M26: =F26-L26 -> 18374.4 | N26: 18375 | O26: 9th Feb 2018 | P26: CLEAR | Q26: CLEAR
A27: 17th July 2017 | C27: Iwoza-GCC | D27: CPL | E27: Fork Media-071-Apr-2017 | F27: =SUM(G27:I27) -> 43188 | G27: 36600 | H27: =G27*9% -> 3294 | I27: =G27*9% -> 3294 | L27: =G27*2% -> 732 | M27: =F27-L27 -> 42456 | N27: 42456 | O27: 9th Feb 2018 | P27: CLEAR | Q27: CLEAR
A28: 17th July 2017 | C28: Droom-History | D28: CPUV | E28: Fork Media-075-May-2017 | F28: =SUM(G28:I28) -> 12307.4 | G28: 10430 | H28: =G28*9% -> 938.7 | I28: =G28*9% -> 938.7 | L28: =G28*2% -> 208.6 | M28: =F28-L28 -> 12098.8 | N28: 12099 | O28: 9th Feb 2018 | P28: CLEAR | Q28: CLEAR
A29: 17th July 2017 | C29: Iwoza-GCC | D29: CPL | E29: Fork Media-076-May-2017 | F29: =SUM(G29:I29) -> 30444 | G29: 25800 | H29: =G29*9% -> 2322 | I29: =G29*9% -> 2322 | L29: =G29*2% -> 516 | M29: =F29-L29 -> 29928 | N29: 29928 | O29: 9th Feb 2018 | P29: CLEAR | Q29: CLEAR
A30: 17th July 2017 | C30: 70-Trade-Malaysia | D30: CPL | E30: Fork Media-077-May-2017 | F30: =SUM(G30:I30) -> 1416 | G30: 1200 | H30: =G30*9% -> 108 | I30: =G30*9% -> 108 | L30: =G30*2% -> 24 | M30: =F30-L30 -> 1392 | N30: 1392 | O30: 9th Feb 2018 | P30: CLEAR | Q30: CLEAR
A31: 17th July 2017 | C31: India-Rewards | D31: CPL | E31: Fork Media-078-May-2017 | F31: =SUM(G31:I31) -> 298.54 | G31: 253 | H31: =G31*9% -> 22.77 | I31: =G31*9% -> 22.77 | L31: =G31*2% -> 5.06 | M31: =F31-L31 -> 293.48 | N31: 294 | O31: 9th Feb 2018 | P31: CLEAR | Q31: CLEAR
A32: 17th July 2017 | C32: Pureit | D32: CPV | E32: Fork Media-079-June-2017 | F32: =SUM(G32:I32) -> 479764.4 | G32: 406580 | H32: =G32*9% -> 36592.2 | I32: =G32*9% -> 36592.2 | L32: =G32*2% -> 8131.6 | M32: =F32-L32 -> 471632.8 | N32: 471632 | O32: 5th Mar 2018 | P32: CLEAR | Q32: CLEAR
A33: 17th July 2017 | C33: Orion-Code | D33: CPL | E33: Fork Media-080-June-2017 | F33: =SUM(G33:I33) -> 2950 | G33: 2500 | H33: =G33*9% -> 225 | I33: =G33*9% -> 225 | L33: =G33*2% -> 50 | M33: =F33-L33 -> 2900 | N33: 2900 | O33: 5th Mar 2018 | P33: CLEAR | Q33: CLEAR
A34: 17th July 2017 | C34: Quantum-Code | D34: CPL | E34: Fork Media-081-June-2017 | F34: =SUM(G34:I34) -> 2950 | G34: 2500 | H34: =G34*9% -> 225 | I34: =G34*9% -> 225 | L34: =G34*2% -> 50 | M34: =F34-L34 -> 2900 | N34: 2900 | O34: 5th Mar 2018 | P34: CLEAR | Q34: CLEAR
A35: 17th July 2017 | C35: Iphone-7-Australia | D35: CPL | E35: Fork Media-082-May-2017 | F35: =SUM(G35:I35) -> 566.4 | G35: 480 | H35: =G35*9% -> 43.2 | I35: =G35*9% -> 43.2 | L35: =G35*2% -> 9.6 | M35: =F35-L35 -> 556.8 | N35: 556 | O35: 5th Mar 2018 | P35: CLEAR | Q35: CLEAR
A36: 17th July 2017 | C36: 70-Trade-Malaysia | D36: CPL | E36: Fork Media-083-June-2017 | F36: =SUM(G36:I36) -> 33040 | G36: 28000 | H36: =G36*9% -> 2520 | I36: =G36*9% -> 2520 | L36: =G36*2% -> 560 | M36: =F36-L36 -> 32480 | N36: 32480 | O36: 5th Mar 2018 | P36: CLEAR | Q36: CLEAR
A37: 8th Aug 2017 | C37: Pureit | D37: CPV | E37: Fork Media-084-July-2017 | F37: =SUM(G37:I37) -> 44533.2 | G37: 37740 | H37: =G37*9% -> 3396.6 | I37: =G37*9% -> 3396.6 | L37: =G37*2% -> 754.8 | M37: =F37-L37 -> 43778.4 | N37: 43779 | O37: 5th Mar 2018 | P37: CLEAR | Q37: CLEAR
... A46: 9th Oct 2017 | C46: Firstpost | D46: CPUV | E46: Fork Media-097-Sep-2017 | F46: =SUM(G46:I46) -> 149254.66 | G46: 126487 | H46: =G46*9% -> 11383.83 | I46: =G46*9% -> 11383.83 | L46: =G46*2% -> 2529.74 | M46: =F46-L46 -> 146724.92 | N46: 146725 | O46: 5th Mar 2018 | P46: CLEAR | Q46: CLEAR
A47: 9th Oct 2017 | C47: ABP-News-Marathi-Desktop | D47: CPUV | E47: Fork Media-098-Sep-2017 | F47: =SUM(G47:I47) -> 213391.2 | G47: 180840 | H47: =G47*9% -> 16275.6 | I47: =G47*9% -> 16275.6 | L47: =G47*2% -> 3616.8 | M47: =F47-L47 -> 209774.4 | N47: 209775 | P47: CLEAR | Q47: Against Skype INV
A48: 9th Oct 2017 | C48: IFFCO-Bazaar-Quiz | D48: CPR | E48: Fork Media-099-Sep-2017 | F48: =SUM(G48:I48) -> 424.8 | G48: 360 | H48: =G48*9% -> 32.4 | I48: =G48*9% -> 32.4 | L48: =G48*2% -> 7.2 | M48: =F48-L48 -> 417.6 | N48: 417 | O48: 5th Mar 2018 | P48: CLEAR | Q48: CLEAR
A49: 11th Oct 2017 | B49: * | C49: Air-India | D49: CPM | E49: Fork Media-100-Oct-2017 | F49: =SUM(G49:I49) -> 185850 | G49: 157500 | H49: =G49*9% -> 14175 | I49: =G49*9% -> 14175 | L49: =G49*2% -> 3150 | M49: =F49-L49 -> 182700 | N49: 182700 | P49: CLEAR | Q49: Against Skype INV
A50: 16th Oct 2017 | C50: Europe-Trade | D50: CPL | E50: Fork Media-101-Aug-2017 | F50: =SUM(G50:I50) -> 15930 | G50: 13500 | H50: =G50*9% -> 1215 | I50: =G50*9% -> 1215 | L50: =G50*2% -> 270 | M50: =F50-L50 -> 15660 | N50: 15660 | P50: CLEAR | Q50: Against Skype INV
A51: 8th Nov 2017 | B51: * | C51: HasBro | D51: CPM | E51: Fork Media-102-Oct-2017 | F51: =SUM(G51:I51) -> 99120 | G51: 84000 | H51: =G51*9% -> 7560 | I51: =G51*9% -> 7560 | L51: =G51*2% -> 1680 | M51: =F51-L51 -> 97440 | N51: 97152 | O51: 17th Apr 2018 | P51: CLEAR | Q51: Against Skype INV | S51: 8701 | T51: =M51-N51 -> 288
A52: 8th Nov 2017 | B52: * | C52: ICICI-Bank-Personal-Loan | D52: CPM | E52: Fork Media-103-Oct-2017 | F52: =SUM(G52:I52) -> 85817.86 | G52: 72727 | H52: =G52*9% -> 6545.43 | I52: =G52*9% -> 6545.43 | L52: =G52*2% -> 1454.54 | M52: =F52-L52 -> 84363.32 | N52: 84362 | O52: 17th Apr 2018 | P52: CLEAR | Q52: CLEAR
A53: 9th Nov 2017 | C53: Dr-lalpath-labs | D53: CPC | E53: Fork Media-106-Aug-2017 | F53: =SUM(G53:I53) -> 7670 | G53: 6500 | H53: =G53*9% -> 585 | I53: =G53*9% -> 585 | L53: =G53*2% -> 130 | M53: =F53-L53 -> 7540 | N53: 7540 | O53: 17th Apr 2018 | P53: CLEAR | Q53: CLEAR | S53: =SUM(S51+N51) -> 105853
A54: 9th Nov 2017 | C54: Move-to-America | D54: CPL | E54: Fork Media-107-Sep-2017 | F54: =SUM(G54:I54) -> 23623.6 | G54: 20020 | H54: =G54*9% -> 1801.8 | I54: =G54*9% -> 1801.8 | L54: =G54*2% -> 400.4 | M54: =F54-L54 -> 23223.2 | N54: 23224 | O54: 17th Apr 2018 | P54: CLEAR | Q54: CLEAR
A55: 30th Nov 2017 | B55: * | C55: Canon-Lens | D55: CPM | E55: Fork Media-109-Nov-2017 | F55: =SUM(G55:I55) -> 118000 | G55: 100000 | H55: =G55*9% -> 9000 | I55: =G55*9% -> 9000 | L55: =G55*2% -> 2000 | M55: =F55-L55 -> 116000 | N55: 116000 | O55: 27th Sep 2018 | P55: CLEAR | Q55: 2709
A56: 30th Nov 2017 | C56: ABP-Poll-Mobile+Desktop | D56: CPUV | E56: Fork Media-110-Nov-2017 | F56: =SUM(G56:I56) -> 17533.62 | G56: 14859 | H56: =G56*9% -> 1337.31 | I56: =G56*9% -> 1337.31 | L56: =G56*2% -> 297.18 | M56: =F56-L56 -> 17236.44 | N56: 17236 | O56: 17th Apr 2018 | P56: CLEAR | Q56: CLEAR
A57: 30th Nov 2017 | C57: Godrej-Emerald | D57: CPL | E57: Fork Media-111-Sep-2017 | F57: =SUM(G57:I57) -> 2832 | G57: 2400 | H57: =G57*9% -> 216 | I57: =G57*9% -> 216 | L57: =G57*2% -> 48 | M57: =F57-L57 -> 2784 | N57: 2784 | O57: 17th Apr 2018 | P57: CLEAR | Q57: CLEAR
A58: 30th Nov 2017 | C58: Firstpost | D58: CPUV | E58: Fork Media-112-Nov-2017 | F58: =SUM(G58:I58) -> 66417.48 | G58: 56286 | H58: =G58*9% -> 5065.74 | I58: =G58*9% -> 5065.74 | L58: =G58*2% -> 1125.72 | M58: =F58-L58 -> 65291.76 | N58: 65292 | O58: 17th Apr 2018 | P58: CLEAR | Q58: CLEAR
A59: 9th Jan 2018 | B59: FMIS/17-18/008 | C59: Capital-Pre-Roll | D59: CPM | E59: Fork Media-113-Nov-2017 | F59: =SUM(G59:I59) -> 97350 | G59: 82500 | H59: =G59*9% -> 7425 | I59: =G59*9% -> 7425 | L59: =G59*2% -> 1650 | M59: =F59-L59 -> 95700 | N59: 95700 | O59: 27th Sep 2018 | P59: CLEAR | Q59: 2709
A60: 9th Jan 2018 | B60: FMRO/0060/17-18 | C60: Canon-H2 | D60: CPM | E60: Fork Media-114-Nov-2017 | F60: =SUM(G60:I60) -> 118000 | G60: 100000 | H60: =G60*9% -> 9000 | I60: =G60*9% -> 9000 | L60: =G60*2% -> 2000 | M60: =F60-L60 -> 116000 | N60: 116000 | O60: 27th Sep 2018 | P60: CLEAR | Q60: 2709
A61: 9th Jan 2018 | B61: FMRO/0250/17-18 | C61: AMFI | D61: CPM | E61: Fork Media-115-Dec-2017 | F61: =SUM(G61:I61) -> 268182.14 | G61: 227273 | H61: =G61*9% -> 20454.57 | I61: =G61*9% -> 20454.57 | L61: =G61*2% -> 4545.46 | M61: =F61-L61 -> 263636.68 | N61: 263637 | O61: 2nd Nov 2018 | P61: CLEAR | Q61: 2711
A62: 9th Jan 2018 | B62: FMIS/17-18/008 | C62: Retargeting-Barnardo | D62: CPM | E62: Fork Media-116-Nov-2017 | F62: =SUM(G62:I62) -> 17700 | G62: 15000 | H62: =G62*9% -> 1350 | I62: =G62*9% -> 1350 | L62: =G62*2% -> 300 | M62: =F62-L62 -> 17400 | N62: 17400 | O62: 27th Sep 2018 | P62: CLEAR | Q62: 2709
A63: 9th Jan 2018 | B63: FMIS/17-18/008 | C63: Barnardo | D63: CPM | E63: Fork Media-117-Nov-2017 | F63: =SUM(G63:I63) -> 72275 | G63: 61250 | H63: =G63*9% -> 5512.5 | I63: =G63*9% -> 5512.5 | L63: =G63*2% -> 1225 | M63: =F63-L63 -> 71050 | N63: 71051 | O63: 27th Sep 2018 | P63: CLEAR | Q63: 2709
A64: 9th Jan 2018 | C64: Huggies | D64: CPL | E64: Fork Media-118-Dec-2017 | F64: =SUM(G64:I64) -> 181059.2 | G64: 153440 | H64: =G64*9% -> 13809.6 | I64: =G64*9% -> 13809.6 | L64: =G64*2% -> 3068.8 | M64: =F64-L64 -> 177990.4 | N64: 177990 | O64: 28th Nov 2018 | P64: CLEAR | Q64: 2712
A65: 15th Jan 2018 | C65: ABP-News-Hindi-Reg-Mob+Desk | D65: CPUV | E65: Fork Media-119-Dec-2017 | F65: =SUM(G65:I65) -> 70867.26 | G65: 60057 | H65: =G65*9% -> 5405.13 | I65: =G65*9% -> 5405.13 | L65: =G65*2% -> 1201.14 | M65: =F65-L65 -> 69666.12 | N65: 69666 | O65: 2nd Nov 2018 | P65: CLEAR | Q65: 2711
A66: 15th Jan 2018 | C66: ABP-News-Hindi-Mob+Desk | D66: CPUV | E66: Fork Media-120-Dec-2017 | F66: =SUM(G66:I66) -> 129475.5 | G66: 109725 | H66: =G66*9% -> 9875.25 | I66: =G66*9% -> 9875.25 | L66: =G66*2% -> 2194.5 | M66: =F66-L66 -> 127281 | N66: 127281 | O66: 28th Nov 2018 | P66: CLEAR | Q66: 2712
A67: 15th Jan 2018 | C67: AnandaBazaar-Patrika-Mob+Desk | D67: CPUV | E67: Fork Media-121-Dec-2017 | F67: =SUM(G67:I67) -> 16971.94 | G67: 14383 | H67: =G67*9% -> 1294.47 | I67: =G67*9% -> 1294.47 | L67: =G67*2% -> 287.66 | M67: =F67-L67 -> 16684.28 | N67: 16684 | O67: 28th Nov 2018 | P67: CLEAR | Q67: 2712
A68: 15th Jan 2018 | C68: Firstpost-Tech | D68: CPUV | E68: Fork Media-122-Dec-2017 | F68: =SUM(G68:I68) -> 72667.94 | G68: 61583 | H68: =G68*9% -> 5542.47 | I68: =G68*9% -> 5542.47 | L68: =G68*2% -> 1231.66 | M68: =F68-L68 -> 71436.28 | N68: 71436 | O68: 2nd Nov 2018 | P68: CLEAR | Q68: 2711
A69: 15th Jan 2018 | C69: Firstpost | D69: CPUV | E69: Fork Media-123-Dec-2017 | F69: =SUM(G69:I69) -> 22402.3 | G69: 18985 | H69: =G69*9% -> 1708.65 | I69: =G69*9% -> 1708.65 | L69: =G69*2% -> 379.7 | M69: =F69-L69 -> 22022.6 | N69: 22023 | O69: 28th Nov 2018 | P69: CLEAR | Q69: 2712
A70: 12th Feb 2018 | C70: AMFI-Bengali+Malayalam | D70: CPM | E70: Fork Media-124-Jan-2018 | F70: =SUM(G70:I70) -> 536363.1 | G70: 454545 | H70: =G70*9% -> 40909.05 | I70: =G70*9% -> 40909.05 | L70: =G70*2% -> 9090.9 | M70: =F70-L70 -> 527272.2 | N70: 527272 | O70: 28th Dec 2018 | P70: CLEAR | Q70: 2713
A71: 12th Feb 2018 | C71: NIIT-Diginxt | D71: CPL | E71: Fork Media-125-Nov-2017 | F71: =SUM(G71:I71) -> 584.1 | G71: 495 | H71: =G71*9% -> 44.55 | I71: =G71*9% -> 44.55 | L71: =G71*2% -> 9.9 | M71: =F71-L71 -> 574.2 | N71: 574 | O71: 29th Jan 2019 | P71: CLEAR | Q71: 2714
A72: 12th Feb 2018 | C72: Reliance-General-Insurance | D72: CPL | E72: Fork Media-126-Dec-2017 | F72: =SUM(G72:I72) -> 1534 | G72: 1300 | H72: =G72*9% -> 117 | I72: =G72*9% -> 117 | L72: =G72*2% -> 26 | M72: =F72-L72 -> 1508 | N72: 1508 | O72: 29th Jan 2019 | P72: CLEAR | Q72: 2714
A73: 12th Feb 2018 | C73: Huggies-Registration | D73: CPL | E73: Fork Media-127-Jan-2018 | F73: =SUM(G73:I73) -> 64345.4 | G73: 54530 | H73: =G73*9% -> 4907.7 | I73: =G73*9% -> 4907.7 | L73: =G73*2% -> 1090.6 | M73: =F73-L73 -> 63254.8 | N73: 63255 | O73: 28th Nov 2018 | P73: CLEAR | Q73: 2712
A74: 23rd Feb 2018 | C74: VIVO-IPL | D74: CPL | E74: Fork Media-128-Jan-2018 | F74: =SUM(G74:I74) -> 46784.64 | G74: 39648 | H74: =G74*9% -> 3568.32 | I74: =G74*9% -> 3568.32 | L74: =G74*2% -> 792.96 | M74: =F74-L74 -> 45991.68 | N74: 45992 | O74: 29th Jan 2019 | P74: CLEAR | Q74: 2714
A75: 23rd Feb 2018 | C75: AnandBazar-Desktop | D75: CPUV | E75: Fork Media-129-Jan-2018 | F75: =SUM(G75:I75) -> 496.78 | G75: 421 | H75: =G75*9% -> 37.89 | I75: =G75*9% -> 37.89 | L75: =G75*2% -> 8.42 | M75: =F75-L75 -> 488.36 | N75: 488 | O75: 29th Jan 2019 | P75: CLEAR | Q75: 2714
... A80: 28th Mar 2018 | C80: News18 | D80: CPUV | E80: Fork Media-134-Feb-2018 | F80: =SUM(G80:I80) -> 25195.36 | G80: 21352 | H80: =G80*9% -> 1921.68 | I80: =G80*9% -> 1921.68 | L80: =G80*2% -> 427.04 | M80: =F80-L80 -> 24768.32 | N80: 24768 | O80: 29th Jan 2019 | P80: CLEAR | Q80: 2714
F81: =SUM(G81:I81) -> 0 | H81: =G81*9% -> 0 | I81: =G81*9% -> 0 | L81: =G81*2% -> 0 | M81: =F81-L81 -> 0
F82: =SUM(G82:I82) -> 0 | H82: =G82*9% -> 0 | I82: =G82*9% -> 0 | L82: =G82*2% -> 0 | M82: =F82-L82 -> 0
F83: =SUM(G83:I83) -> 0 | H83: =G83*9% -> 0 | I83: =G83*9% -> 0 | L83: =G83*2% -> 0 | M83: =F83-L83 -> 0
F84: =SUM(G84:I84) -> 0 | H84: =G84*9% -> 0 | I84: =G84*9% -> 0 | L84: =G84*2% -> 0 | M84: =F84-L84 -> 0

Sheet Fork GCC
A1: Inv Date | B1: RO No | C1: Campaigns | D1: Adunit | E1: Invoice number | F1: Final Amount | G1: Invoice amt | H1: Cam End date | I1: Due date | J1: Less 2% | K1: Amt Receivable | L1: Amount Received | M1: Amt Received Date | N1: Status | O1: Cheque No
A2: HOME | B2: Monthwise | C2: GST - Monthwise | F2: =SUM(F3:F182) -> 721767.84 | G2: =SUM(G3:G182) -> 369609.98 | J2: =SUM(J3:J182) -> 0 | K2: =SUM(K3:K182) -> 721767.84 | L2: =SUM(L3:L182) -> 726520.57
A3: 12th May 2017 | C3: Chevrolet | D3: CPC | E3: Fork Media-045-Apr-2017-Chevrolet | F3: =SUM(G3:G3) -> 103220.48 | G3: =1612.82*64 -> 103220.48 | K3: =F3-J3 -> 103220.48 | L3: 101030 | M3: 16th Aug 2017 | N3: CLEAR | O3: NEFT-PNB
A4: 17th July 2017 | C4: CitiBank-GCC | D4: CPL | E4: Fork Media-072-Apr-2017 | F4: =SUM(G4:G4) -> 12620.07 | G4: =195.66*64.5 -> 12620.07 | J4: 0 | K4: =F4-J4 -> 12620.07 | L4: 117984 | M4: 16th Feb 2018 | N4: CLEAR | O4: NEFT-PNB
A5: 17th July 2017 | C5: Toyota-Dubai-GCC | D5: CPL | E5: Fork Media-073-Apr-2017 | F5: =SUM(G5:G5) -> 109424.25 | G5: =1696.5*64.5 -> 109424.25 | J5: 0 | K5: =F5-J5 -> 109424.25
A6: 17th July 2017 | C6: Nissan-Dubai-GCC | D6: CPL | E6: Fork Media-074-Jun-2017 | F6: =SUM(G6:G6) -> 33534 | G6: =496.8*67.5 -> 33534 | J6: 0 | K6: =F6-J6 -> 33534 | N6: CLEAR | O6: NEFT-PNB
A7: 19th Sep 2017 | C7: Nissan Dubai | D7: CPL | E7: Fork Media-092-Jul-2017 | F7: =SUM(G7:G7) -> 14414.112 | G7: =224.1*64.32 -> 14414.112 | J7: 0 | K7: =F7-J7 -> 14414.112 | M7: 4th Dec 2017 | N7: CLEAR | O7: NEFT-PNB
A8: 19th Sep 2017 | C8: Volvo V40 UAE | D8: CPL | E8: Fork Media-093-Jul-2017 | F8: =SUM(G8:G8) -> 1300.5504 | G8: =20.22*64.32 -> 1300.5504 | J8: 0 | K8: =F8-J8 -> 1300.5504 | M8: 4th Dec 2017 | N8: CLEAR | O8: NEFT-PNB
A9: 19th Sep 2017 | C9: Volvo S90 UAE | D9: CPL | E9: Fork Media-094-Jul-2017 | F9: =SUM(G9:G9) -> 1950.8256 | G9: =30.33*64.32 -> 1950.8256 | J9: 0 | K9: =F9-J9 -> 1950.8256 | M9: 4th Dec 2017 | N9: CLEAR | O9: NEFT-PNB
A10: 19th Sep 2017 | C10: Nissan Dubai | D10: CPL | E10: Fork Media-095-Aug-2017 | F10: =SUM(G10:G10) -> 30429.792 | G10: =473.1*64.32 -> 30429.792 | J10: 0 | K10: =F10-J10 -> 30429.792 | L10: 48144 | M10: 4th Dec 2017 | N10: CLEAR | O10: NEFT-PNB
A11: 9th Nov 2017 | C11: Volvo-V40-UAE-GCC | D11: CPL | E11: Fork Media-104-Aug-2017 | F11: =SUM(G11:G11) -> 17920 | G11: =280*64 -> 17920 | J11: 0 | K11: =F11-J11 -> 17920 | L11: 57905 | M11: 5th Mar 2018 | N11: CLEAR | O11: NEFT-PNB
A12: 9th Nov 2017 | C12: Volvo-S90-UAE-GCC | D12: CPL | E12: Fork Media-105-Aug-2017 | F12: =SUM(G12:G12) -> 9600 | G12: =150*64 -> 9600 | J12: 0 | K12: =F12-J12 -> 9600 | N12: CLEAR | O12: NEFT-PNB
A13: 9th Nov 2017 | C13: Nissan-Dubai-GCC | D13: CPL | E13: Fork Media-108-Oct-2017 | F13: =SUM(G13:G13) -> 29792 | G13: =465.5*64 -> 29792 | J13: 0 | K13: =F13-J13 -> 29792 | N13: CLEAR | O13: NEFT-PNB
A14: 15th Jan 2018 | B14: 9.45 | C14: Bupa-Dubai | D14: CPL | E14: Fork Media-GCC-001-Nov-2017 | F14: =G14*64 -> 16934.4 | G14: =28*B14 -> 264.6 | K14: =F14 -> 16934.4
A15: 15th Jan 2018 | B15: 10.25 | C15: Al-Zahia-UAE | D15: CPL | E15: Fork Media-GCC-002-Nov-2017 | F15: =G15*64 -> 20992 | G15: =32*B15 -> 328 | K15: =F15 -> 20992
A16: 12th Feb 2018 | B16: 3.9 | C16: Central-Park | D16: CPM | E16: Fork Media-GCC-003-Dec-2017 | F16: =G16*64 -> 29373.178 | G16: =117681/1000*B16 -> 458.9559 | K16: =F16 -> 29373.178
A17: 12th Feb 2018 | B17: 12.45 | C17: Nissan-Dubai | D17: CPL | E17: Fork Media-GCC-004-Dec-2017 | F17: =G17*64 -> 28684.8 | G17: =36*B17 -> 448.2 | K17: =F17 -> 28684.8 | L17: 99137.57 | M17: 11th May 2018 | N17: CLEAR | O17: NEFT-PNB
A18: 28th Mar 2018 | B18: 0 | C18: VARIOUS CPL | D18: CPL | E18: Fork Media-GCC-005-Feb-2018 | F18: =G18*67 -> 261577.38 | G18: 3904.14 | K18: =F18 -> 261577.38 | L18: 128986 | M18: 14th June 2018 | N18: CLEAR | O18: NEFT-PNB
B19: 0 | K19: =F19 -> 0 | L19: 173334 | N19: CLEAR | O19: NEFT-PNB

Sheet SPID
A1: Inv Date | B1: RO No | C1: Campaigns | D1: Adunit | E1: Invoice number | F1: Final Amount | G1: Invoice amt | H1: ServiceTax | I1: Cam End date | J1: Due date | K1: Less 2% | L1: Amt Receivable | M1: Amount Received | N1: Amt Received Date | O1: Status | P1: Cheque No | Q1: Remarks
A2: HOME | B2: Monthwise | C2: GST - Monthwise | F2: =SUM(F3:F134) -> 2789778.7 | G2: =SUM(G3:G134) -> 2375423 | H2: =SUM(H3:H85) -> 414355.74 | K2: =SUM(K3:K134) -> 47508.46 | L2: =SUM(L3:L134) -> 2742270.3 | M2: =SUM(M3:M134) -> 1479471
A4: 15th May 2017 | C4: ICICI Lombard | D4: CPM | E4: Fork Media-050-Apr-2017-ICICI-Lombard | F4: =SUM(G4:H4) -> 235031.25 | G4: 204375 | H4: =G4*15% -> 30656.25 | K4: =G4*2% -> 4087.5 | L4: =F4-K4 -> 230943.75 | M4: 230944 | O4: CLEAR | P4: 000240
A5: 12th June 2017 | B5: Spid/565/May17 | C5: BITS Pilani | D5: CPC | E5: Fork Media-052-May-2017-BITS-Pilani | F5: =SUM(G5:H5) -> 23000 | G5: 20000 | H5: =G5*15% -> 3000 | K5: =G5*2% -> 400 | L5: =F5-K5 -> 22600 | M5: 22600 | O5: CLEAR | P5: 000240
A6: 12th June 2017 | B6: Spid/572/May17 | C6: BITS Pilani | D6: CPC | E6: Fork Media-053-May-2017-BITS-Pilani | F6: =SUM(G6:H6) -> 73600 | G6: 64000 | H6: =G6*15% -> 9600 | K6: =G6*2% -> 1280 | L6: =F6-K6 -> 72320 | M6: 72320 | O6: CLEAR | P6: 000240
A7: 12th June 2017 | B7: Spid/573/June17 | C7: BITS Pilani | D7: CPC | E7: Fork Media-054-June-2017-BITS-Pilani | F7: =SUM(G7:H7) -> 18400 | G7: 16000 | H7: =G7*15% -> 2400 | K7: =G7*2% -> 320 | L7: =F7-K7 -> 18080 | M7: 18080 | O7: CLEAR | P7: 000240
A8: 12th June 2017 | B8: Spid/592/June17 | C8: MasterCard | D8: CPC | E8: Fork Media-055-June-2017-MasterCard | F8: =SUM(G8:H8) -> 552 | G8: 480 | H8: =G8*15% -> 72 | K8: =G8*2% -> 9.6 | L8: =F8-K8 -> 542.4 | M8: 541 | O8: CLEAR | P8: 000240
A9: 12th June 2017 | B9: Spid/570/May17 | C9: Airtel International | D9: CPM | E9: Fork Media-056-May-2017-Airtel-International | F9: =SUM(G9:H9) -> 57501.15 | G9: 50001 | H9: =G9*15% -> 7500.15 | K9: =G9*2% -> 1000.02 | L9: =F9-K9 -> 56501.13 | M9: 56501 | N9: 26th Oct 2018 | O9: CLEAR | P9: NEFT-PNB
A10: 30th June 2017 | B10: Spid/576/June17 | C10: Citibank-Geo-Fencing | D10: CPM | E10: Fork Media-062-June-2017 | F10: =SUM(G10:H10) -> 68130.6 | G10: 59244 | H10: =G10*15% -> 8886.6 | K10: =G10*2% -> 1184.88 | L10: =F10-K10 -> 66945.72 | M10: 66945 | N10: 28th Dec 2017 | P10: 000248
A11: 30th June 2017 | B11: Spid/591/June17 | C11: Airtel International | D11: CPM | E11: Fork Media-063-June-2017 | F11: =SUM(G11:H11) -> 28750 | G11: 25000 | H11: =G11*15% -> 3750 | K11: =G11*2% -> 500 | L11: =F11-K11 -> 28250 | M11: 28250 | P11: 000248
A12: 30th June 2017 | B12: Spid/601/June17 | C12: Mastercard | D12: CPC | E12: Fork Media-064-June-2017 | F12: =SUM(G12:H12) -> 1817 | G12: 1580 | H12: =G12*15% -> 237 | K12: =G12*2% -> 31.6 | L12: =F12-K12 -> 1785.4 | M12: 1785 | P12: 000248
A14: Inv Date | B14: RO No | C14: Campaigns | D14: Adunit | E14: Invoice number | F14: Final Amount | G14: Invoice amt | H14: IGST 18% | I14: Cam End date | J14: Due date | K14: Less 2% | L14: Amt Receivable | M14: Amount Received | N14: Amt Received Date | O14: Status | P14: Cheque No
A15: 1st Aug 2017 | B15: Spid/604/July17 | C15: NAC Jewellers | D15: CPM | E15: Spid-001-Jul-2017 | F15: =SUM(G15:H15) -> 94400 | G15: 80000 | H15: =G15*18% -> 14400 | K15: =G15*2% -> 1600 | L15: =F15-K15 -> 92800 | M15: 92800 | N15: 26th Oct 2018 | O15: CLEAR | P15: NEFT-PNB
A16: 1st Aug 2017 | B16: Spid/611/July17 | C16: NAC Jewellers | D16: CPM | E16: Spid-002-Jul-2017 | F16: =SUM(G16:H16) -> 9440 | G16: 8000 | H16: =G16*18% -> 1440 | K16: =G16*2% -> 160 | L16: =F16-K16 -> 9280 | M16: 9280 | N16: 26th Oct 2018 | O16: CLEAR | P16: NEFT-PNB
A17: 1st Aug 2017 | B17: Spid/607/July17 | C17: Airtel | D17: CPM | E17: Spid-003-Jul-2017 | F17: =SUM(G17:H17) -> 82600 | G17: 70000 | H17: =G17*18% -> 12600 | K17: =G17*2% -> 1400 | L17: =F17-K17 -> 81200 | M17: 81200 | N17: 26th Oct 2018 | O17: CLEAR | P17: NEFT-PNB
A18: 1st Aug 2017 | B18: Spid/614/July17 | C18: Giftex | D18: CPC | E18: Spid-004-Jul-2017 | F18: =SUM(G18:H18) -> 29500 | G18: 25000 | H18: =G18*18% -> 4500 | K18: =G18*2% -> 500 | L18: =F18-K18 -> 29000 | M18: 29000 | N18: 26th Oct 2018 | O18: CLEAR | P18: NEFT-PNB
A19: 31st Aug 2017 | B19: Spid/618/Aug17 | C19: Citi Geo Fencing | D19: CPM | E19: Spid-005-Aug-2017 | F19: =SUM(G19:H19) -> 29500 | G19: 25000 | H19: =G19*18% -> 4500 | K19: =G19*2% -> 500 | L19: =F19-K19 -> 29000 | M19: 29000 | P19: 000248
A20: 31st Aug 2017 | B20: Spid/620/Aug17 | C20: Amex | D20: CPM | E20: Spid-006-Aug-2017 | F20: =SUM(G20:H20) -> 53100 | G20: 45000 | H20: =G20*18% -> 8100 | K20: =G20*2% -> 900 | L20: =F20-K20 -> 52200 | M20: 52200 | P20: 000248
A21: 31st Aug 2017 | B21: Spid/619/Aug17 | C21: Coverfox | D21: CPC | E21: Spid-007-Aug-2017 | F21: =SUM(G21:H21) -> 17341.28 | G21: 14696 | H21: =G21*18% -> 2645.28 | K21: =G21*2% -> 293.92 | L21: =F21-K21 -> 17047.36 | M21: 17047 | P21: 000248
A22: 31st Aug 2017 | B22: Spid/625/Aug17 | C22: Panvelkar | D22: CPM | E22: Spid-008-Aug-2017 | F22: =SUM(G22:H22) -> 16284 | G22: 13800 | H22: =G22*18% -> 2484 | K22: =G22*2% -> 276 | L22: =F22-K22 -> 16008 | M22: 16008 | P22: 000248
A23: 31st Aug 2017 | B23: Spid/621/Aug17 | C23: Lufthansa | D23: CPM | E23: Spid-009-Aug-2017 | F23: =SUM(G23:H23) -> 5698.22 | G23: 4829 | H23: =G23*18% -> 869.22 | K23: =G23*2% -> 96.58 | L23: =F23-K23 -> 5601.64 | M23: 5601 | P23: 000248
A24: 28th Sep 2017 | B24: Spid/626/Sep17 | C24: Panvelkar | D24: CPM | E24: Spid-010-Sep-2017 | F24: =SUM(G24:H24) -> 3777.18 | G24: 3201 | H24: =G24*18% -> 576.18 | J24: 43027 | K24: =G24*2% -> 64.02 | L24: =F24-K24 -> 3713.16 | M24: 3713 | N24: 26th Oct 2018 | O24: CLEAR | P24: NEFT-PNB
A25: 28th Sep 2017 | B25: Spid/631/Sep17 | C25: Michelin | D25: CPM | E25: Spid-011-Sep-2017 | F25: =SUM(G25:H25) -> 5782 | G25: 4900 | H25: =G25*18% -> 882 | J25: 43042 | K25: =G25*2% -> 98 | L25: =F25-K25 -> 5684 | M25: 5684 | N25: 26th Oct 2018 | O25: CLEAR | P25: NEFT-PNB
A26: 28th Sep 2017 | B26: Spid/632/Sep17 | C26: JK Tyres | D26: CPM | E26: Spid-012-Sep-2017 | F26: =SUM(G26:H26) -> 17700 | G26: 15000 | H26: =G26*18% -> 2700 | J26: 43045 | K26: =G26*2% -> 300 | L26: =F26-K26 -> 17400 | M26: 17400 | N26: 26th Oct 2018 | O26: CLEAR | P26: NEFT-PNB
A27: 30th Sep 2017 | B27: Spid/633/Sep17 | C27: Vodafone | D27: CPM | E27: Spid-013-Sep-2017 | F27: =SUM(G27:H27) -> 26550 | G27: 22500 | H27: =G27*18% -> 4050 | K27: =G27*2% -> 450 | L27: =F27-K27 -> 26100 | M27: 26100 | N27: 7th Feb 2018 | O27: CLEAR | P27: NEFT-PNB
A28: 30th Sep 2017 | B28: Spid/635/Sep17 | C28: Airtel - 1 | D28: CPM | E28: Spid-014-Sep-2017 | F28: =SUM(G28:H28) -> 8496 | G28: 7200 | H28: =G28*18% -> 1296 | K28: =G28*2% -> 144 | L28: =F28-K28 -> 8352 | M28: 8352 | N28: 7th Feb 2018 | O28: CLEAR | P28: NEFT-PNB
A29: 30th Sep 2017 | B29: Spid/634/Sep17 | C29: Airtel | D29: CPM | E29: Spid-015-Sep-2017 | F29: =SUM(G29:H29) -> 67968 | G29: 57600 | H29: =G29*18% -> 10368 | K29: =G29*2% -> 1152 | L29: =F29-K29 -> 66816 | M29: 66816 | N29: 7th Feb 2018 | O29: CLEAR | P29: NEFT-PNB
A30: 30th Sep 2017 | B30: Spid/637/Sep17 | C30: Reliance MF | D30: CPCV | E30: Spid-016-Sep-2018 | F30: =SUM(G30:H30) -> 26221.96 | G30: 22222 | H30: =G30*18% -> 3999.96 | K30: =G30*2% -> 444.44 | L30: =F30-K30 -> 25777.52 | M30: 25778 | N30: 7th Feb 2018 | O30: CLEAR | P30: NEFT-PNB
A31: 30th Sep 2017 | B31: Spid/638/Sep17 | C31: Alipore | D31: CPC | E31: Spid-017-Sep-2018 | F31: =SUM(G31:H31) -> 6688.24 | G31: 5668 | H31: =G31*18% -> 1020.24 | K31: =G31*2% -> 113.36 | L31: =F31-K31 -> 6574.88 | M31: 6575 | N31: 7th Feb 2018 | O31: CLEAR | P31: NEFT-PNB
A32: 30th Sep 2017 | B32: Spid/627/Sep17 | C32: Lufthansa | D32: CPM | E32: Spid-018-Sep-2019 | F32: =SUM(G32:H32) -> 6283.5 | G32: 5325 | H32: =G32*18% -> 958.5 | K32: =G32*2% -> 106.5 | L32: =F32-K32 -> 6177 | M32: 6177 | N32: 7th Feb 2018 | O32: CLEAR | P32: NEFT-PNB
A33: 30th Sep 2017 | B33: SDRO/0001/17‐18 | C33: Reliance-MF-Pincode | D33: CPCV | E33: Spid-019-Sep-2019 | F33: =SUM(G33:H33) -> 35400 | G33: 30000 | H33: =G33*18% -> 5400 | K33: =G33*2% -> 600 | L33: =F33-K33 -> 34800 | M33: 34800 | N33: 7th Feb 2018 | O33: CLEAR | P33: NEFT-PNB
A34: 30th Sep 2017 | B34: Spid/639/Sep17 | C34: Canon-H2 | D34: CPM | E34: Spid-020-Sep-2017 | F34: =SUM(G34:H34) -> 913.32 | G34: 774 | H34: =G34*18% -> 139.32 | K34: =G34*2% -> 15.48 | L34: =F34-K34 -> 897.84 | M34: 898 | N34: 7th Feb 2018 | O34: CLEAR | P34: NEFT-PNB
A35: 30th Sep 2017 | B35: SDRO/0003/17‐18 | C35: Canon-H2 | D35: CPM | E35: Spid-021-Sep-2017 | F35: =SUM(G35:H35) -> 7552 | G35: 6400 | H35: =G35*18% -> 1152 | K35: =G35*2% -> 128 | L35: =F35-K35 -> 7424 | M35: 7424 | N35: 7th Feb 2018 | O35: CLEAR | P35: NEFT-PNB
A36: 16th Oct 2017 | B36: SDRO/0007/17‐18 | C36: Reliance-MF | D36: CPCV | E36: Spid-022-Oct-2017 | F36: =SUM(G36:H36) -> 14160 | G36: 12000 | H36: =G36*18% -> 2160 | K36: =G36*2% -> 240 | L36: =F36-K36 -> 13920 | M36: 13920 | N36: 26th Oct 2018 | O36: CLEAR | P36: NEFT-PNB
A37: 24th Oct 2017 | B37: SDRO/0005/17‐18 | C37: Hitachi-Roamm | D37: CPM | E37: Spid-023-Oct-2017 | F37: =SUM(G37:H37) -> 37760 | G37: 32000 | H37: =G37*18% -> 5760 | K37: =G37*2% -> 640 | L37: =F37-K37 -> 37120 | M37: 37120 | N37: 7th Feb 2018 | O37: CLEAR | P37: NEFT-PNB
A38: 24th Oct 2017 | B38: SDRO/0008/17‐18 | C38: ToysRus | D38: CPM | E38: Spid-024-Oct-2017 | F38: =SUM(G38:H38) -> 50150 | G38: 42500 | H38: =G38*18% -> 7650 | K38: =G38*2% -> 850 | L38: =F38-K38 -> 49300 | M38: 49300 | N38: 7th Feb 2018 | O38: CLEAR | P38: NEFT-PNB
A39: 31st Oct 2017 | B39: Spid/640/Oct17 | C39: Airtel 1 | D39: CPM | E39: Spid-025-Oct-2017 | F39: =SUM(G39:H39) -> 24544 | G39: 20800 | H39: =G39*18% -> 3744 | K39: =G39*2% -> 416 | L39: =F39-K39 -> 24128 | M39: 24128 | N39: 7th Feb 2018 | O39: CLEAR | P39: NEFT-PNB
A40: 31st Oct 2017 | B40: Spid/641/Oct17 | C40: Airtel | D40: CPM | E40: Spid-026-Oct-2017 | F40: =SUM(G40:H40) -> 168032 | G40: 142400 | H40: =G40*18% -> 25632 | K40: =G40*2% -> 2848 | L40: =F40-K40 -> 165184 | M40: 165184 | O40: CLEAR | P40: NEFT-PNB
A41: 31st Oct 2017 | B41: Spid/642/Oct17 | C41: Vodafone | D41: CPM | E41: Spid-027-Oct-2017 | F41: =SUM(G41:H41) -> 56640 | G41: 48000 | H41: =G41*18% -> 8640 | K41: =G41*2% -> 960 | L41: =F41-K41 -> 55680 | M41: 55680 | O41: CLEAR | P41: NEFT-PNB
A42: 31st Oct 2017 | B42: Spid/643/Oct17 | C42: Reliance MF | D42: CPV | E42: Spid-028-Oct-2017 | F42: =SUM(G42:H42) -> 111864 | G42: 94800 | H42: =G42*18% -> 17064 | K42: =G42*2% -> 1896 | L42: =F42-K42 -> 109968 | M42: =150000-M41 -> 94320
A43: 31st Oct 2017 | B43: Spid/644/Oct17 | C43: Alipore | D43: CPC | E43: Spid-029-Oct-2017 | F43: =SUM(G43:H43) -> 7906 | G43: 6700 | H43: =G43*18% -> 1206 | K43: =G43*2% -> 134 | L43: =F43-K43 -> 7772
A44: 31st Oct 2017 | B44: SDRO/0004/17-18 | C44: Godrej Garden city | D44: CPC | E44: Spid-030-Oct-2017 | F44: =SUM(G44:H44) -> 17751.92 | G44: 15044 | H44: =G44*18% -> 2707.92 | K44: =G44*2% -> 300.88 | L44: =F44-K44 -> 17451.04
A45: 31st Oct 2017 | B45: SDRO/0006/17-18 | C45: Canon | D45: CPM | E45: Spid-031-Oct-2017 | F45: =SUM(G45:H45) -> 14160 | G45: 12000 | H45: =G45*18% -> 2160 | K45: =G45*2% -> 240 | L45: =F45-K45 -> 13920
A46: 31st Oct 2017 | B46: SDRO/0011/17-18 | C46: KFC | D46: CPM | E46: Spid-032-Oct-2017 | F46: =SUM(G46:H46) -> 6008.56 | G46: 5092 | H46: =G46*18% -> 916.56 | K46: =G46*2% -> 101.84 | L46: =F46-K46 -> 5906.72
A47: 30th Nov 2017 | B47: SDRO/0012/17-18 | C47: Vodafone | D47: CPM | E47: Spid-033-Nov-2017 | F47: =SUM(G47:H47) -> 40120 | G47: 34000 | H47: =G47*18% -> 6120 | K47: =G47*2% -> 680 | L47: =F47-K47 -> 39440
A48: 30th Nov 2017 | B48: SDRO/0014/17-18 | C48: KFC Video | D48: CPM | E48: Spid-034-Nov-2017 | F48: =SUM(G48:H48) -> 41300 | G48: 35000 | H48: =G48*18% -> 6300 | K48: =G48*2% -> 700 | L48: =F48-K48 -> 40600
A49: 30th Nov 2017 | B49: SDRO/0016/17-18 | C49: SOTC | D49: CPC | E49: Spid-035-Nov-2017 | F49: =SUM(G49:H49) -> 36875 | G49: 31250 | H49: =G49*18% -> 5625 | K49: =G49*2% -> 625 | L49: =F49-K49 -> 36250
A50: 30th Nov 2017 | B50: SDRO/0018/17-18 | C50: Maruti Brezza | D50: CPM | E50: Spid-036-Nov-2017 | F50: =SUM(G50:H50) -> 51920 | G50: 44000 | H50: =G50*18% -> 7920 | K50: =G50*2% -> 880 | L50: =F50-K50 -> 51040
A51: 30th Nov 2017 | B51: SDRO/0019/17-18 | C51: DBS Bank | D51: CPC | E51: Spid-037-Nov-2017 | F51: =SUM(G51:H51) -> 7611 | G51: 6450 | H51: =G51*18% -> 1161 | K51: =G51*2% -> 129 | L51: =F51-K51 -> 7482
A52: 30th Nov 2017 | B52: SDRO/0020/17-18 | C52: SOTC-Mumbai | D52: CPC | E52: Spid-038-Nov-2017 | F52: =SUM(G52:H52) -> 36875 | G52: 31250 | H52: =G52*18% -> 5625 | K52: =G52*2% -> 625 | L52: =F52-K52 -> 36250
A53: 27th Dec 2017 | B53: SDRO/0030/17-18 | C53: Cadini | D53: CPC | E53: Spid-039-Dec-2017 | F53: =SUM(G53:H53) -> 6619.8 | G53: 5610 | H53: =G53*18% -> 1009.8 | K53: =G53*2% -> 112.2 | L53: =F53-K53 -> 6507.6
A54: 27th Dec 2017 | B54: SDRO/0031/17-18 | C54: Cadini | D54: CPC | E54: Spid-040-Dec-2017 | F54: =SUM(G54:H54) -> 77732.5 | G54: 65875 | H54: =G54*18% -> 11857.5 | K54: =G54*2% -> 1317.5 | L54: =F54-K54 -> 76415
... A69: 31st Mar 2018 | B69: SDRO/0056/17-18 | C69: Omron | D69: CPM | E69: Spid-055-Mar-2018 | F69: =SUM(G69:H69) -> 18880 | G69: 16000 | H69: =G69*18% -> 2880 | K69: =G69*2% -> 320 | L69: =F69-K69 -> 18560
F70: =SUM(G70:H70) -> 0 | H70: =G70*18% -> 0 | K70: =G70*2% -> 0 | L70: =F70-K70 -> 0
F71: =SUM(G71:H71) -> 0 | H71: =G71*18% -> 0 | K71: =G71*2% -> 0 | L71: =F71-K71 -> 0
F72: =SUM(G72:H72) -> 0 | H72: =G72*18% -> 0 | K72: =G72*2% -> 0 | L72: =F72-K72 -> 0
F73: =SUM(G73:H73) -> 0 | H73: =G73*18% -> 0 | K73: =G73*2% -> 0 | L73: =F73-K73 -> 0
F74: =SUM(G74:H74) -> 0 | H74: =G74*18% -> 0 | K74: =G74*2% -> 0 | L74: =F74-K74 -> 0
F75: =SUM(G75:H75) -> 0 | H75: =G75*18% -> 0 | K75: =G75*2% -> 0 | L75: =F75-K75 -> 0
F76: =SUM(G76:H76) -> 0 | H76: =G76*18% -> 0 | K76: =G76*2% -> 0 | L76: =F76-K76 -> 0
F77: =SUM(G77:H77) -> 0 | H77: =G77*18% -> 0 | K77: =G77*2% -> 0 | L77: =F77-K77 -> 0
F78: =SUM(G78:H78) -> 0 | H78: =G78*18% -> 0 | K78: =G78*2% -> 0 | L78: =F78-K78 -> 0
F79: =SUM(G79:H79) -> 0 | H79: =G79*18% -> 0 | K79: =G79*2% -> 0 | L79: =F79-K79 -> 0
F80: =SUM(G80:H80) -> 0 | H80: =G80*18% -> 0 | K80: =G80*2% -> 0 | L80: =F80-K80 -> 0
F81: =SUM(G81:H81) -> 0 | H81: =G81*18% -> 0 | K81: =G81*2% -> 0 | L81: =F81-K81 -> 0
... F90: =SUM(G90:H90) -> 0 | H90: =G90*18% -> 0 | K90: =G90*2% -> 0 | L90: =F90-K90 -> 0

Sheet Dial-Star
A1: HOME | B1: Monthwise | C1: GST - Monthwise | F1: =SUM(F2:F122) -> 2181417.6 | G1: =SUM(G2:G122) -> 1848659 | H1: =SUM(H2:H73) -> 166379.31 | L1: =SUM(L2:L122) -> 36973.18 | M1: =SUM(M2:M122) -> 2144444.4 | N1: =SUM(N4:N128) -> 2008450
A3: Inv Date | B3: RO No | C3: Campaigns | D3: Adunit | E3: Invoice number | F3: Final Amount | G3: Invoice amt | H3: CGST 9% | I3: SGST 9% | J3: Cam End date | K3: Due date | L3: Less 2% | M3: Amt Receivable | N3: Amount Received | O3: Amt Received Date | P3: Status | Q3: Cheque No
A4: 22nd Aug 2017 | C4: CEAT Preroll | D4: CPM | E4: Dialstar-001-Aug-2017 | F4: =SUM(G4:I4) -> 805021.96 | G4: 682222 | H4: =G4*9% -> 61399.98 | I4: =G4*9% -> 61399.98 | J4: 42966 | K4: =J4+45 -> 43011 | L4: =G4*2% -> 13644.44 | M4: =F4-L4 -> 791377.52 | N4: 791378 | O4: 5th Oct 2017 | P4: CLEAR | Q4: NEFT-PNB
A5: 21st Nov 2017 | C5: CEAT Preroll | D5: CPCV | E5: Dialstar-002-Nov-2017 | F5: =SUM(G5:I5) -> 655556.08 | G5: 555556 | H5: =G5*9% -> 50000.04 | I5: =G5*9% -> 50000.04 | L5: =G5*2% -> 11111.12 | M5: =F5-L5 -> 644444.96
A6: 21st Nov 2017 | C6: Patanjali | D6: CPCV | E6: Dialstar-003-Nov-2017 | F6: =SUM(G6:I6) -> 75857.48 | G6: 64286 | H6: =G6*9% -> 5785.74 | I6: =G6*9% -> 5785.74 | L6: =G6*2% -> 1285.72 | M6: =F6-L6 -> 74571.76 | N6: 74572 | O6: 28th Nov + 4th Dec 2017 | P6: CLEAR | Q6: NEFT-PNB
A7: 5th Dec 2017 | C7: IBB | D7: CPV | E7: Dialstar-004-Nov-2017 | F7: =SUM(G7:I7) -> 147500 | G7: 125000 | H7: =G7*9% -> 11250 | I7: =G7*9% -> 11250 | L7: =G7*2% -> 2500 | M7: =F7-L7 -> 145000 | N7: 112500
A8: 9th Jan 2018 | C8: Times-Now | D8: CPV | E8: Dialstar-005-Dec-2017 | F8: =SUM(G8:I8) -> 51920 | G8: 44000 | H8: =G8*9% -> 3960 | I8: =G8*9% -> 3960 | L8: =G8*2% -> 880 | M8: =F8-L8 -> 51040 | N8: 280000
A9: 9th Jan 2018 | C9: Ceat | D9: CPCV | E9: Dialstar-006-Dec-2017 | F9: =SUM(G9:I9) -> 222889.02 | G9: 188889 | H9: =G9*9% -> 17000.01 | I9: =G9*9% -> 17000.01 | L9: =G9*2% -> 3777.78 | M9: =F9-L9 -> 219111.24 | N9: 250000
A10: 9th Jan 2018 | C10: Times-Now | D10: CPV | E10: Dialstar-007-Dec-2017 | F10: =SUM(G10:I10) -> 75520 | G10: 64000 | H10: =G10*9% -> 5760 | I10: =G10*9% -> 5760 | L10: =G10*2% -> 1280 | M10: =F10-L10 -> 74240 | N10: 300000
A11: 23rd Feb 2018 | C11: Times-Now-Desktop | D11: CPV | E11: Dialstar-008-Jan-2018 | F11: =SUM(G11:I11) -> 114149.66 | G11: 96737 | H11: =G11*9% -> 8706.33 | I11: =G11*9% -> 8706.33 | L11: =G11*2% -> 1934.74 | M11: =F11-L11 -> 112214.92 | N11: 200000
A12: 23rd Feb 2018 | C12: Times-Now-Mobile | D12: CPV | E12: Dialstar-009-Jan-2018 | F12: =SUM(G12:I12) -> 33003.42 | G12: 27969 | H12: =G12*9% -> 2517.21 | I12: =G12*9% -> 2517.21 | L12: =G12*2% -> 559.38 | M12: =F12-L12 -> 32444.04
F13: =SUM(G13:I13) -> 0 | H13: =G13*9% -> 0 | I13: =G13*9% -> 0 | L13: =G13*2% -> 0 | M13: =F13-L13 -> 0
F14: =SUM(G14:I14) -> 0 | H14: =G14*9% -> 0 | I14: =G14*9% -> 0 | L14: =G14*2% -> 0 | M14: =F14-L14 -> 0
F15: =SUM(G15:I15) -> 0 | H15: =G15*9% -> 0 | I15: =G15*9% -> 0 | L15: =G15*2% -> 0 | M15: =F15-L15 -> 0
F16: =SUM(G16:I16) -> 0 | H16: =G16*9% -> 0 | I16: =G16*9% -> 0 | L16: =G16*2% -> 0 | M16: =F16-L16 -> 0
F17: =SUM(G17:I17) -> 0 | H17: =G17*9% -> 0 | I17: =G17*9% -> 0 | L17: =G17*2% -> 0 | M17: =F17-L17 -> 0
F18: =SUM(G18:I18) -> 0 | H18: =G18*9% -> 0 | I18: =G18*9% -> 0 | L18: =G18*2% -> 0 | M18: =F18-L18 -> 0
F19: =SUM(G19:I19) -> 0 | H19: =G19*9% -> 0 | I19: =G19*9% -> 0 | L19: =G19*2% -> 0 | M19: =F19-L19 -> 0
F20: =SUM(G20:I20) -> 0 | H20: =G20*9% -> 0 | I20: =G20*9% -> 0 | L20: =G20*2% -> 0 | M20: =F20-L20 -> 0
F21: =SUM(G21:I21) -> 0 | H21: =G21*9% -> 0 | I21: =G21*9% -> 0 | L21: =G21*2% -> 0 | M21: =F21-L21 -> 0
F22: =SUM(G22:I22) -> 0 | H22: =G22*9% -> 0 | I22: =G22*9% -> 0 | L22: =G22*2% -> 0 | M22: =F22-L22 -> 0
F23: =SUM(G23:I23) -> 0 | H23: =G23*9% -> 0 | I23: =G23*9% -> 0 | L23: =G23*2% -> 0 | M23: =F23-L23 -> 0
F24: =SUM(G24:I24) -> 0 | H24: =G24*9% -> 0 | I24: =G24*9% -> 0 | L24: =G24*2% -> 0 | M24: =F24-L24 -> 0
... F78: =SUM(G78:I78) -> 0 | H78: =G78*9% -> 0 | I78: =G78*9% -> 0 | L78: =G78*2% -> 0 | M78: =F78-L78 -> 0

Sheet Adomantra
A1: Inv Date | B1: RO No | C1: Campaigns | D1: Adunit | E1: Invoice number | F1: Final Amount | G1: Invoice amt | H1: ServiceTax | I1: Cam End date | J1: Due date | K1: Less 2% | L1: Amt Receivable | M1: Amount Received | N1: Amt Received Date | O1: Status | P1: Cheque No
A2: HOME | B2: Monthwise | C2: GST - Monthwise | F2: =SUM(F3:F132) -> 3828984.5 | G2: =SUM(G3:G132) -> 3302325.2 | H2: =SUM(H3:H132) -> 526659.25 | K2: =SUM(K3:K132) -> 66826.505 | L2: =SUM(L3:L132) -> 3762938 | M2: =SUM(M3:M132) -> 3762939
A3: 30th Apr 2017 | B3: Ado/17‐194 | C3: UC-Web | D3: CPC | E3: Adomantra-0202 | F3: =SUM(G3:H3) -> 71875 | G3: 62500 | H3: =G3*15% -> 9375 | I3: 42855 | J3: =I3+90 -> 42945 | K3: =G3*2% -> 1250 | L3: =F3-K3 -> 70625 | M3: 70625 | O3: CLEAR | P3: 634378
A4: 30th Apr 2017 | B4: Ado/17‐208 | C4: AP-Beautiful-Homes | D4: CPV | E4: Adomantra-0203 | F4: =SUM(G4:H4) -> 186875 | G4: 162500 | H4: =G4*15% -> 24375 | I4: 42855 | J4: =I4+90 -> 42945 | K4: =G4*2% -> 3250 | L4: =F4-K4 -> 183625 | M4: 183625 | O4: CLEAR | P4: 634356
A5: 30th Apr 2017 | B5: Ado/17‐185 | C5: Apnapaisa | D5: CPO | E5: Adomantra-0204 | F5: =SUM(G5:H5) -> 3496 | G5: 3040 | H5: =G5*15% -> 456 | I5: 42855 | J5: =I5+90 -> 42945 | K5: =G5*2% -> 60.8 | L5: =F5-K5 -> 3435.2 | M5: 3435 | O5: CLEAR | P5: 634356
A6: 30th Apr 2017 | B6: Ado/18‐010 | C6: Renault-Kwid | D6: CPV | E6: Adomantra-0205 | F6: =SUM(G6:H6) -> 402500 | G6: 350000 | H6: =G6*15% -> 52500 | I6: 42855 | J6: =I6+90 -> 42945 | K6: =G6*2% -> 7000 | L6: =F6-K6 -> 395500 | M6: 395500 | O6: CLEAR | P6: 634378
A7: 30th Apr 2017 | B7: Ado/18‐014 | C7: Renault-Kwid Upsell | D7: CPV | E7: Adomantra-0206 | F7: =SUM(G7:H7) -> 618987.5 | G7: 538250 | H7: =G7*15% -> 80737.5 | I7: 42855 | J7: =I7+90 -> 42945 | K7: =G7*2% -> 10765 | L7: =F7-K7 -> 608222.5 | M7: 608223 | O7: CLEAR | P7: 634356
A8: 31st May 2017 | B8: Ado/18‐002 | C8: CIBC Sri Lanka | D8: CPM | E8: Adomantra-0207 | F8: =SUM(G8:H8) -> 86957.25 | G8: =604920/1000*125 -> 75615 | H8: =G8*15% -> 11342.25 | I8: 42883 | J8: =I8+90 -> 42973 | K8: =G8*2% -> 1512.3 | L8: =F8-K8 -> 85444.95 | M8: 85445 | O8: CLEAR | P8: 634393
A9: 31st May 2017 | B9: Ado/18‐001 | C9: CIBC Pakistan | D9: CPM | E9: Adomantra-0208 | F9: =SUM(G9:H9) -> 116446.99 | G9: =810066/1000*125 -> 101258.25 | H9: =G9*15% -> 15188.737 | I9: 42883 | J9: =I9+90 -> 42973 | K9: =G9*2% -> 2025.165 | L9: =F9-K9 -> 114421.82 | M9: 114422 | O9: CLEAR | P9: 634393
A10: 31st May 2017 | B10: Ado/18‐017 | C10: Renault-Kwid | D10: CPV | E10: Adomantra-0209 | F10: =SUM(G10:H10) -> 386584 | G10: 336160 | H10: =G10*15% -> 50424 | I10: 42886 | J10: =I10+90 -> 42976 | K10: =G10*2% -> 6723.2 | L10: =F10-K10 -> 379860.8 | M10: 379861 | O10: CLEAR | P10: 634378
A11: 19th June 2017 | B11: Ado/18‐056 | C11: OLA-Share | D11: CPC | E11: Adomantra-0210 | F11: =SUM(G11:H11) -> 138000 | G11: 120000 | H11: =G11*15% -> 18000 | I11: 42896 | J11: =I11+90 -> 42986 | K11: =G11*2% -> 2400 | L11: =F11-K11 -> 135600 | M11: 135600 | O11: CLEAR | P11: 634378
A12: 29th June 2017 | B12: Ado/18‐039 | C12: HDFC | D12: CPV | E12: Adomantra-0211 | F12: =SUM(G12:H12) -> 31685.95 | G12: 27553 | H12: =G12*15% -> 4132.95 | I12: 42908 | J12: =I12+90 -> 42998 | K12: =G12*2% -> 551.06 | L12: =F12-K12 -> 31134.89 | M12: 31135 | O12: CLEAR | P12: 634393
A13: 29th June 2017 | B13: Ado/18‐053 | C13: Royale Atmos | D13: CPM | E13: Adomantra-0212 | F13: =SUM(G13:H13) -> 204700 | G13: 178000 | H13: =G13*15% -> 26700 | I13: 42914 | J13: =I13+90 -> 43004 | K13: =G13*2% -> 3560 | L13: =F13-K13 -> 201140 | M13: 201140 | O13: CLEAR | P13: 634393
A14: 29th June 2017 | B14: Ado/18‐052 | C14: Renault-Kwid Desk+Mob | D14: CPV | E14: Adomantra-0213 | F14: =SUM(G14:H14) -> 158125 | G14: 137500 | H14: =G14*15% -> 20625 | I14: 42914 | J14: =I14+90 -> 43004 | K14: =G14*2% -> 2750 | L14: =F14-K14 -> 155375 | M14: 155375 | O14: CLEAR | P14: 634393
A15: 29th June 2017 | B15: Ado/18‐058 | C15: OLA OS Digital | D15: CPC | E15: Adomantra-0214 | F15: =SUM(G15:H15) -> 113484.3 | G15: 98682 | H15: =G15*15% -> 14802.3 | I15: 42914 | J15: =I15+90 -> 43004 | K15: =G15*2% -> 1973.64 | L15: =F15-K15 -> 111510.66 | M15: 111511 | O15: CLEAR | P15: 634393
A16: 30th June 2017 | B16: Ado/18-066 | C16: CIBC Pakistan Eid | D16: CPM | E16: Adomantra-0215 | F16: =SUM(G16:H16) -> 61940.15 | G16: 53861 | H16: =G16*15% -> 8079.15 | I16: 42916 | J16: =I16+90 -> 43006 | K16: =G16*2% -> 1077.22 | L16: =F16-K16 -> 60862.93 | M16: 60863 | O16: CLEAR | P16: 634438
A17: 30th June 2017 | B17: Ado/18-068 | C17: CIBC Pakistan | D17: CPM | E17: Adomantra-0216 | F17: =SUM(G17:H17) -> 8369.7 | G17: 7278 | H17: =G17*15% -> 1091.7 | I17: 42916 | J17: =I17+90 -> 43006 | K17: =G17*2% -> 145.56 | L17: =F17-K17 -> 8224.14 | M17: 8224 | O17: CLEAR | P17: 597413
A18: 30th June 2017 | B18: Ado/18-069 | C18: CIBC Newcomers Punjab | D18: CPM | E18: Adomantra-0217 | F18: =SUM(G18:H18) -> 1730.75 | G18: 1505 | H18: =G18*15% -> 225.75 | I18: 42916 | J18: =I18+90 -> 43006 | K18: =G18*2% -> 30.1 | L18: =F18-K18 -> 1700.65 | M18: 1701 | O18: CLEAR | P18: 597413
A19: 30th June 2017 | B19: Ado/18-070 | C19: CIBC Newcomers Indian | D19: CPM | E19: Adomantra-0218 | F19: =SUM(G19:H19) -> 5682.15 | G19: 4941 | H19: =G19*15% -> 741.15 | I19: 42916 | J19: =I19+90 -> 43006 | K19: =G19*2% -> 98.82 | L19: =F19-K19 -> 5583.33 | M19: 5583 | O19: CLEAR | P19: 597413
A21: Inv Date | B21: RO No | C21: Campaigns | D21: Adunit | E21: Invoice number | F21: Final Amount | G21: Invoice amt | H21: IGST 18% | I21: Cam End date | J21: Due date | K21: Less 2% | L21: Amt Receivable | M21: Amount Received | N21: Amt Received Date | O21: Status | P21: Cheque No
A22: 31st Jul 2017 | B22: Ado/18‐063 | C22: Qualcomm Indian Sites | E22: Adomantra-0219 | F22: =SUM(G22:H22) -> 6403.86 | G22: 5427 | H22: =G22*18% -> 976.86 | I22: 42947 | J22: =I22+90 -> 43037 | K22: =G22*2% -> 108.54 | L22: =F22-K22 -> 6295.32 | M22: 6295 | O22: CLEAR | P22: 634415
A23: 31st Jul 2017 | B23: Ado/18‐064 | C23: Qualcomm Int Sites | E23: Adomantra-0220 | F23: =SUM(G23:H23) -> 5137.72 | G23: 4354 | H23: =G23*18% -> 783.72 | I23: 42947 | J23: =I23+90 -> 43037 | K23: =G23*2% -> 87.08 | L23: =F23-K23 -> 5050.64 | M23: 5051 | O23: CLEAR | P23: 634415
A24: 31st Jul 2017 | B24: Ado/18‐063 | C24: Qualcomm Indian Sites | E24: Adomantra-0221 | F24: =SUM(G24:H24) -> 15145.3 | G24: 12835 | H24: =G24*18% -> 2310.3 | I24: 42947 | J24: =I24+90 -> 43037 | K24: =G24*2% -> 256.7 | L24: =F24-K24 -> 14888.6 | M24: 14889 | O24: CLEAR | P24: 634415
A25: 31st Jul 2017 | B25: Ado/18‐064 | C25: Qualcomm Int Sites | E25: Adomantra-0222 | F25: =SUM(G25:H25) -> 11422.4 | G25: 9680 | H25: =G25*18% -> 1742.4 | I25: 42947 | J25: =I25+90 -> 43037 | K25: =G25*2% -> 193.6 | L25: =F25-K25 -> 11228.8 | M25: 11229 | O25: CLEAR | P25: 634415
A26: 31st Jul 2017 | B26: Ado/18-068 | C26: CIBC Pakistan | E26: Adomantra-0223 | F26: =SUM(G26:H26) -> 51508.18 | G26: 43651 | H26: =G26*18% -> 7857.18 | I26: 42947 | J26: =I26+90 -> 43037 | K26: =G26*2% -> 873.02 | L26: =F26-K26 -> 50635.16 | M26: 50635 | O26: CLEAR | P26: 597413
A27: 31st Jul 2017 | B27: Ado/18-069 | C27: CIBC Newcomers Punjab | E27: Adomantra-0224 | F27: =SUM(G27:H27) -> 22058.92 | G27: 18694 | H27: =G27*18% -> 3364.92 | I27: 42947 | J27: =I27+90 -> 43037 | K27: =G27*2% -> 373.88 | L27: =F27-K27 -> 21685.04 | M27: 21685 | O27: CLEAR | P27: 597413
A28: 31st Jul 2017 | B28: Ado/18-070 | C28: CIBC Newcomers Indian | E28: Adomantra-0225 | F28: =SUM(G28:H28) -> 30154.9 | G28: 25555 | H28: =G28*18% -> 4599.9 | I28: 42947 | J28: =I28+90 -> 43037 | K28: =G28*2% -> 511.1 | L28: =F28-K28 -> 29643.8 | M28: 29644 | O28: CLEAR | P28: 597413
A29: 31st Jul 2017 | B29: Ado/18‐076 | C29: OLA Travel CPC | E29: Adomantra-0226 | F29: =SUM(G29:H29) -> 35400 | G29: 30000 | H29: =G29*18% -> 5400 | I29: 42947 | J29: =I29+90 -> 43037 | K29: =G29*2% -> 600 | L29: =F29-K29 -> 34800 | M29: 34800 | O29: CLEAR | P29: 634415
A30: 31st Aug 2017 | B30: Ado/18‐093 | C30: Ola-Share-Pass | E30: Adomantra-0227 | F30: =SUM(G30:H30) -> 106200 | G30: 90000 | H30: =G30*18% -> 16200 | I30: 42978 | J30: =I30+90 -> 43068 | K30: =G30*2% -> 1800 | L30: =F30-K30 -> 104400 | M30: 104400 | O30: CLEAR | P30: 634415
A31: 31st Aug 2017 | B31: Ado/18‐063 | C31: Qualcomm Indian Sites | E31: Adomantra-0228 | F31: =SUM(G31:H31) -> 17953.7 | G31: 15215 | H31: =G31*18% -> 2738.7 | I31: 42978 | J31: =I31+90 -> 43068 | K31: =G31*2% -> 304.3 | L31: =F31-K31 -> 17649.4 | M31: 17649 | O31: CLEAR | P31: 634415
A32: 31st Aug 2017 | B32: Ado/18‐064 | C32: Qualcomm Int Sites | E32: Adomantra-0229 | F32: =SUM(G32:H32) -> 13962.94 | G32: 11833 | H32: =G32*18% -> 2129.94 | I32: 42978 | J32: =I32+90 -> 43068 | K32: =G32*2% -> 236.66 | L32: =F32-K32 -> 13726.28 | M32: 13726 | O32: CLEAR | P32: 634415
A33: 27th Sep 2017 | B33: Ado/18‐090 | C33: Parry-Wellness | D33: CPC | E33: Adomantra-0230 | F33: =SUM(G33:H33) -> 4425 | G33: 3750 | H33: =G33*18% -> 675 | I33: 42990 | J33: =I33+90 -> 43080 | K33: =G33*2% -> 75 | L33: =F33-K33 -> 4350 | M33: 4350 | O33: CLEAR | P33: 634438
A34: 27th Sep 2017 | B34: Ado/18‐121 | C34: Ranault Capture (webcast) | D34: CPM | E34: Adomantra-0231 | F34: =SUM(G34:H34) -> 327142.02 | G34: 277239 | H34: =G34*18% -> 49903.02 | I34: 43000 | J34: =I34+90 -> 43090 | K34: =G34*2% -> 5544.78 | L34: =F34-K34 -> 321597.24 | M34: 321597 | O34: CLEAR | P34: 634438
A35: 30th Sep 2017 | B35: Ado/18‐063 | C35: Qualcomm Indian Sites | E35: Adomantra-0232 | F35: =SUM(G35:H35) -> 9629.98 | G35: 8161 | H35: =G35*18% -> 1468.98 | I35: 43008 | J35: =I35+90 -> 43098 | K35: =G35*2% -> 163.22 | L35: =F35-K35 -> 9466.76 | M35: 9467 | O35: CLEAR | P35: 634438
A36: 30th Sep 2017 | B36: Ado/18‐064 | C36: Qualcomm Int Sites | E36: Adomantra-0233 | F36: =SUM(G36:H36) -> 9154.44 | G36: 7758 | H36: =G36*18% -> 1396.44 | I36: 43008 | J36: =I36+90 -> 43098 | K36: =G36*2% -> 155.16 | L36: =F36-K36 -> 8999.28 | M36: 8999 | O36: CLEAR | P36: 634438
A37: 30th Sep 2017 | B37: Ado/18‐096 | C37: Emirates F&J | E37: Adomantra-0234 | F37: =SUM(G37:H37) -> 16815 | G37: 14250 | H37: =G37*18% -> 2565 | I37: 43008 | J37: =I37+90 -> 43098 | K37: =G37*2% -> 285 | L37: =F37-K37 -> 16530 | M37: 16530 | O37: CLEAR | P37: 597451
A38: 3rd Dec 2017 | B38: Ado/18-163 | C38: Renault Captur Price | D38: CPV | E38: Adomantra-0235 | F38: =SUM(G38:H38) -> 126850 | G38: 107500 | H38: =G38*18% -> 19350 | I38: 43437 | J38: =I38+90 -> 43527 | K38: =G38*2% -> 2150 | L38: =F38-K38 -> 124700 | M38: 124700 | O38: CLEAR | P38: 597435
A39: 10th Dec 2017 | B39: Ado/18-168 | C39: Emirates | D39: CPM | E39: Adomantra-0236 | F39: =SUM(G39:H39) -> 46020 | G39: 39000 | H39: =G39*18% -> 7020 | I39: 43444 | J39: =I39+90 -> 43534 | K39: =G39*2% -> 780 | L39: =F39-K39 -> 45240 | M39: 45240 | O39: CLEAR | P39: 597451
A40: 31st Dec 2017 | B40: Ado/18-184 | C40: Renault Promotion Plan | D40: CPV | E40: Adomantra-0237 | F40: =SUM(G40:H40) -> 120950 | G40: 102500 | H40: =G40*18% -> 18450 | I40: 43465 | J40: =I40+90 -> 43555 | K40: =G40*2% -> 2050 | L40: =F40-K40 -> 118900 | M40: 118900 | O40: CLEAR | P40: 281652
A41: 31st Jan 2018 | B41: Ado/18-212 | C41: Renault Capture Plan | D41: CPV | E41: Adomantra-0238 | F41: =SUM(G41:H41) -> 32927.9 | G41: 27905 | H41: =G41*18% -> 5022.9 | I41: 43131 | J41: =I41+90 -> 43221 | K41: =G41*2% -> 558.1 | L41: =F41-K41 -> 32369.8 | M41: 32370 | O41: CLEAR | P41: 597468
A42: 28th Feb 2018 | B42: Ado/18-225 | C42: Emirates-Business-Class | D42: CPM | E42: Adomantra-0239 | F42: =SUM(G42:H42) -> 61360 | G42: 52000 | H42: =G42*18% -> 9360 | I42: 43160 | J42: =I42+90 -> 43250 | K42: =G42*2% -> 1040 | L42: =F42-K42 -> 60320 | M42: 60320 | O42: CLEAR | P42: 281603
A43: 28th Feb 2018 | B43: Ado/18-236 | C43: Kwid-Feb | D43: CPV | E43: Adomantra-0240 | F43: =SUM(G43:H43) -> 114902.5 | G43: 97375 | H43: =G43*18% -> 17527.5 | I43: 43160 | J43: =I43+90 -> 43250 | K43: =G43*2% -> 1947.5 | L43: =F43-K43 -> 112955 | M43: 112955 | O43: CLEAR | P43: 281603
A44: 14th Mar 2018 | B44: Ado/18-240 | C44: Emirates-Economy-Class | D44: CPM | E44: Adomantra-0241 | F44: =SUM(G44:H44) -> 46020 | G44: 39000 | H44: =G44*18% -> 7020 | I44: 43169 | J44: =I44+90 -> 43259 | K44: =G44*2% -> 780 | L44: =F44-K44 -> 45240 | M44: 45240 | O44: CLEAR | P44: 281603
F45: =SUM(G45:H45) -> 0 | H45: =G45*18% -> 0 | J45: =I45+90 -> 90 | K45: =G45*2% -> 0 | L45: =F45-K45 -> 0
F46: =SUM(G46:H46) -> 0 | H46: =G46*18% -> 0 | J46: =I46+90 -> 90 | K46: =G46*2% -> 0 | L46: =F46-K46 -> 0
F47: =SUM(G47:H47) -> 0 | H47: =G47*18% -> 0 | J47: =I47+90 -> 90 | K47: =G47*2% -> 0 | L47: =F47-K47 -> 0
F48: =SUM(G48:H48) -> 0 | H48: =G48*18% -> 0 | J48: =I48+90 -> 90 | K48: =G48*2% -> 0 | L48: =F48-K48 -> 0
F49: =SUM(G49:H49) -> 0 | H49: =G49*18% -> 0 | J49: =I49+90 -> 90 | K49: =G49*2% -> 0 | L49: =F49-K49 -> 0
F50: =SUM(G50:H50) -> 0 | H50: =G50*18% -> 0 | J50: =I50+90 -> 90 | K50: =G50*2% -> 0 | L50: =F50-K50 -> 0
F51: =SUM(G51:H51) -> 0 | H51: =G51*18% -> 0 | J51: =I51+90 -> 90 | K51: =G51*2% -> 0 | L51: =F51-K51 -> 0
F52: =SUM(G52:H52) -> 0 | H52: =G52*18% -> 0 | J52: =I52+90 -> 90 | K52: =G52*2% -> 0 | L52: =F52-K52 -> 0
F53: =SUM(G53:H53) -> 0 | H53: =G53*18% -> 0 | J53: =I53+90 -> 90 | K53: =G53*2% -> 0 | L53: =F53-K53 -> 0
F54: =SUM(G54:H54) -> 0 | H54: =G54*18% -> 0 | J54: =I54+90 -> 90 | K54: =G54*2% -> 0 | L54: =F54-K54 -> 0
F55: =SUM(G55:H55) -> 0 | H55: =G55*18% -> 0 | J55: =I55+90 -> 90 | K55: =G55*2% -> 0 | L55: =F55-K55 -> 0
F56: =SUM(G56:H56) -> 0 | H56: =G56*18% -> 0 | J56: =I56+90 -> 90 | K56: =G56*2% -> 0 | L56: =F56-K56 -> 0
... F87: =SUM(G87:H87) -> 0 | H87: =G87*18% -> 0 | J87: =I87+90 -> 90 | K87: =G87*2% -> 0 | L87: =F87-K87 -> 0
J89: =F44*2% -> 920.4 | K89: =G44*2% -> 780

Sheet iCubes
A1: Inv Date | B1: RO No | C1: Campaigns | D1: Adunit | E1: Invoice number | F1: Final Amount | G1: Invoice amt | H1: ServiceTax | I1: Cam End date | J1: Due date | K1: Less 2% | L1: Amt Receivable | M1: Amount Received | N1: Amt Received Date | O1: Status | P1: Cheque No
A2: 4th April 2017 | D2: Branding | E2: iCubeswire-029-Jan-2017 | F2: =G2+H2 -> 119244.65 | G2: 103691 | H2: =G2*15% -> 15553.65 | K2: =G2*2% -> 2073.82 | L2: =F2-K2 -> 117170.83 | M2: 117171 | N2: 19th Apr 2017 | O2: CLEAR | P2: NEFT-PNB
A3: 9th May 2017 | D3: Branding | E3: iCubeswire-030-Feb-2017 | F3: =G3+H3 -> 227295.2 | G3: 197648 | H3: =G3*15% -> 29647.2 | K3: =G3*2% -> 3952.96 | L3: =F3-K3 -> 223342.24 | M3: 223342 | N3: 12th May 2017 | O3: CLEAR | P3: NEFT-PNB
A4: 6th June 2017 | D4: Branding | E4: iCubeswire-031-Mar-2017 | F4: =G4+H4 -> 25754.25 | G4: 22395 | H4: =G4*15% -> 3359.25 | K4: =G4*2% -> 447.9 | L4: =F4-K4 -> 25306.35 | M4: 25306 | N4: 7th June 2017 | O4: CLEAR | P4: NEFT-PNB
A5: 30th June 2017 | D5: Branding | E5: iCubeswire-032-Apr-2017 | F5: =G5+H5 -> 73911.65 | G5: 64271 | H5: =G5*15% -> 9640.65 | K5: =G5*2% -> 1285.42 | L5: =F5-K5 -> 72626.23 | M5: 72626 | N5: 6th July 2017 | O5: CLEAR | P5: NEFT-PNB
A7: Inv Date | B7: RO No | C7: Campaigns | D7: Adunit | E7: Invoice number | F7: Final Amount | G7: Invoice amt | H7: IGST 18% | I7: Cam End date | J7: Due date | K7: Less 2% | L7: Amt Receivable | M7: Amount Received | N7: Amt Received Date | O7: Status | P7: Cheque No
A8: 17th July 2017 | D8: Branding | E8: iCubeswire-033-May-2017 | F8: =G8+H8 -> 63973.7 | G8: 54215 | H8: =G8*18% -> 9758.7 | K8: =G8*2% -> 1084.3 | L8: =F8-K8 -> 62889.4 | M8: 62890 | N8: 3rd Aug 2017 | O8: CLEAR | P8: NEFT-PNB
A9: 17th Aug 2017 | D9: Branding | E9: iCubeswire-034-June-2017 | F9: =G9+H9 -> 62687.5 | G9: 53125 | H9: =G9*18% -> 9562.5 | K9: =G9*2% -> 1062.5 | L9: =F9-K9 -> 61625 | M9: 61625 | N9: 11th Sep 2017 | O9: CLEAR | P9: NEFT-PNB
A10: 30th Sep 2017 | D10: Branding | E10: iCubeswire-035-July-2017 | F10: =G10+H10 -> 29500 | G10: 25000 | H10: =G10*18% -> 4500 | K10: =G10*2% -> 500 | L10: =F10-K10 -> 29000 | M10: 29000 | N10: 25th Oct 2017 | O10: CLEAR | P10: NEFT-PNB
A11: 16th Oct 2017 | D11: Branding | E11: iCubeswire-036-Aug-2017 | F11: =G11+H11 -> 40120 | G11: 34000 | H11: =G11*18% -> 6120 | K11: =G11*2% -> 680 | L11: =F11-K11 -> 39440 | M11: 39440 | N11: 9th Nov 2017 | O11: CLEAR | P11: NEFT-PNB
A12: 30th Nov 2017 | D12: Branding | E12: iCubeswire-037-Sep-2017 | F12: =G12+H12 -> 29500 | G12: 25000 | H12: =G12*18% -> 4500 | K12: =G12*2% -> 500 | L12: =F12-K12 -> 29000 | M12: 29000 | N12: 5th Dec 2017 | O12: CLEAR | P12: NEFT-PNB
A13: 9th Jan 2018 | D13: Branding | E13: iCubeswire-038-Oct-2017 | F13: =G13+H13 -> 29500 | G13: 25000 | H13: =G13*18% -> 4500 | K13: =G13*2% -> 500 | L13: =F13-K13 -> 29000 | M13: 29000 | N13: 15th Jan 2018 | O13: CLEAR | P13: NEFT-PNB
A14: 5th Feb 2018 | D14: Branding | E14: iCubeswire-039-Nov-2017 | F14: =G14+H14 -> 29500 | G14: 25000 | H14: =G14*18% -> 4500 | K14: =G14*2% -> 500 | L14: =F14-K14 -> 29000 | M14: 29000 | N14: 26th Feb 2018 | O14: CLEAR | P14: NEFT-PNB
A15: 19th Mar 2018 | D15: Branding | E15: iCubeswire-040-Dec-2017 | F15: =G15+H15 -> 450782.42 | G15: 382019 | H15: =G15*18% -> 68763.42 | K15: =G15*2% -> 7640.38 | L15: =F15-K15 -> 443142.04 | M15: 443142 | N15: 18th Apr 2018 | O15: CLEAR | P15: NEFT-PNB
F16: =G16+H16 -> 0 | H16: =G16*18% -> 0 | K16: =G16*2% -> 0 | L16: =F16-K16 -> 0
F17: =G17+H17 -> 0 | H17: =G17*18% -> 0 | K17: =G17*2% -> 0 | L17: =F17-K17 -> 0
F18: =G18+H18 -> 0 | H18: =G18*18% -> 0 | K18: =G18*2% -> 0 | L18: =F18-K18 -> 0
E20: HOME | F20: =SUM(F2:F18) -> 1181769.4 | G20: =SUM(G2:G18) -> 1011364 | H20: =SUM(H2:H18) -> 170405.37 | K20: =SUM(K2:K18) -> 20227.28 | L20: =SUM(L2:L18) -> 1161542.1 | M20: =SUM(M2:M18) -> 1161542
E21: Monthwise
E22: GST - Monthwise
M24: =L9-M9 -> 0 | N24: 390000
M25: =G9*10% -> 5312.5 | N25: 16383
M26: =F9-M25 -> 57375

Sheet Opicle
A1: Inv Date | B1: RO No | C1: Campaigns | D1: Adunit | E1: Invoice number | F1: Final Amount | G1: Invoice amt | H1: ServiceTax | I1: Cam End date | J1: Due date | K1: Less 2% | L1: Amt Receivable | M1: Amount Received | N1: Amt Received Date | O1: Status | P1: Cheque No
A2: 6th Apr 2017 | E2: OpicleTechnologies-011-Dec-2016 | F2: =SUM(G2:H2) -> 251242.8 | G2: 218472 | H2: =G2*15% -> 32770.8 | K2: =G2*2% -> 4369.44 | L2: =F2-K2 -> 246873.36 | M2: 246873 | N2: 17th Apr 2017 | O2: CLEAR | P2: NEFT-PNB
A3: 6th Apr 2017 | E3: OpicleTechnologies-012-Jan-2017 | F3: =SUM(G3:H3) -> 209040.1 | G3: 181774 | H3: =G3*15% -> 27266.1 | K3: =G3*2% -> 3635.48 | L3: =F3-K3 -> 205404.62 | M3: 205405 | N3: 17th Apr 2017 | O3: CLEAR | P3: NEFT-PNB
A4: 9th May 2017 | E4: OpicleTechnologies-013-Feb-2017 | F4: =SUM(G4:H4) -> 34038.85 | G4: 29599 | H4: =G4*15% -> 4439.85 | K4: =G4*2% -> 591.98 | L4: =F4-K4 -> 33446.87 | M4: 33447 | N4: 12th June 2017 | O4: CLEAR | P4: NEFT-PNB
A5: 24th May 2017 | E5: OpicleTechnologies-014-Mar-2017 | F5: =SUM(G5:H5) -> 45075.4 | G5: 39196 | H5: =G5*15% -> 5879.4 | K5: =G5*2% -> 783.92 | L5: =F5-K5 -> 44291.48 | M5: 44291 | N5: 12th June 2017 | O5: CLEAR | P5: NEFT-PNB
A6: 6th June 2017 | E6: OpicleTechnologies-015-Apr-2017 | F6: =SUM(G6:H6) -> 45606.7 | G6: 39658 | H6: =G6*15% -> 5948.7 | K6: =G6*2% -> 793.16 | L6: =F6-K6 -> 44813.54 | M6: 44813 | N6: 19th Jul 2017 | O6: CLEAR | P6: NEFT-PNB
F7: =SUM(G7:H7) -> 0 | H7: =G7*15% -> 0 | K7: =G7*2% -> 0 | L7: =F7-K7 -> 0
A8: Inv Date | B8: RO No | C8: Campaigns | D8: Adunit | E8: Invoice number | F8: Final Amount | G8: Invoice amt | H8: IGST 18% | I8: Cam End date | J8: Due date | K8: Less 2% | L8: Amt Receivable | M8: Amount Received | N8: Amt Received Date | O8: Status | P8: Cheque No
A9: 3rd Aug 2017 | E9: OpicleTechnologies-016-May-2017 | F9: =SUM(G9:H9) -> 278543.72 | G9: 236054 | H9: =G9*18% -> 42489.72 | K9: =G9*2% -> 4721.08 | L9: =F9-K9 -> 273822.64 | M9: 273823 | N9: 27th Oct 2017 | O9: CLEAR | P9: NEFT-PNB
A10: 19th Sep 2017 | E10: OpicleTechnologies-017-June-2017 | F10: =SUM(G10:H10) -> 40374.88 | G10: 34216 | H10: =G10*18% -> 6158.88 | K10: =G10*2% -> 684.32 | L10: =F10-K10 -> 39690.56 | M10: 39691 | N10: 25th Jan 2018 | O10: CLEAR | P10: NEFT-PNB
A11: 24th Oct 2017 | E11: OpicleTechnologies-018-July-2017 | F11: =SUM(G11:H11) -> 77579.1 | G11: 65745 | H11: =G11*18% -> 11834.1 | K11: =G11*2% -> 1314.9 | L11: =F11-K11 -> 76264.2 | M11: 76264 | N11: 11th July 2018 | O11: CLEAR | P11: NEFT-PNB
A12: 24th Oct 2017 | E12: OpicleTechnologies-019-Aug-2017 | F12: =SUM(G12:H12) -> 60626.04 | G12: 51378 | H12: =G12*18% -> 9248.04 | K12: =G12*2% -> 1027.56 | L12: =F12-K12 -> 59598.48 | M12: 59598 | N12: 25th Jan 2018 | O12: CLEAR | P12: NEFT-PNB
A13: 5th Dec 2017 | E13: OpicleTechnologies-020-Oct-2017 | F13: =SUM(G13:H13) -> 87750.7 | G13: 74365 | H13: =G13*18% -> 13385.7 | K13: =G13*2% -> 1487.3 | L13: =F13-K13 -> 86263.4 | M13: 86262 | N13: 5th June 2018 | O13: CLEAR | P13: NEFT-PNB
A14: 27th Dec 2017 | E14: OpicleTechnologies-021-Sep-2017 | F14: =SUM(G14:H14) -> 19057 | G14: 16150 | H14: =G14*18% -> 2907 | K14: =G14*2% -> 323 | L14: =F14-K14 -> 18734 | M14: 18734 | N14: 27th Feb 2018 | O14: CLEAR | P14: NEFT-PNB
A15: 9th Feb 2018 | E15: OpicleTechnologies-022-Nov-2017 | F15: =SUM(G15:H15) -> 5947.2 | G15: 5040 | H15: =G15*18% -> 907.2 | K15: =G15*2% -> 100.8 | L15: =F15-K15 -> 5846.4 | M15: 5846 | N15: 27th Feb 2018 | O15: CLEAR | P15: NEFT-PNB
A16: 9th Feb 2018 | E16: OpicleTechnologies-023-Dec-2017 | F16: =SUM(G16:H16) -> 92050.62 | G16: 78009 | H16: =G16*18% -> 14041.62 | K16: =G16*2% -> 1560.18 | L16: =F16-K16 -> 90490.44 | M16: 90493 | N16: 24th July 2018 | O16: CLEAR | P16: NEFT-PNB
F17: =SUM(G17:H17) -> 0 | H17: =G17*18% -> 0 | K17: =G17*2% -> 0 | L17: =F17-K17 -> 0
E19: HOME | F19: =SUM(F2:F17) -> 1246933.1 | G19: =SUM(G2:G17) -> 1069656 | H19: =SUM(H2:H17) -> 177277.11 | K19: =SUM(K2:K17) -> 21393.12 | L19: =SUM(L2:L17) -> 1225540 | M19: =SUM(M2:M17) -> 1225540
E20: Monthwise
E21: GST - Monthwise

Sheet Media-Conversion
A1: Inv Date | B1: RO No | C1: Campaigns | D1: Adunit | E1: Invoice number | F1: Final Amount | G1: Invoice amt | H1: ServiceTax | I1: Cam End date | J1: Due date | K1: Less 2% | L1: Amt Receivable | M1: Amount Received | N1: Amt Received Date | O1: Status | P1: Cheque No
A2: 7th June 2017 | C2: RajniGandha | D2: CPM | E2: MediaConversion-042-Jun-2017 | F2: =SUM(G2:H2) -> 31209.85 | G2: 27139 | H2: =G2*15% -> 4070.85 | K2: =G2*2% -> 542.78 | L2: =F2-K2 -> 30667.07 | M2: 30667 | N2: 31st Aug 2017 | O2: CLEAR | P2: NEFT-PNB
C3: Maruti-Dzire | D3: CPC | E3: MediaConversion-043-Jun-2017 | F3: =SUM(G3:H3) -> 8107.5 | G3: 7050 | H3: =G3*15% -> 1057.5 | K3: =G3*2% -> 141 | L3: =F3-K3 -> 7966.5 | M3: 7966 | N3: 31st Aug 2017 | O3: CLEAR | P3: NEFT-PNB
F4: =SUM(G4:H4) -> 0 | H4: =G4*15% -> 0 | K4: =G4*2% -> 0 | L4: =F4-K4 -> 0
A5: Inv Date | B5: RO No | C5: Campaigns | D5: Adunit | E5: Invoice number | F5: Final Amount | G5: Invoice amt | H5: IGST 18% | I5: Cam End date | J5: Due date | K5: Less 2% | L5: Amt Receivable | M5: Amount Received | N5: Amt Received Date | O5: Status | P5: Cheque No
A6: 14th Aug 2017 | C6: Tecno-Mobile | D6: CPC-CPV | E6: MediaConversion-044-Jul-2017 | F6: =SUM(G6:H6) -> 43162.04 | G6: 36578 | H6: =G6*18% -> 6584.04 | K6: =G6*2% -> 731.56 | L6: =F6-K6 -> 42430.48 | M6: 42429 | N6: 8th Dec 2017 | O6: CLEAR | P6: NEFT-PNB
A7: 8th Nov 2017 | C7: AMFI | D7: CPM | E7: MediaConversion-045-Oct-2017 | F7: =SUM(G7:H7) -> 26557.08 | G7: 22506 | H7: =G7*18% -> 4051.08 | K7: =G7*2% -> 450.12 | L7: =F7-K7 -> 26106.96 | M7: 26107 | N7: 17th Feb 2018 | O7: CLEAR | P7: NEFT-PNB
A8: 30th Nov 2017 | C8: Home-Credit | D8: CPC | E8: MediaConversion-046-Nov-2017 | F8: =SUM(G8:H8) -> 20275.94 | G8: 17183 | H8: =G8*18% -> 3092.94 | K8: =G8*2% -> 343.66 | L8: =F8-K8 -> 19932.28
F9: =SUM(G9:H9) -> 0 | H9: =G9*18% -> 0 | K9: =G9*2% -> 0 | L9: =F9-K9 -> 0
F10: =SUM(G10:H10) -> 0 | H10: =G10*18% -> 0 | K10: =G10*2% -> 0 | L10: =F10-K10 -> 0
F11: =SUM(G11:H11) -> 0 | H11: =G11*18% -> 0 | K11: =G11*2% -> 0 | L11: =F11-K11 -> 0
F12: =SUM(G12:H12) -> 0 | H12: =G12*18% -> 0 | K12: =G12*2% -> 0 | L12: =F12-K12 -> 0
F13: =SUM(G13:H13) -> 0 | H13: =G13*18% -> 0 | K13: =G13*2% -> 0 | L13: =F13-K13 -> 0
F14: =SUM(G14:H14) -> 0 | H14: =G14*18% -> 0 | K14: =G14*2% -> 0 | L14: =F14-K14 -> 0
F15: =SUM(G15:H15) -> 0 | H15: =G15*18% -> 0 | K15: =G15*2% -> 0 | L15: =F15-K15 -> 0
F16: =SUM(G16:H16) -> 0 | H16: =G16*18% -> 0 | K16: =G16*2% -> 0 | L16: =F16-K16 -> 0
F17: =SUM(G17:H17) -> 0 | H17: =G17*18% -> 0 | K17: =G17*2% -> 0 | L17: =F17-K17 -> 0
F18: =SUM(G18:H18) -> 0 | H18: =G18*18% -> 0 | K18: =G18*2% -> 0 | L18: =F18-K18 -> 0
F19: =SUM(G19:H19) -> 0 | H19: =G19*18% -> 0 | K19: =G19*2% -> 0 | L19: =F19-K19 -> 0
F20: =SUM(G20:H20) -> 0 | H20: =G20*18% -> 0 | J20: =I20+60 -> 60 | K20: =G20*2% -> 0 | L20: =F20-K20 -> 0
E22: HOME | F22: =SUM(F2:F20) -> 129312.41 | G22: =SUM(G2:G20) -> 110456 | H22: =SUM(H2:H20) -> 18856.41 | K22: =SUM(K2:K20) -> 2209.12 | L22: =SUM(L2:L20) -> 127103.29 | M22: =SUM(M2:M20) -> 107169
E23: Monthwise | N23: 221825 | O23: 1808
E24: GST - Monthwise | M24: =SUM(M3:M13) -> 76502
K25: =L5+L13 -> #VALUE! | M25: 213254 | N25: 28440
K26: 28440 | M26: =M25-M24 -> 136752 | N26: =SUM(#REF!,L4) -> #REF!
K27: =K26-K25 -> #VALUE! | N27: =N25-N26 -> #REF!
N29: =8362-172 -> 8190

Sheet Bizvin
A1: Inv Date | B1: RO No | C1: Campaigns | D1: Adunit | E1: Invoice number | F1: Final Amount | G1: Invoice amt | H1: ServiceTax | I1: Cam End date | J1: Due date | K1: Less 2% | L1: Amt Receivable | M1: Amount Received | N1: Amt Received Date | O1: Status | P1: Cheque No
A2: HOME | B2: Monthwise | C2: GST - Monthwise | F2: =SUM(F3:F73) -> 2408801.7 | G2: =SUM(G3:G73) -> 2063059 | H2: =SUM(H3:H73) -> 345742.68 | K2: =SUM(K3:K73) -> 41261.18 | L2: =SUM(L3:L73) -> 2367540.5 | M2: =SUM(M3:M73) -> 2367542
A3: 5th Apr 2017 | C3: PPAI | D3: CPM | E3: Bizwin-077-Mar-2017 | F3: =SUM(G3:H3) -> 31050 | G3: 27000 | H3: =G3*15% -> 4050 | I3: 42826 | J3: =I3+90 -> 42916 | K3: =G3*2% -> 540 | L3: =F3-K3 -> 30510 | M3: 30510 | O3: CLEAR | P3: 592
A4: 11th May 2017 | C4: JCB | D4: CPM | E4: Bizwin-078-Mar-2017 | F4: =SUM(G4:H4) -> 35692.55 | G4: 31037 | H4: =G4*15% -> 4655.55 | I4: 42826 | J4: =I4+90 -> 42916 | K4: =G4*2% -> 620.74 | L4: =F4-K4 -> 35071.81 | M4: 35072 | O4: CLEAR | P4: 592
A5: 11th May 2017 | C5: HP | D5: CPM | E5: Bizwin-079-Apr-2017 | F5: =SUM(G5:H5) -> 44514.2 | G5: 38708 | H5: =G5*15% -> 5806.2 | I5: 42856 | J5: =I5+90 -> 42946 | K5: =G5*2% -> 774.16 | L5: =F5-K5 -> 43740.04 | M5: 43740 | O5: CLEAR | P5: 592
A6: 15th May 2017 | C6: Nescafe | D6: CPL | E6: Bizwin-080-Feb-2017 | F6: =SUM(G6:H6) -> 11787.5 | G6: 10250 | H6: =G6*15% -> 1537.5 | I6: 42795 | J6: =I6+90 -> 42885 | K6: =G6*2% -> 205 | L6: =F6-K6 -> 11582.5 | M6: 11583 | O6: CLEAR | P6: 592
A7: 15th May 2017 | C7: WWF | D7: CPL | E7: Bizwin-081-Feb-2017 | F7: =SUM(G7:H7) -> 2584.05 | G7: 2247 | H7: =G7*15% -> 337.05 | I7: 42795 | J7: =I7+90 -> 42885 | K7: =G7*2% -> 44.94 | L7: =F7-K7 -> 2539.11 | M7: 2539 | O7: CLEAR | P7: 592
A8: 30th June 2017 | C8: HP | D8: CPV | E8: Bizwin-082-Apr-2017 | F8: =SUM(G8:H8) -> 2875 | G8: 2500 | H8: =G8*15% -> 375 | J8: =I8+90 -> 90 | K8: =G8*2% -> 50 | L8: =F8-K8 -> 2825 | M8: 2825 | O8: CLEAR | P8: 654
A9: 30th June 2017 | C9: AYB-Mailer | D9: CPV | E9: Bizwin-083-May-2017 | F9: =SUM(G9:H9) -> 1351.25 | G9: 1175 | H9: =G9*15% -> 176.25 | J9: =I9+90 -> 90 | K9: =G9*2% -> 23.5 | L9: =F9-K9 -> 1327.75 | M9: 1328 | O9: CLEAR | P9: 654
A10: 30th June 2017 | C10: ISV-&-Microsoft-EDM | D10: CPV | E10: Bizwin-084-June-2017 | F10: =SUM(G10:H10) -> 2012.5 | G10: 1750 | H10: =G10*15% -> 262.5 | J10: =I10+90 -> 90 | K10: =G10*2% -> 35 | L10: =F10-K10 -> 1977.5 | M10: 1978 | O10: CLEAR | P10: 654
A11: 30th June 2017 | C11: SAP | D11: CPV | E11: Bizwin-085-June-2017 | F11: =SUM(G11:H11) -> 14950 | G11: 13000 | H11: =G11*15% -> 1950 | J11: =I11+90 -> 90 | K11: =G11*2% -> 260 | L11: =F11-K11 -> 14690 | M11: 14690 | O11: CLEAR | P11: 654
A12: 30th June 2017 | C12: Microsoft-Azure | D12: CPM | E12: Bizwin-086-June-2017 | F12: =SUM(G12:H12) -> 49162.5 | G12: 42750 | H12: =G12*15% -> 6412.5 | J12: =I12+90 -> 90 | K12: =G12*2% -> 855 | L12: =F12-K12 -> 48307.5 | M12: 48308 | O12: CLEAR | P12: 654
A13: 30th June 2017 | C13: MS-Azure | D13: CPV | E13: Bizwin-087-June-2017 | F13: =SUM(G13:H13) -> 1150 | G13: 1000 | H13: =G13*15% -> 150 | J13: =I13+90 -> 90 | K13: =G13*2% -> 20 | L13: =F13-K13 -> 1130 | M13: 1130 | O13: CLEAR | P13: 654
A14: 30th June 2017 | C14: Microsoft | D14: CPV | E14: Bizwin-088-June-2017 | F14: =SUM(G14:H14) -> 757850 | G14: 659000 | H14: =G14*15% -> 98850 | I14: 42916 | J14: =I14+90 -> 43006 | K14: =G14*2% -> 13180 | L14: =F14-K14 -> 744670 | M14: 744669 | O14: CLEAR | P14: 654
A15: 30th June 2017 | C15: HP-Toner | D15: CPM | E15: Bizwin-089-June-2017 | F15: =SUM(G15:H15) -> 26658.15 | G15: 23181 | H15: =G15*15% -> 3477.15 | I15: 42916 | J15: =I15+90 -> 43006 | K15: =G15*2% -> 463.62 | L15: =F15-K15 -> 26194.53 | M15: 26195 | O15: CLEAR | P15: 683
A17: Inv Date | B17: RO No | C17: Campaigns | D17: Adunit | E17: Invoice number | F17: Final Amount | G17: Invoice amt | H17: IGST 18% | I17: Cam End date | J17: Due date | K17: Less 2% | L17: Amt Receivable | M17: Amount Received | N17: Amt Received Date | O17: Status | P17: Cheque No
A18: 3rd Aug 2017 | C18: Bajaj Electric | D18: CPM | E18: Bizwin-090-July-2017 | F18: =SUM(G18:H18) -> 96288 | G18: 81600 | H18: =G18*18% -> 14688 | I18: 42947 | J18: =I18+90 -> 43037 | K18: =G18*2% -> 1632 | L18: =F18-K18 -> 94656 | M18: 94656 | O18: CLEAR | P18: 683
A19: 3rd Aug 2017 | C19: HP Toner | D19: CPM | E19: Bizwin-091-July-2017 | F19: =SUM(G19:H19) -> 46986.42 | G19: 39819 | H19: =G19*18% -> 7167.42 | I19: 42947 | J19: =I19+90 -> 43037 | K19: =G19*2% -> 796.38 | L19: =F19-K19 -> 46190.04 | M19: 46190 | O19: CLEAR | P19: 683
A20: 3rd Aug 2017 | C20: Cisco | D20: CPM | E20: Bizwin-092-July-2017 | F20: =SUM(G20:H20) -> 53100 | G20: 45000 | H20: =G20*18% -> 8100 | I20: 42947 | J20: =I20+90 -> 43037 | K20: =G20*2% -> 900 | L20: =F20-K20 -> 52200 | M20: 52200 | O20: CLEAR | P20: 683
A21: 3rd Aug 2017 | C21: Vmware | D21: CPV | E21: Bizwin-093-July-2017 | F21: =SUM(G21:H21) -> 590 | G21: 500 | H21: =G21*18% -> 90 | I21: 42947 | J21: =I21+90 -> 43037 | K21: =G21*2% -> 10 | L21: =F21-K21 -> 580 | M21: 580 | O21: CLEAR | P21: 683
A22: 18th Aug 2017 | C22: Qualcomm-Nasscom+CII Trade | D22: CPM | E22: Bizwin-094-July-2017 | F22: =SUM(G22:H22) -> 42480 | G22: 36000 | H22: =G22*18% -> 6480 | I22: 42958 | J22: =I22+90 -> 43048 | K22: =G22*2% -> 720 | L22: =F22-K22 -> 41760 | M22: 41760 | N22: 29th Jan 2018 | O22: CLEAR | P22: 716
A23: 31st Aug 2017 | C23: Hitachi Fisme | D23: CPM | E23: Bizwin-095-Aug-2017 | F23: =SUM(G23:H23) -> 7965 | G23: 6750 | H23: =G23*18% -> 1215 | I23: 42978 | J23: =I23+90 -> 43068 | K23: =G23*2% -> 135 | L23: =F23-K23 -> 7830 | M23: 7830 | N23: 29th Jan 2018 | O23: CLEAR | P23: 716
A24: 31st Aug 2017 | C24: Hitachi KNN | D24: CPM | E24: Bizwin-096-Aug-2017 | F24: =SUM(G24:H24) -> 7965 | G24: 6750 | H24: =G24*18% -> 1215 | I24: 42978 | J24: =I24+90 -> 43068 | K24: =G24*2% -> 135 | L24: =F24-K24 -> 7830 | M24: 7830 | N24: 29th Jan 2018 | O24: CLEAR | P24: 716
A25: 31st Aug 2017 | C25: Lufthansa | D25: CPV | E25: Bizwin-097-Aug-2017 | F25: =SUM(G25:H25) -> 22125 | G25: 18750 | H25: =G25*18% -> 3375 | I25: 42978 | J25: =I25+90 -> 43068 | K25: =G25*2% -> 375 | L25: =F25-K25 -> 21750 | M25: 21750 | N25: 29th Jan 2018 | O25: CLEAR | P25: 716 | Q25: 372335
A26: 31st Aug 2017 | C26: Cisco | D26: CPV | E26: Bizwin-098-Aug-2017 | F26: =SUM(G26:H26) -> 94400 | G26: 80000 | H26: =G26*18% -> 14400 | I26: 42978 | J26: =I26+90 -> 43068 | K26: =G26*2% -> 1600 | L26: =F26-K26 -> 92800 | M26: 92800 | N26: 29th Jan 2018 | O26: CLEAR | P26: 716 | Q26: 372334
A27: 31st Aug 2017 | C27: Adobe | D27: CPM | E27: Bizwin-099-Aug-2017 | F27: =SUM(G27:H27) -> 37170 | G27: 31500 | H27: =G27*18% -> 5670 | I27: 42978 | J27: =I27+90 -> 43068 | K27: =G27*2% -> 630 | L27: =F27-K27 -> 36540 | M27: 36540 | N27: 29th Jan 2018 | O27: CLEAR | P27: 716
A28: 13th Sep 2017 | C28: Qualcomm-IESA | D28: CPM | E28: Bizwin-100-Sep-2017 | F28: =SUM(G28:H28) -> 26550 | G28: 22500 | H28: =G28*18% -> 4050 | I28: 42989 | J28: =I28+90 -> 43079 | K28: =G28*2% -> 450 | L28: =F28-K28 -> 26100 | M28: 26100 | O28: CLEAR | P28: 760
A29: 13th Sep 2017 | C29: Qualcomm-The-Telecom-Times | D29: CPM | E29: Bizwin-101-Sep-2017 | F29: =SUM(G29:H29) -> 26550 | G29: 22500 | H29: =G29*18% -> 4050 | I29: 42989 | J29: =I29+90 -> 43079 | K29: =G29*2% -> 450 | L29: =F29-K29 -> 26100 | M29: 26100 | O29: CLEAR | P29: 760
A30: 18th Sep 2017 | C30: Bits-HR-Katha | D30: CPM | E30: Bizwin-102-Sep-2017 | F30: =SUM(G30:H30) -> 4248 | G30: 3600 | H30: =G30*18% -> 648 | I30: 42993 | J30: =I30+90 -> 43083 | K30: =G30*2% -> 72 | L30: =F30-K30 -> 4176 | M30: 4176 | O30: CLEAR | P30: 760
A31: 18th Sep 2017 | C31: Bits-Human-Capital | D31: CPM | E31: Bizwin-103-Sep-2017 | F31: CANCELLED | G31: CANCELLED | H31: CANCELLED | L31: CANCELLED
A32: 18th Sep 2017 | C32: Bits Nasscom | D32: CPM | E32: Bizwin-104-Sep-2017 | F32: =SUM(G32:H32) -> 10620 | G32: 9000 | H32: =G32*18% -> 1620 | I32: 42993 | J32: =I32+90 -> 43083 | K32: =G32*2% -> 180 | L32: =F32-K32 -> 10440 | M32: 10440 | O32: CLEAR | P32: 760
A33: 18th Sep 2017 | C33: Bits CII | D33: CPM | E33: Bizwin-105-Sep-2017 | F33: =SUM(G33:H33) -> 7586.22 | G33: 6429 | H33: =G33*18% -> 1157.22 | I33: 42993 | J33: =I33+90 -> 43083 | K33: =G33*2% -> 128.58 | L33: =F33-K33 -> 7457.64 | M33: 7458 | O33: CLEAR | P33: 760
A34: 28th Sep 2017 | C34: Hitachi TI | D34: CPM | E34: Bizwin-106-Sep-2017 | F34: =SUM(G34:H34) -> 11947.5 | G34: 10125 | H34: =G34*18% -> 1822.5 | J34: 43090 | K34: =G34*2% -> 202.5 | L34: =F34-K34 -> 11745 | M34: 11745 | O34: CLEAR | P34: 760
A35: 28th Sep 2017 | C35: Hitachi TT | D35: CPM | E35: Bizwin-107-Sep-2017 | F35: =SUM(G35:H35) -> 6637.5 | G35: 5625 | H35: =G35*18% -> 1012.5 | J35: 43090 | K35: =G35*2% -> 112.5 | L35: =F35-K35 -> 6525 | M35: 6525 | O35: CLEAR | P35: 760
A36: 28th Sep 2017 | C36: Adobe | D36: CPM | E36: Bizwin-108-Sep-2017 | F36: =SUM(G36:H36) -> 18585 | G36: 15750 | H36: =G36*18% -> 2835 | J36: 43088 | K36: =G36*2% -> 315 | L36: =F36-K36 -> 18270 | M36: 18270 | O36: CLEAR | P36: 760
A37: 28th Sep 2017 | C37: IBM | D37: CPV | E37: Bizwin-109-Sep-2017 | F37: =SUM(G37:H37) -> 295 | G37: 250 | H37: =G37*18% -> 45 | J37: 43090 | K37: =G37*2% -> 5 | L37: =F37-K37 -> 290 | M37: 290 | O37: CLEAR | P37: 760
A38: 30th Sep 2017 | C38: Hitachi-Fisme-KNN | D38: CPM | E38: Bizwin-110-Sep-2017 | F38: =SUM(G38:H38) -> 31476.5 | G38: 26675 | H38: =G38*18% -> 4801.5 | J38: 43097 | K38: =G38*2% -> 533.5 | L38: =F38-K38 -> 30943 | M38: 30943 | O38: CLEAR | P38: 760
A39: 30th Sep 2017 | C39: IBM | D39: CPV | E39: Bizwin-111-Sep-2017 | F39: =SUM(G39:H39) -> 295 | G39: 250 | H39: =G39*18% -> 45 | J39: 43097 | K39: =G39*2% -> 5 | L39: =F39-K39 -> 290 | M39: 290 | O39: CLEAR | P39: 760
A40: 30th Sep 2017 | C40: Bits-Pilani | D40: CPV | E40: Bizwin-112-Sep-2017 | F40: =SUM(G40:H40) -> 413 | G40: 350 | H40: =G40*18% -> 63 | J40: 43097 | K40: =G40*2% -> 7 | L40: =F40-K40 -> 406 | M40: 406 | O40: CLEAR | P40: 760
A41: 16th Oct 2017 | C41: JCB NBM | D41: CPM | E41: Bizwin-113-Sep-2017 | F41: =SUM(G41:H41) -> 66375 | G41: 56250 | H41: =G41*18% -> 10125 | J41: =I41+90 -> 90 | K41: =G41*2% -> 1125 | L41: =F41-K41 -> 65250 | M41: 65250 | O41: CLEAR | P41: 760
A42: 16th Oct 2017 | C42: JCB Equipment | D42: CPM | E42: Bizwin-114-Sep-2017 | F42: =SUM(G42:H42) -> 36875 | G42: 31250 | H42: =G42*18% -> 5625 | J42: =I42+90 -> 90 | K42: =G42*2% -> 625 | L42: =F42-K42 -> 36250 | M42: 36250 | O42: CLEAR | P42: 760
A43: 16th Oct 2017 | C43: JCB Construction World | D43: CPM | E43: Bizwin-115-Oct-2017 | F43: =SUM(G43:H43) -> 21240 | G43: 18000 | H43: =G43*18% -> 3240 | J43: =I43+90 -> 90 | K43: =G43*2% -> 360 | L43: =F43-K43 -> 20880 | M43: 20880 | O43: CLEAR | P43: 760
A44: 27th Oct 2017 | C44: JCB BAI | D44: CPM | E44: Bizwin-116-Oct-2017 | F44: =SUM(G44:H44) -> 22757.48 | G44: 19286 | H44: =G44*18% -> 3471.48 | I44: 43025 | J44: =I44+90 -> 43115 | K44: =G44*2% -> 385.72 | L44: =F44-K44 -> 22371.76 | M44: 22372 | O44: CLEAR | P44: 760
A45: 31st Oct 2017 | C45: SAP Leonardo | D45: CPM | E45: Bizwin-117-Oct-2017 | F45: =SUM(G45:H45) -> 48675 | G45: 41250 | H45: =G45*18% -> 7425 | I45: 43039 | J45: =I45+90 -> 43129 | K45: =G45*2% -> 825 | L45: =F45-K45 -> 47850 | M45: 47850 | O45: CLEAR | P45: 760
A46: 31st Oct 2017 | C46: HP PC | D46: CPM | E46: Bizwin-118-Oct-2017 | F46: =SUM(G46:H46) -> 73207.2 | G46: 62040 | H46: =G46*18% -> 11167.2 | I46: 43039 | J46: =I46+90 -> 43129 | K46: =G46*2% -> 1240.8 | L46: =F46-K46 -> 71966.4 | M46: 71966 | O46: CLEAR | P46: 760
A47: 17th Nov 2017 | C47: Bits-Human-Capital | D47: CPM | E47: Bizwin-103-Sep-2017 | F47: =SUM(G47:H47) -> 10620 | G47: 9000 | H47: =G47*18% -> 1620 | J47: =I47+90 -> 90 | K47: =G47*2% -> 180 | L47: =F47-K47 -> 10440 | M47: 10440 | O47: CLEAR | P47: 760
A48: 30th Nov 2017 | C48: Adobe | D48: CPM | E48: Bizwin-119-Nov-2017 | F48: =SUM(G48:H48) -> 4389.6 | G48: 3720 | H48: =G48*18% -> 669.6 | J48: =I48+90 -> 90 | K48: =G48*2% -> 74.4 | L48: =F48-K48 -> 4315.2 | M48: 4315 | O48: CLEAR | P48: 760
A49: 30th Nov 2017 | C49: IBM | D49: CPV | E49: Bizwin-120-Nov-2017 | F49: =SUM(G49:H49) -> 295 | G49: 250 | H49: =G49*18% -> 45 | J49: =I49+90 -> 90 | K49: =G49*2% -> 5 | L49: =F49-K49 -> 290 | M49: 290 | O49: CLEAR | P49: 760
A50: 23rd Dec 2017 | C50: Hitachi-Fisme-KNN | D50: CPM | E50: Bizwin-121-Dec-2017 | F50: =SUM(G50:H50) -> 21894.9 | G50: 18555 | H50: =G50*18% -> 3339.9 | J50: =I50+90 -> 90 | K50: =G50*2% -> 371.1 | L50: =F50-K50 -> 21523.8 | M50: 21524 | O50: CLEAR | P50: 808
A51: 23rd Dec 2017 | C51: Adobe | D51: CPM | E51: Bizwin-122-Dec-2017 | F51: =SUM(G51:H51) -> 13570 | G51: 11500 | H51: =G51*18% -> 2070 | J51: =I51+90 -> 90 | K51: =G51*2% -> 230 | L51: =F51-K51 -> 13340 | M51: 13340 | O51: CLEAR | P51: 808
A52: 15th Jan 2018 | C52: Cisco | D52: CPM | E52: Bizwin-123-Dec-2017 | F52: =SUM(G52:H52) -> 59000 | G52: 50000 | H52: =G52*18% -> 9000 | J52: =I52+90 -> 90 | K52: =G52*2% -> 1000 | L52: =F52-K52 -> 58000 | M52: 58000 | O52: CLEAR | P52: 808
A53: 15th Jan 2018 | C53: Cisco | D53: CPM | E53: Bizwin-124-Jan-2017 | F53: =SUM(G53:H53) -> 141600 | G53: 120000 | H53: =G53*18% -> 21600 | J53: =I53+90 -> 90 | K53: =G53*2% -> 2400 | L53: =F53-K53 -> 139200 | M53: 139200 | O53: CLEAR | P53: 808
A54: 15th Jan 2018 | C54: HP Toner | D54: CPM | E54: Bizwin-125-Jan-2017 | F54: =SUM(G54:H54) -> 59000 | G54: 50000 | H54: =G54*18% -> 9000 | J54: =I54+90 -> 90 | K54: =G54*2% -> 1000 | L54: =F54-K54 -> 58000 | M54: 58000 | O54: CLEAR | P54: 808
A55: 31st Jan 2018 | C55: Hitachi-Fisme-KNN | D55: CPM | E55: Bizwin-126-Jan-2017 | F55: =SUM(G55:H55) -> 82600 | G55: 70000 | H55: =G55*18% -> 12600 | J55: =I55+90 -> 90 | K55: =G55*2% -> 1400 | L55: =F55-K55 -> 81200 | M55: 81200 | O55: CLEAR | P55: 808
A56: 14th Mar 2018 | C56: Hitachi | D56: CPM | E56: Bizwin-127-Feb-2018 | F56: =SUM(G56:H56) -> 5900 | G56: 5000 | H56: =G56*18% -> 900 | J56: =I56+90 -> 90 | K56: =G56*2% -> 100 | L56: =F56-K56 -> 5800 | M56: 5800 | O56: CLEAR | P56: 900
A57: 14th Mar 2018 | C57: JCB | D57: CPM | E57: Bizwin-128-Feb-2018 | F57: =SUM(G57:H57) -> 23600 | G57: 20000 | H57: =G57*18% -> 3600 | J57: =I57+90 -> 90 | K57: =G57*2% -> 400 | L57: =F57-K57 -> 23200 | M57: 23200 | O57: CLEAR | P57: 900
A58: 31st Mar 2018 | C58: Qualcomm | D58: CPM | E58: Bizwin-129-Mar-2018 | F58: =SUM(G58:H58) -> 134091.66 | G58: 113637 | H58: =G58*18% -> 20454.66 | J58: =I58+90 -> 90 | K58: =G58*2% -> 2272.74 | L58: =F58-K58 -> 131818.92 | M58: 131819 | O58: CLEAR | P58: 900
A59: 31st Mar 2018 | C59: Intel | D59: CPM | E59: Bizwin-130-Mar-2018 | F59: =SUM(G59:H59) -> 47200 | G59: 40000 | H59: =G59*18% -> 7200 | J59: =I59+90 -> 90 | K59: =G59*2% -> 800 | L59: =F59-K59 -> 46400 | M59: 46400 | O59: CLEAR | P59: 900
F60: =SUM(G60:H60) -> 0 | H60: =G60*18% -> 0 | J60: =I60+90 -> 90 | K60: =G60*2% -> 0 | L60: =F60-K60 -> 0
F61: =SUM(G61:H61) -> 0 | H61: =G61*18% -> 0 | J61: =I61+90 -> 90 | K61: =G61*2% -> 0 | L61: =F61-K61 -> 0
F62: =SUM(G62:H62) -> 0 | H62: =G62*18% -> 0 | J62: =I62+90 -> 90 | K62: =G62*2% -> 0 | L62: =F62-K62 -> 0
F63: =SUM(G63:H63) -> 0 | H63: =G63*18% -> 0 | J63: =I63+90 -> 90 | K63: =G63*2% -> 0 | L63: =F63-K63 -> 0
F64: =SUM(G64:H64) -> 0 | H64: =G64*18% -> 0 | J64: =I64+90 -> 90 | K64: =G64*2% -> 0 | L64: =F64-K64 -> 0
F65: =SUM(G65:H65) -> 0 | H65: =G65*18% -> 0 | J65: =I65+90 -> 90 | K65: =G65*2% -> 0 | L65: =F65-K65 -> 0
F66: =SUM(G66:H66) -> 0 | H66: =G66*18% -> 0 | J66: =I66+90 -> 90 | K66: =G66*2% -> 0 | L66: =F66-K66 -> 0
F67: =SUM(G67:H67) -> 0 | H67: =G67*18% -> 0 | J67: =I67+90 -> 90 | K67: =G67*2% -> 0 | L67: =F67-K67 -> 0
F68: =SUM(G68:H68) -> 0 | H68: =G68*18% -> 0 | J68: =I68+90 -> 90 | K68: =G68*2% -> 0 | L68: =F68-K68 -> 0
F69: =SUM(G69:H69) -> 0 | H69: =G69*18% -> 0 | J69: =I69+90 -> 90 | K69: =G69*2% -> 0 | L69: =F69-K69 -> 0
F70: =SUM(G70:H70) -> 0 | H70: =G70*18% -> 0 | J70: =I70+90 -> 90 | K70: =G70*2% -> 0 | L70: =F70-K70 -> 0
F71: =SUM(G71:H71) -> 0 | H71: =G71*18% -> 0 | J71: =I71+90 -> 90 | K71: =G71*2% -> 0 | L71: =F71-K71 -> 0
... F73: =SUM(G73:H73) -> 0 | H73: =G73*18% -> 0 | J73: =I73+90 -> 90 | K73: =G73*2% -> 0 | L73: =F73-K73 -> 0
E75: HOME | F75: =SUM(F3:F73) -> 2408801.7 | G75: =SUM(G3:G73) -> 2063059 | H75: =SUM(H3:H73) -> 345742.68 | K75: =SUM(K3:K73) -> 41261.18 | L75: =SUM(L3:L73) -> 2367540.5 | M75: =SUM(M3:M73) -> 2367542
E76: Monthwise

Sheet SVG+DGM
A1: Inv Date | B1: Segment | C1: Campaigns | D1: Adunit | E1: Invoice number | F1: Final Amount | G1: Invoice amt | H1: ServiceTax | I1: Cam End date | J1: Due date | K1: Less 2% | L1: Amt Receivable | M1: Amount Received | N1: Amt Received Date | O1: Status | P1: Cheque No
A2: 27th Apr 2017 | B2: Tyroo International | C2: International | E2: TYROO-00155-Jan-2017 | F2: =SUM(G2:H2) -> 62400 | G2: =975*64 -> 62400 | L2: =F2-K2 -> 62400 | O2: CLEAR | P2: NEFT-PNB
A3: 27th Apr 2017 | B3: Tyroo International | C3: International | E3: TYROO-00156-Feb-2017 | F3: =SUM(G3:H3) -> 124800 | G3: =1950*64 -> 124800 | L3: =F3-K3 -> 124800 | O3: CLEAR | P3: NEFT-PNB
A4: 27th Apr 2017 | B4: Tyroo International | C4: International | E4: TYROO-00157-Mar-2017 | F4: =SUM(G4:H4) -> 41600 | G4: =650*64 -> 41600 | L4: =F4-K4 -> 41600 | O4: CLEAR | P4: NEFT-PNB
A5: 26th Apr 2017 | B5: DGMATIX | E5: DGMatix-024-Feb-2017 | F5: =SUM(G5:H5) -> 77850.4 | G5: 67696 | H5: =G5*15% -> 10154.4 | K5: =G5*2% -> 1353.92 | L5: =F5-K5 -> 76496.48 | M5: 76495 | N5: 20th May 2017 | O5: CLEAR | P5: NEFT-PNB
A6: 26th Apr 2017 | B6: DGMATIX | E6: DGMatix-025-Mar-2017 | F6: =SUM(G6:H6) -> 36264.1 | G6: 31534 | H6: =G6*15% -> 4730.1 | K6: =G6*2% -> 630.68 | L6: =F6-K6 -> 35633.42 | M6: 35634 | N6: 12th June 2017 | O6: CLEAR | P6: NEFT-PNB
A7: 7th June 2017 | B7: Tyroo International | C7: International | E7: TYROO-00158-Apr-2017 | F7: =SUM(G7:H7) -> 48000 | G7: =750*64 -> 48000 | L7: =F7-K7 -> 48000 | M7: 289996 | N7: 15th June 2017 | O7: CLEAR | P7: NEFT-PNB
A8: 30th June 2017 | B8: DGM India | C8: CPL | E8: DGPerform-023-Apr-2017 | F8: =SUM(G8:H8) -> 4485 | G8: 3900 | H8: =G8*15% -> 585 | K8: =G8*2% -> 78 | L8: =F8-K8 -> 4407 | M8: 4406 | N8: 25th Jul 2017 | O8: CLEAR | P8: NEFT-PNB
A9: 16th Aug 2017 | B9: Tyroo International | C9: International | E9: TYROO-00159-May-2017 | F9: =SUM(G9:H9) -> 113260 | G9: =1750*64.72 -> 113260 | H9: 0 | K9: 0 | L9: =1750*64.72 -> 113260 | O9: CLEAR | P9: NEFT-PNB
A10: 16th Aug 2017 | B10: Tyroo International | C10: International | E10: TYROO-00160-June-2017 | F10: =SUM(G10:H10) -> 90608 | G10: =1400*64.72 -> 90608 | H10: 0 | K10: 0 | L10: =1400*64.72 -> 90608 | O10: CLEAR | P10: NEFT-PNB
A11: 16th Oct 2017 | B11: Tyroo International | C11: International | E11: TYROO-00161-Aug-2017 | F11: =SUM(G11:H11) -> 20710.4 | G11: =320*64.72 -> 20710.4 | H11: 0 | K11: 0 | L11: =320*64.72 -> 20710.4 | O11: CLEAR | P11: NEFT-PNB
A12: 16th Oct 2017 | B12: Tyroo International | C12: International | E12: TYROO-00162-Sep-2017 | F12: =SUM(G12:H12) -> 51776 | G12: =800*64.72 -> 51776 | H12: 0 | K12: 0 | L12: =800*64.72 -> 51776 | M12: 272815 | N12: 9th Nov 2017 | O12: CLEAR | P12: NEFT-PNB
A13: 9th Feb 2018 | B13: Tyroo International | C13: International | E13: TYROO-00163-Oct-2017 | F13: =SUM(G13:H13) -> 51776 | G13: 51776 | H13: 0 | K13: 0 | L13: =F13-K13 -> 51776 | M13: 52360 | N13: 16th May 2018 | O13: CLEAR | P13: NEFT-PNB
F14: =SUM(G14:H14) -> 0 | H14: =G14*15% -> 0 | K14: =G14*2% -> 0 | L14: =F14-K14 -> 0
F15: =SUM(G15:H15) -> 0 | H15: =G15*15% -> 0 | K15: 0 | L15: =F15-K15 -> 0
F16: =SUM(G16:H16) -> 0 | H16: =G16*15% -> 0 | K16: =G16*2% -> 0 | L16: =F16-K16 -> 0
F17: =SUM(G17:H17) -> 0 | H17: =G17*15% -> 0 | K17: =G17*2% -> 0 | L17: =F17-K17 -> 0
F18: =SUM(G18:H18) -> 0 | H18: =G18*15% -> 0 | K18: =G18*2% -> 0 | L18: =F18-K18 -> 0
F19: =SUM(G19:H19) -> 0 | H19: =G19*15% -> 0 | K19: =G19*2% -> 0 | L19: =F19-K19 -> 0
F20: =SUM(G20:H20) -> 0 | H20: =G20*15% -> 0 | K20: =G20*2% -> 0 | L20: =F20-K20 -> 0
F21: =SUM(G21:H21) -> 0 | H21: =G21*15% -> 0 | K21: =G21*2% -> 0 | L21: =F21-K21 -> 0
F22: =SUM(G22:H22) -> 0 | H22: =G22*15% -> 0 | K22: =G22*2% -> 0 | L22: =F22-K22 -> 0
F23: =SUM(G23:H23) -> 0 | H23: =G23*15% -> 0 | K23: =G23*2% -> 0 | L23: =F23-K23 -> 0
F24: =SUM(G24:H24) -> 0 | H24: =G24*15% -> 0 | K24: =G24*2% -> 0 | L24: =F24-K24 -> 0
F25: =SUM(G25:H25) -> 0 | H25: =G25*15% -> 0 | K25: =G25*2% -> 0 | L25: =F25-K25 -> 0
F26: =SUM(G26:H26) -> 0 | H26: =G26*15% -> 0 | K26: =G26*2% -> 0 | L26: =F26-K26 -> 0
E28: HOME | F28: =SUM(F2:F26) -> 723529.9 | G28: =SUM(G2:G26) -> 708060.4 | H28: =SUM(H2:H26) -> 15469.5 | K28: =SUM(K2:K26) -> 2062.6 | L28: =SUM(L2:L26) -> 721467.3 | M28: =SUM(M2:M26) -> 731706
E29: Monthwise
N31: 28377
N32: 232247
K33: =L33-K6 -> 94.602 | L33: =F6*2% -> 725.282 | M33: =F6-L33 -> 35538.818 | N33: 47638
K34: =L34-K7 -> 960 | L34: =F7*2% -> 960 | M34: =F7-L34 -> 47040 | N34: 1024
K35: =L35-K8 -> 11.7 | L35: =F8*2% -> 89.7 | M35: =F8-L35 -> 4395.3

Sheet Hauterfly
A1: Inv Date | B1: RO No | C1: Campaigns | D1: Adunit | E1: Invoice number | F1: Final Amount | G1: Invoice amt | H1: ServiceTax | J1: Cam End date | K1: Due date | L1: Less 2% | M1: Amt Receivable | N1: Amount Received | O1: Amt Received Date | P1: Status | Q1: Cheque No
A2: HOME | B2: GST - Monthwise | E2: Monthwise | F2: =SUM(F3:F103) -> 53100 | G2: =SUM(G3:G103) -> 45000 | H2: =SUM(H3:H103) -> 4050 | L2: =SUM(L3:L103) -> 900 | M2: =SUM(M3:M103) -> 52200 | N2: =SUM(N3:N103) -> 52200
A3: Inv Date | B3: RO No | C3: Campaigns | D3: Adunit | E3: Invoice number | F3: Final Amount | G3: Invoice amt | H3: CGST 9% | I3: SGST 9% | J3: Cam End date | K3: Due date | L3: Less 2% | M3: Amt Receivable | N3: Amount Received | O3: Amt Received Date | P3: Status | Q3: Cheque No
A4: 4th Oct 2017 | B4: HF/17‐18/003 | C4: Hauterfly_Ola and Adidas | D4: CPUV | E4: Hauterfly-001-Aug-2017 | F4: =SUM(G4:I4) -> 35400 | G4: 30000 | H4: =G4*9% -> 2700 | I4: =G4*9% -> 2700 | J4: 42979 | K4: =J4+60 -> 43039 | L4: =G4*2% -> 600 | M4: =F4-L4 -> 34800
A5: 4th Oct 2017 | B5: HF/17‐18/004 | C5: Reebok | D5: CPUV | E5: Hauterfly-002-Sep-2017 | F5: =SUM(G5:I5) -> 17700 | G5: 15000 | H5: =G5*9% -> 1350 | I5: =G5*9% -> 1350 | J5: 43009 | K5: =J5+60 -> 43069 | L5: =G5*2% -> 300 | M5: =F5-L5 -> 17400 | N5: 52200 | O5: 26th June 2018 | P5: CLEAR | Q5: NEFT-PNB
F6: =SUM(G6:I6) -> 0 | H6: =G6*9% -> 0 | I6: =G6*9% -> 0 | K6: =J6+60 -> 60 | L6: =G6*2% -> 0 | M6: =F6-L6 -> 0
F7: =SUM(G7:I7) -> 0 | H7: =G7*9% -> 0 | I7: =G7*9% -> 0 | K7: =J7+60 -> 60 | L7: =G7*2% -> 0 | M7: =F7-L7 -> 0
F8: =SUM(G8:I8) -> 0 | H8: =G8*9% -> 0 | I8: =G8*9% -> 0 | K8: =J8+60 -> 60 | L8: =G8*2% -> 0 | M8: =F8-L8 -> 0
F9: =SUM(G9:I9) -> 0 | H9: =G9*9% -> 0 | I9: =G9*9% -> 0 | K9: =J9+60 -> 60 | L9: =G9*2% -> 0 | M9: =F9-L9 -> 0
F10: =SUM(G10:I10) -> 0 | H10: =G10*9% -> 0 | I10: =G10*9% -> 0 | K10: =J10+60 -> 60 | L10: =G10*2% -> 0 | M10: =F10-L10 -> 0
F11: =SUM(G11:I11) -> 0 | H11: =G11*9% -> 0 | I11: =G11*9% -> 0 | K11: =J11+60 -> 60 | L11: =G11*2% -> 0 | M11: =F11-L11 -> 0
F12: =SUM(G12:I12) -> 0 | H12: =G12*9% -> 0 | I12: =G12*9% -> 0 | K12: =J12+60 -> 60 | L12: =G12*2% -> 0 | M12: =F12-L12 -> 0
F13: =SUM(G13:I13) -> 0 | H13: =G13*9% -> 0 | I13: =G13*9% -> 0 | K13: =J13+60 -> 60 | L13: =G13*2% -> 0 | M13: =F13-L13 -> 0
F14: =SUM(G14:I14) -> 0 | H14: =G14*9% -> 0 | I14: =G14*9% -> 0 | K14: =J14+60 -> 60 | L14: =G14*2% -> 0 | M14: =F14-L14 -> 0
F15: =SUM(G15:I15) -> 0 | H15: =G15*9% -> 0 | I15: =G15*9% -> 0 | K15: =J15+60 -> 60 | L15: =G15*2% -> 0 | M15: =F15-L15 -> 0
F16: =SUM(G16:I16) -> 0 | H16: =G16*9% -> 0 | I16: =G16*9% -> 0 | K16: =J16+60 -> 60 | L16: =G16*2% -> 0 | M16: =F16-L16 -> 0
F17: =SUM(G17:I17) -> 0 | H17: =G17*9% -> 0 | I17: =G17*9% -> 0 | K17: =J17+60 -> 60 | L17: =G17*2% -> 0 | M17: =F17-L17 -> 0
... F24: =SUM(G24:I24) -> 0 | H24: =G24*9% -> 0 | I24: =G24*9% -> 0 | K24: =J24+60 -> 60 | L24: =G24*2% -> 0 | M24: =F24-L24 -> 0

Sheet Yazle
A1: Inv Date | B1: RO No | C1: Campaigns | D1: Adunit | E1: Invoice number | F1: Final Amount | G1: Invoice amt | H1: Conversion Rate | I1: Cam End date | J1: Due date | K1: Less 2% | L1: Amt Receivable | M1: Amount Received | N1: Amt Received Date | O1: Status | P1: Cheque No
A2: 1st Oct 2017 | C2: Netflix Fix Spot | E2: Yazle Media-001-Sep-2017 | F2: =G2*H2 -> 10260 | G2: 200 | H2: 51.3 | L2: =F2-K2 -> 10260 | M2: 10264 | N2: 22nd Sep 2017 | O2: CLEAR | P2: NEFT-PNB
A3: 16th Oct 2017 | C3: RAM-Oman | D3: CPL | E3: Yazle Media-002-Sep-2017 | F3: =G3*H3 -> 79164.8 | G3: 4576 | H3: 17.3
A4: 16th Oct 2017 | C4: Dodge-Kuwait | D4: CPL | E4: Yazle Media-003-Sep-2017 | F4: =G4*H4 -> 38060 | G4: 2200 | H4: 17.3
A5: 16th Oct 2017 | C5: Dodge-UAE | D5: CPL | E5: Yazle Media-004-Oct-2017 | F5: =G5*H5 -> 69269.2 | G5: 4004 | H5: 17.3
A6: 17th Oct 2017 | C6: Audi-KSA-Non-KSA | D6: CPL | E6: Yazle Media-005-Oct-2017 | F6: =G6*H6 -> 122553.2 | G6: 7084 | H6: 17.3 | L6: 309390.74 | M6: 309390.74 | N6: 5th Dec 2017 | O6: CLEAR | P6: NEFT-PNB
A7: 26th Dec 2017 | C7: Emaar-Properties+GiftCards | D7: CPV | E7: Yazle Media-006-Nov-2017 | F7: =G7*H7 -> 315361.7 | G7: 18229 | H7: 17.3 | L7: =F7-K7 -> 315361.7
A8: 15th Jan 2018 | C8: AIG | D8: CPL | E8: Yazle Media-007-Dec-2017 | F8: =G8*H8 -> 79182.1 | G8: 4577 | H8: 17.3 | L8: =F8-K8 -> 79182.1
A9: 6th Feb 2018 | C9: Jaguar-XE-Kuwait | D9: CPL | E9: Yazle Media-008-Jan-2018 | F9: =G9*H9 -> 16722.05 | G9: 955 | H9: 17.51 | L9: =F9-K9 -> 16722.05 | M9: 401031.4 | N9: 13th Mar 2018 | O9: CLEAR | P9: NEFT-PNB
F10: =G10*H10 -> 0 | H10: 0 | L10: =F10-K10 -> 0
F11: =G11*H11 -> 0 | H11: 0 | L11: =F11-K11 -> 0
F12: =G12*H12 -> 0 | H12: 0 | L12: =F12-K12 -> 0
F13: =G13*H13 -> 0 | H13: 0 | L13: =F13-K13 -> 0
F14: =G14*H14 -> 0 | H14: 0 | L14: =F14-K14 -> 0
F15: =G15*H15 -> 0 | H15: 0 | L15: =F15-K15 -> 0
F16: =G16*H16 -> 0 | H16: 0 | J16: =I16+60 -> 60 | L16: =F16-K16 -> 0
E18: HOME | F18: =SUM(F2:F16) -> 730573.05 | G18: =SUM(G2:G16) -> 41825 | H18: =SUM(H2:H16) -> 172.61 | K18: =SUM(K2:K16) -> 0 | L18: =SUM(L2:L16) -> 730916.59 | M18: =SUM(M2:M16) -> 720686.14
E19: Monthwise
E20: GST - Monthwise

Sheet Isobar
A1: Inv Date | B1: RO No | C1: Campaigns | D1: Adunit | E1: Invoice number | F1: Final Amount | G1: Invoice amt | H1: IGST 18% | I1: Cam End date | J1: Due date | K1: Less 2% | L1: Amt Receivable | M1: Amount Received | N1: Amt Received Date | O1: Status | P1: Cheque No
A2: 30th Sep 2017 | C2: Skype Lite | D2: CPI | E2: Isobar-001-Sep-2017 | F2: =SUM(G2:H2) -> 887095.68 | G2: 751776 | H2: =G2*18% -> 135319.68 | K2: =G2*2% -> 15035.52 | L2: =F2-K2 -> 872060.16 | M2: 872060 | N2: 18th Jan 2018 | O2: CLEAR | P2: NEFT-PNB
F3: =SUM(G3:H3) -> 0 | H3: =G3*18% -> 0 | K3: =G3*2% -> 0 | L3: =F3-K3 -> 0
F4: =SUM(G4:H4) -> 0 | H4: =G4*18% -> 0 | K4: =G4*2% -> 0 | L4: =F4-K4 -> 0
F5: =SUM(G5:H5) -> 0 | H5: =G5*18% -> 0 | K5: =G5*2% -> 0 | L5: =F5-K5 -> 0
F6: =SUM(G6:H6) -> 0 | H6: =G6*18% -> 0 | K6: =G6*2% -> 0 | L6: =F6-K6 -> 0
F7: =SUM(G7:H7) -> 0 | H7: =G7*18% -> 0 | K7: =G7*2% -> 0 | L7: =F7-K7 -> 0
F8: =SUM(G8:H8) -> 0 | H8: =G8*18% -> 0 | K8: =G8*2% -> 0 | L8: =F8-K8 -> 0
F9: =SUM(G9:H9) -> 0 | H9: =G9*18% -> 0 | K9: =G9*2% -> 0 | L9: =F9-K9 -> 0
F10: =SUM(G10:H10) -> 0 | H10: =G10*18% -> 0 | K10: =G10*2% -> 0 | L10: =F10-K10 -> 0
F11: =SUM(G11:H11) -> 0 | H11: =G11*18% -> 0 | K11: =G11*2% -> 0 | L11: =F11-K11 -> 0
F12: =SUM(G12:H12) -> 0 | H12: =G12*18% -> 0 | K12: =G12*2% -> 0 | L12: =F12-K12 -> 0
F13: =SUM(G13:H13) -> 0 | H13: =G13*18% -> 0 | K13: =G13*2% -> 0 | L13: =F13-K13 -> 0
F14: =SUM(G14:H14) -> 0 | H14: =G14*18% -> 0 | K14: =G14*2% -> 0 | L14: =F14-K14 -> 0
F15: =SUM(G15:H15) -> 0 | H15: =G15*18% -> 0 | K15: =G15*2% -> 0 | L15: =F15-K15 -> 0
F16: =SUM(G16:H16) -> 0 | H16: =G16*18% -> 0 | J16: =I16+60 -> 60 | K16: =G16*2% -> 0 | L16: =F16-K16 -> 0
E18: HOME | F18: =SUM(F2:F16) -> 887095.68 | G18: =SUM(G2:G16) -> 751776 | H18: =SUM(H2:H16) -> 135319.68 | K18: =SUM(K2:K16) -> 15035.52 | L18: =SUM(L2:L16) -> 872060.16 | M18: =SUM(M2:M16) -> 872060
E19: Monthwise
E20: GST - Monthwise

Sheet Investment Guru
A1: Inv Date | B1: RO No | C1: Campaigns | D1: Adunit | E1: Invoice number | F1: Final Amount | G1: Invoice amt | H1: CGST 9% | I1: SGST 9% | J1: Cam End date | K1: Due date | L1: Less 2% | M1: Amt Receivable | N1: Amount Received | O1: Amt Received Date | P1: Status | Q1: Cheque No
A2: 16th Oct 2017 | C2: Yes Bank | D2: CPV | E2: BD-Digital-001-Sep-2017 | F2: =SUM(G2:I2) -> 35182.88 | G2: 29816 | H2: =G2*9% -> 2683.44 | I2: =G2*9% -> 2683.44 | L2: =G2*2% -> 596.32 | M2: =F2-L2 -> 34586.56 | N2: 11000
F3: =SUM(G3:H3) -> 0 | H3: =G3*18% -> 0 | L3: =G3*2% -> 0 | M3: =F3-L3 -> 0 | N3: 23470
F4: =SUM(G4:H4) -> 0 | H4: =G4*18% -> 0 | L4: =G4*2% -> 0 | M4: =F4-L4 -> 0
F5: =SUM(G5:H5) -> 0 | H5: =G5*18% -> 0 | L5: =G5*2% -> 0 | M5: =F5-L5 -> 0
F6: =SUM(G6:H6) -> 0 | H6: =G6*18% -> 0 | L6: =G6*2% -> 0 | M6: =F6-L6 -> 0
F7: =SUM(G7:H7) -> 0 | H7: =G7*18% -> 0 | L7: =G7*2% -> 0 | M7: =F7-L7 -> 0
F8: =SUM(G8:H8) -> 0 | H8: =G8*18% -> 0 | L8: =G8*2% -> 0 | M8: =F8-L8 -> 0
F9: =SUM(G9:H9) -> 0 | H9: =G9*18% -> 0 | L9: =G9*2% -> 0 | M9: =F9-L9 -> 0
F10: =SUM(G10:H10) -> 0 | H10: =G10*18% -> 0 | L10: =G10*2% -> 0 | M10: =F10-L10 -> 0
F11: =SUM(G11:H11) -> 0 | H11: =G11*18% -> 0 | L11: =G11*2% -> 0 | M11: =F11-L11 -> 0
F12: =SUM(G12:H12) -> 0 | H12: =G12*18% -> 0 | L12: =G12*2% -> 0 | M12: =F12-L12 -> 0
F13: =SUM(G13:H13) -> 0 | H13: =G13*18% -> 0 | L13: =G13*2% -> 0 | M13: =F13-L13 -> 0
F14: =SUM(G14:H14) -> 0 | H14: =G14*18% -> 0 | L14: =G14*2% -> 0 | M14: =F14-L14 -> 0
F15: =SUM(G15:H15) -> 0 | H15: =G15*18% -> 0 | L15: =G15*2% -> 0 | M15: =F15-L15 -> 0
F16: =SUM(G16:H16) -> 0 | H16: =G16*18% -> 0 | K16: =J16+60 -> 60 | L16: =G16*2% -> 0 | M16: =F16-L16 -> 0
E18: HOME | F18: =SUM(F2:F16) -> 35182.88 | G18: =SUM(G2:G16) -> 29816 | H18: =SUM(H2:H16) -> 2683.44 | L18: =SUM(L2:L16) -> 596.32 | M18: =SUM(M2:M16) -> 34586.56 | N18: =SUM(N2:N16) -> 34470
E19: Monthwise
E20: GST - Monthwise

Sheet Dcreative
A1: Inv Date | B1: RO No | C1: Campaigns | D1: Adunit | E1: Invoice number | F1: Final Amount | G1: Invoice amt | H1: ServiceTax | I1: Cam End date | J1: Due date | K1: Less 2% | L1: Amt Receivable | M1: Amount Received | N1: Amt Received Date | O1: Status | P1: Cheque No
A2: HOME | B2: GST - Monthwise | E2: Monthwise | F2: =SUM(F3:F106) -> 182296.38 | G2: =SUM(G3:G106) -> 157992 | H2: =SUM(H3:H106) -> 24304.38 | K2: =SUM(K3:K106) -> 3159.84 | L2: =SUM(L3:L106) -> 179136.54 | M2: =SUM(M3:M106) -> 25621
A3: 5th Apr 2017 | C3: Lybrate-Tip | D3: CPUV | E3: Dcreative-145-Feb-2017 | F3: =SUM(G3:H3) -> 6077.75 | G3: 5285 | H3: =G3*15% -> 792.75 | K3: =G3*2% -> 105.7 | L3: =F3-K3 -> 5972.05 | M3: 6078 | N3: 28th July 2017 | O3: CLEAR | P3: NEFT-PNB
A4: 5th Apr 2017 | C4: Prinicipal-India | D4: CPUV | E4: Dcreative-146-Feb-2017 | F4: =SUM(G4:H4) -> 1521.45 | G4: 1323 | H4: =G4*15% -> 198.45 | K4: =G4*2% -> 26.46 | L4: =F4-K4 -> 1494.99 | M4: 1521 | N4: 28th July 2017 | O4: CLEAR | P4: NEFT-PNB
A5: 5th Apr 2017 | C5: Bikedekho-Zigwheels | D5: CPV | E5: Dcreative-147-Jan-2017 | F5: =SUM(G5:H5) -> 13113.45 | G5: 11403 | H5: =G5*15% -> 1710.45 | K5: =G5*2% -> 228.06 | L5: =F5-K5 -> 12885.39 | M5: 13113 | N5: 28th July 2017 | O5: CLEAR | P5: NEFT-PNB
A6: 5th Apr 2017 | C6: ICICI-Pru | D6: CPV | E6: Dcreative-148-Jan-2017 | F6: =SUM(G6:H6) -> 2651.9 | G6: 2306 | H6: =G6*15% -> 345.9 | K6: =G6*2% -> 46.12 | L6: =F6-K6 -> 2605.78 | M6: 2652 | N6: 28th July 2017 | O6: CLEAR | P6: NEFT-PNB
A7: 5th Apr 2017 | C7: Royal-Sundaram | D7: CPV | E7: Dcreative-149-Jan-2017 | F7: =SUM(G7:H7) -> 2257.45 | G7: 1963 | H7: =G7*15% -> 294.45 | K7: =G7*2% -> 39.26 | L7: =F7-K7 -> 2218.19 | M7: 2257 | N7: 28th July 2017 | O7: CLEAR | P7: NEFT-PNB
A8: 11th May 2017 | C8: Lybrate | D8: CPUV | E8: Dcreative-150-Mar-2017 | F8: =SUM(G8:H8) -> 61840.1 | G8: 53774 | H8: =G8*15% -> 8066.1 | K8: =G8*2% -> 1075.48 | L8: =F8-K8 -> 60764.62 | Q8: 92031
A9: 11th May 2017 | C9: VLCC | D9: CPV | E9: Dcreative-151-Mar-2017 | F9: =SUM(G9:H9) -> 9415.05 | G9: 8187 | H9: =G9*15% -> 1228.05 | K9: =G9*2% -> 163.74 | L9: =F9-K9 -> 9251.31 | Q9: 2850
A10: 19th June 2017 | C10: BabyChakra | D10: CPV | E10: Dcreative-152-Apr-2017 | F10: =SUM(G10:H10) -> 22715.95 | G10: 19753 | H10: =G10*15% -> 2962.95 | K10: =G10*2% -> 395.06 | L10: =F10-K10 -> 22320.89 | Q10: =SUM(Q8:Q9) -> 94881
A11: 19th June 2017 | C11: Lybrate | D11: CPUV | E11: Dcreative-153-Apr-2017 | F11: =SUM(G11:H11) -> 38883.8 | G11: 33812 | H11: =G11*15% -> 5071.8 | K11: =G11*2% -> 676.24 | L11: =F11-K11 -> 38207.56
A13: Inv Date | B13: RO No | C13: Campaigns | D13: Adunit | E13: Invoice number | F13: Final Amount | G13: Invoice amt | H13: IGST 18% | I13: Cam End date | J13: Due date | K13: Less 2% | L13: Amt Receivable | M13: Amount Received | N13: Amt Received Date | O13: Status | P13: Cheque No
A14: 3rd Aug 2017 | C14: Lybrate | D14: CPUV | E14: Dcreative-154-May-2017 | F14: =SUM(G14:H14) -> 11772.86 | G14: 9977 | H14: =G14*18% -> 1795.86 | K14: =G14*2% -> 199.54 | L14: =F14-K14 -> 11573.32
A15: 3rd Aug 2017 | C15: BabyChakra | D15: CPUV | E15: Dcreative-155-May-2017 | F15: =SUM(G15:H15) -> 12046.62 | G15: 10209 | H15: =G15*18% -> 1837.62 | K15: =G15*2% -> 204.18 | L15: =F15-K15 -> 11842.44
F16: =SUM(G16:H16) -> 0 | H16: =G16*18% -> 0 | K16: =G16*2% -> 0 | L16: =F16-K16 -> 0
F17: =SUM(G17:H17) -> 0 | H17: =G17*18% -> 0 | K17: =G17*2% -> 0 | L17: =F17-K17 -> 0
F18: =SUM(G18:H18) -> 0 | H18: =G18*18% -> 0 | K18: =G18*2% -> 0 | L18: =F18-K18 -> 0
F19: =SUM(G19:H19) -> 0 | H19: =G19*18% -> 0 | K19: =G19*2% -> 0 | L19: =F19-K19 -> 0
F20: =SUM(G20:H20) -> 0 | H20: =G20*18% -> 0 | K20: =G20*2% -> 0 | L20: =F20-K20 -> 0
F21: =SUM(G21:H21) -> 0 | H21: =G21*18% -> 0 | K21: =G21*2% -> 0 | L21: =F21-K21 -> 0
F22: =SUM(G22:H22) -> 0 | H22: =G22*18% -> 0 | K22: =G22*2% -> 0 | L22: =F22-K22 -> 0
F23: =SUM(G23:H23) -> 0 | H23: =G23*18% -> 0 | K23: =G23*2% -> 0 | L23: =F23-K23 -> 0
F24: =SUM(G24:H24) -> 0 | H24: =G24*18% -> 0 | K24: =G24*2% -> 0 | L24: =F24-K24 -> 0
F25: =SUM(G25:H25) -> 0 | H25: =G25*18% -> 0 | K25: =G25*2% -> 0 | L25: =F25-K25 -> 0
F26: =SUM(G26:H26) -> 0 | H26: =G26*18% -> 0 | K26: =G26*2% -> 0 | L26: =F26-K26 -> 0
F27: =SUM(G27:H27) -> 0 | H27: =G27*18% -> 0 | K27: =G27*2% -> 0 | L27: =F27-K27 -> 0

Sheet OptiMidea
A1: Inv Date | B1: RO No | C1: Campaigns | D1: Adunit | E1: Invoice number | F1: Final Amount | G1: Invoice amt | H1: ServiceTax | I1: Cam End date | J1: Due date | K1: Less 2% | L1: Amt Receivable | M1: Amount Received | N1: Amt Received Date | O1: Status | P1: Cheque No
A2: 4th Apr 2017 | E2: OptiMidea-007-Jan-2017 | F2: =SUM(G2:H2) -> 473597.6 | G2: 411824 | H2: =G2*15% -> 61773.6 | K2: =G2*2% -> 8236.48 | L2: =F2-K2 -> 465361.12 | M2: 465361 | N2: 19th Apr 2017 | O2: CLEAR | P2: NEFT-PNB
A3: 26th Apr 2017 | E3: OptiMidea-008-Feb-2017 | F3: =SUM(G3:H3) -> 501635.75 | G3: 436205 | H3: =G3*15% -> 65430.75 | K3: =G3*2% -> 8724.1 | L3: =F3-K3 -> 492911.65 | M3: 492912 | N3: 15th May 2017 | O3: CLEAR | P3: NEFT-PNB
A4: 12th June 2017 | E4: OptiMidea-009-Mar-2017 | F4: =SUM(G4:H4) -> 338243.75 | G4: 294125 | H4: =G4*15% -> 44118.75 | K4: =G4*2% -> 5882.5 | L4: =F4-K4 -> 332361.25 | M4: 332361 | N4: 12th June 2017 | O4: CLEAR | P4: NEFT-PNB
A6: Inv Date | B6: RO No | C6: Campaigns | D6: Adunit | E6: Invoice number | F6: Final Amount | G6: Invoice amt | H6: IGST 18% | I6: Cam End date | J6: Due date | K6: Less 2% | L6: Amt Receivable | M6: Amount Received | N6: Amt Received Date | O6: Status | P6: Cheque No
A7: 18th July 2017 | E7: OptiMidea-010-May-2017 | F7: =SUM(G7:H7) -> 107295.04 | G7: 90928 | H7: =G7*18% -> 16367.04 | K7: =G7*2% -> 1818.56 | L7: =F7-K7 -> 105476.48 | M7: 105476 | N7: 28th Aug 2017 | O7: CLEAR | P7: NEFT-PNB
F8: =SUM(G8:H8) -> 0 | H8: =G8*18% -> 0 | K8: =G8*2% -> 0 | L8: =F8-K8 -> 0
F9: =SUM(G9:H9) -> 0 | H9: =G9*18% -> 0 | K9: =G9*2% -> 0 | L9: =F9-K9 -> 0
F10: =SUM(G10:H10) -> 0 | H10: =G10*18% -> 0 | K10: =G10*2% -> 0 | L10: =F10-K10 -> 0
F11: =SUM(G11:H11) -> 0 | H11: =G11*18% -> 0 | K11: =G11*2% -> 0 | L11: =F11-K11 -> 0
F12: =SUM(G12:H12) -> 0 | H12: =G12*18% -> 0 | K12: =G12*2% -> 0 | L12: =F12-K12 -> 0
E14: HOME | F14: =SUM(F2:F12) -> 1420772.1 | G14: =SUM(G2:G12) -> 1233082 | H14: =SUM(H2:H12) -> 187690.14 | K14: =SUM(K2:K12) -> 24661.64 | L14: =SUM(L2:L12) -> 1396110.5 | M14: =SUM(M2:M12) -> 1396110 | N14: =L14-M14 -> 0.5
E15: Monthwise
E16: GST - Monthwise

Sheet DigiDesk
A1: Inv Date | B1: RO No | C1: Campaigns | D1: Adunit | E1: Invoice number | F1: Final Amount | G1: Invoice amt | H1: ServiceTax | I1: Cam End date | J1: Due date | K1: Less 2% | L1: Amt Receivable | M1: Amount Received | N1: Amt Received Date | O1: Status | P1: Cheque No
F2: =SUM(G2:H2) -> 0 | H2: =G2*15% -> 0 | K2: =G2*2% -> 0 | L2: =F2-K2 -> 0
F3: =SUM(G3:H3) -> 0 | H3: =G3*15% -> 0 | K3: =G3*2% -> 0 | L3: =F3-K3 -> 0
F4: =SUM(G4:H4) -> 0 | H4: =G4*15% -> 0 | K4: =G4*2% -> 0 | L4: =F4-K4 -> 0
F5: =SUM(G5:H5) -> 0 | H5: =G5*15% -> 0 | K5: =G5*2% -> 0 | L5: =F5-K5 -> 0
F6: =SUM(G6:H6) -> 0 | H6: =G6*15% -> 0 | K6: =G6*2% -> 0 | L6: =F6-K6 -> 0
F7: =SUM(G7:H7) -> 0 | H7: =G7*15% -> 0 | K7: =G7*2% -> 0 | L7: =F7-K7 -> 0
F8: =SUM(G8:H8) -> 0 | H8: =G8*15% -> 0 | K8: =G8*2% -> 0 | L8: =F8-K8 -> 0
F9: =SUM(G9:H9) -> 0 | H9: =G9*15% -> 0 | K9: =G9*2% -> 0 | L9: =F9-K9 -> 0
F10: =SUM(G10:H10) -> 0 | H10: =G10*15% -> 0 | K10: =G10*2% -> 0 | L10: =F10-K10 -> 0
F11: =SUM(G11:H11) -> 0 | H11: =G11*15% -> 0 | K11: =G11*2% -> 0 | L11: =F11-K11 -> 0
F12: =SUM(G12:H12) -> 0 | H12: =G12*15% -> 0 | K12: =G12*2% -> 0 | L12: =F12-K12 -> 0
F13: =SUM(G13:H13) -> 0 | H13: =G13*15% -> 0 | K13: =G13*2% -> 0 | L13: =F13-K13 -> 0
... F20: =SUM(G20:H20) -> 0 | H20: =G20*15% -> 0 | K20: =G20*2% -> 0 | L20: =F20-K20 -> 0
E22: HOME | F22: =SUM(F2:F20) -> 0 | G22: =SUM(G2:G20) -> 0 | H22: =SUM(H2:H20) -> 0 | K22: =SUM(K2:K20) -> 0 | L22: =SUM(L2:L20) -> 0 | M22: =SUM(M2:M20) -> 0
E23: Monthwise

Sheet Aqugen
A1: Inv Date | B1: RO No | C1: Campaigns | D1: Adunit | E1: Invoice number | F1: Final Amount | G1: Invoice amt | H1: ServiceTax | I1: Cam End date | J1: Due date | K1: Less 2% | L1: Amt Receivable | M1: Amount Received | N1: Amt Received Date | O1: Status | P1: Cheque No
A2: 6th Apr 2017 | E2: AquGen-022-Feb-2017 | F2: =SUM(G2:H2) -> 69000 | G2: 60000 | H2: =G2*15% -> 9000 | K2: =G2*2% -> 1200 | L2: =F2-K2 -> 67800 | M2: 67800 | N2: 12th June 2017 | O2: CLEAR | P2: NEFT-PNB
A3: 29th May 2017 | E3: AquGen-023-Mar-2017 | F3: =SUM(G3:H3) -> 56292.5 | G3: 48950 | H3: =G3*15% -> 7342.5 | K3: =G3*2% -> 979 | L3: =F3-K3 -> 55313.5 | M3: 55313 | N3: 27th June 2017 | O3: CLEAR | P3: NEFT-PNB
A4: 12th June 2017 | E4: AquGen-024-Apr-2017 | F4: =SUM(G4:H4) -> 50669 | G4: 44060 | H4: =G4*15% -> 6609 | K4: =G4*2% -> 881.2 | L4: =F4-K4 -> 49787.8 | M4: 49788 | N4: 27th July 2017 | O4: CLEAR | P4: NEFT-PNB
A6: Inv Date | B6: RO No | C6: Campaigns | D6: Adunit | E6: Invoice number | F6: Final Amount | G6: Invoice amt | H6: IGST 18% | I6: Cam End date | J6: Due date | K6: Less 2% | L6: Amt Receivable | M6: Amount Received | N6: Amt Received Date | O6: Status | P6: Cheque No
A7: 15th July 2017 | E7: AquGen-025-May-2017 | F7: =SUM(G7:H7) -> 137647 | G7: 116650 | H7: =G7*18% -> 20997 | K7: =G7*2% -> 2333 | L7: =F7-K7 -> 135314 | M7: 135314 | N7: 29th Aug 2017 | O7: CLEAR | P7: NEFT-PNB
A8: 22nd Aug 2017 | E8: AquGen-026-June-2017 | F8: =SUM(G8:H8) -> 196765 | G8: 166750 | H8: =G8*18% -> 30015 | K8: =G8*2% -> 3335 | L8: =F8-K8 -> 193430 | M8: 193430 | N8: 15th Nov 2017 | O8: CLEAR | P8: NEFT-PNB
A9: 16th Oct 2017 | E9: AquGen-027-July-2017 | F9: =SUM(G9:H9) -> 30632.8 | G9: 25960 | H9: =G9*18% -> 4672.8 | K9: =G9*2% -> 519.2 | L9: =F9-K9 -> 30113.6 | M9: 30113 | N9: 7th Dec 2017 | O9: CLEAR | P9: NEFT-PNB
A10: 16th Oct 2017 | E10: AquGen-028-Aug-2017 | F10: =SUM(G10:H10) -> 84429 | G10: 71550 | H10: =G10*18% -> 12879 | K10: =G10*2% -> 1431 | L10: =F10-K10 -> 82998 | M10: 82998 | N10: 9th Jan 2018 | O10: CLEAR | P10: NEFT-PNB
A11: 5th Dec 2017 | E11: AquGen-029-Sep-2017 | F11: =SUM(G11:H11) -> 197803.4 | G11: 167630 | H11: =G11*18% -> 30173.4 | K11: =G11*2% -> 3352.6 | L11: =F11-K11 -> 194450.8 | M11: 194451 | N11: 14th Feb 2018 | O11: CLEAR | P11: NEFT-PNB
A12: 27th Dec 2017 | E12: AquGen-030-Oct-2017 | F12: =SUM(G12:H12) -> 80889 | G12: 68550 | H12: =G12*18% -> 12339 | K12: =G12*2% -> 1371 | L12: =F12-K12 -> 79518 | M12: 79518 | N12: 12th Mar 2018 | O12: CLEAR | P12: NEFT-PNB
A13: 8th Feb 2018 | E13: AquGen-031-Nov-2017 | F13: =SUM(G13:H13) -> 13888.6 | G13: 11770 | H13: =G13*18% -> 2118.6 | K13: =G13*2% -> 235.4 | L13: =F13-K13 -> 13653.2 | M13: 13653 | N13: 12th Mar 2018 | O13: CLEAR | P13: NEFT-PNB
A14: 8th Feb 2018 | E14: AquGen-032-Dec-2017 | F14: =SUM(G14:H14) -> 79650 | G14: 67500 | H14: =G14*18% -> 12150 | K14: =G14*2% -> 1350 | L14: =F14-K14 -> 78300 | M14: 78300 | N14: 23rd Apr 2018 | O14: CLEAR | P14: NEFT-PNB
A15: 22nd Mar 2018 | E15: AquGen-033-Jan-2018 | F15: =SUM(G15:H15) -> 58705 | G15: 49750 | H15: =G15*18% -> 8955 | K15: =G15*2% -> 995 | L15: =F15-K15 -> 57710 | M15: 57710 | N15: 30th May 2018 | O15: CLEAR | P15: NEFT-PNB
F16: =SUM(G16:H16) -> 0 | H16: =G16*18% -> 0 | K16: =G16*2% -> 0 | L16: =F16-K16 -> 0
F17: =SUM(G17:H17) -> 0 | H17: =G17*18% -> 0 | K17: =G17*2% -> 0 | L17: =F17-K17 -> 0
E19: HOME | F19: =SUM(F2:F17) -> 1056371.3 | G19: =SUM(G2:G17) -> 899120 | H19: =SUM(H2:H17) -> 157251.3 | K19: =SUM(K2:K17) -> 17982.4 | L19: =SUM(L2:L17) -> 1038388.9 | M19: =SUM(M2:M17) -> 1038388
E20: Monthwise
E21: GST - Monthwise
N22: =F6*2% -> #VALUE!
N23: =F6-N22 -> #VALUE!

Sheet Pracharnama
A1: Inv Date | B1: RO No | C1: Campaigns | D1: Adunit | E1: Invoice number | F1: Final Amount | G1: Invoice amt | H1: ServiceTax | I1: Cam End date | J1: Due date | K1: Less 2% | L1: Amt Receivable | M1: Amount Received | N1: Amt Received Date | O1: Status | P1: Cheque No
A2: 2nd June 2017 | D2: CPL | E2: Pracharnama-005-Feb-2017 | F2: =SUM(G2:H2) -> 33091.25 | G2: 28775 | H2: =G2*15% -> 4316.25 | K2: =G2*2% -> 575.5 | L2: =F2-K2 -> 32515.75 | M2: 32516 | N2: 21st July 2017 | O2: CLEAR | P2: NEFT-PNB
A3: 2nd June 2017 | D3: CPL | E3: Pracharnama-006-Mar-2017 | F3: =SUM(G3:H3) -> 23419.75 | G3: 20365 | H3: =G3*15% -> 3054.75 | K3: =G3*2% -> 407.3 | L3: =F3-K3 -> 23012.45 | M3: 23012 | N3: 21st July 2017 | O3: CLEAR | P3: NEFT-PNB
A4: 2nd June 2017 | C4: Nissan-Bangkok | D4: CPC | E4: Pracharnama-007-Feb-2017 | F4: =SUM(G4:H4) -> 37591.2 | G4: 32688 | H4: =G4*15% -> 4903.2 | K4: =G4*2% -> 653.76 | L4: =F4-K4 -> 36937.44
A5: 2nd June 2017 | C5: Nivea-Bangkok | D5: CPC | E5: Pracharnama-008-Feb-2017 | F5: =SUM(G5:H5) -> 1803.2 | G5: 1568 | H5: =G5*15% -> 235.2 | K5: =G5*2% -> 31.36 | L5: =F5-K5 -> 1771.84
A6: 13th June 2017 | C6: Nissan | D6: CPC | E6: Pracharnama-009-May-2017 | F6: =SUM(G6:H6) -> 22596.35 | G6: 19649 | H6: =G6*15% -> 2947.35 | K6: =G6*2% -> 392.98 | L6: =F6-K6 -> 22203.37
C7: Vietnam-Pamper | D7: CPM | E7: Pracharnama-010-May-2017 | F7: =SUM(G7:H7) -> 7523.3 | G7: 6542 | H7: =G7*15% -> 981.3 | K7: =G7*2% -> 130.84 | L7: =F7-K7 -> 7392.46
C8: Vietnam-Pantene | D8: CPM | E8: Pracharnama-011-May-2017 | F8: =SUM(G8:H8) -> 6584.9 | G8: 5726 | H8: =G8*15% -> 858.9 | K8: =G8*2% -> 114.52 | L8: =F8-K8 -> 6470.38
F9: =SUM(G9:H9) -> 0 | H9: =G9*15% -> 0 | K9: =G9*2% -> 0 | L9: =F9-K9 -> 0
F10: =SUM(G10:H10) -> 0 | H10: =G10*15% -> 0 | K10: =G10*2% -> 0 | L10: =F10-K10 -> 0
F11: =SUM(G11:H11) -> 0 | H11: =G11*15% -> 0 | K11: =G11*2% -> 0 | L11: =F11-K11 -> 0
F12: =SUM(G12:H12) -> 0 | H12: =G12*15% -> 0 | K12: =G12*2% -> 0 | L12: =F12-K12 -> 0
F13: =SUM(G13:H13) -> 0 | H13: =G13*15% -> 0 | K13: =G13*2% -> 0 | L13: =F13-K13 -> 0
E15: HOME | F15: =SUM(F2:F13) -> 132609.95 | G15: =SUM(G2:G13) -> 115313 | H15: =SUM(H2:H13) -> 17296.95 | K15: =SUM(K2:K13) -> 2306.26 | L15: =SUM(L2:L13) -> 130303.69 | M15: =SUM(M2:M13) -> 55528
E16: Monthwise
P17: 51664
N18: =F6*2% -> 451.927 | P18: 55528
N19: =F6-N18 -> 22144.423
L20: =SUM(L2:L3) -> 55528.2
L21: 51664 | P21: 76099
P22: 176440

Sheet Recroemedia
A1: Inv Date | B1: RO No | C1: Campaigns | D1: Adunit | E1: Invoice number | F1: Final Amount | G1: Invoice amt | H1: IGST 18% | I1: Cam End date | J1: Due date | K1: Less 2% | L1: Amt Receivable | M1: Amount Received | N1: Amt Received Date | O1: Status | P1: Cheque No
A2: 30th Oct 2017 | C2: Flipkart | D2: CPM | E2: Recroemedia-001-Oct-2017 | F2: =SUM(G2:H2) -> 17788.5 | G2: 15075 | H2: =G2*18% -> 2713.5 | K2: =G2*2% -> 301.5 | L2: =F2-K2 -> 17487 | M2: 17788 | N2: 16th May 2018 | O2: CLEAR | P2: NEFT-PNB
F3: =SUM(G3:H3) -> 0 | H3: =G3*18% -> 0 | K3: =G3*2% -> 0 | L3: =F3-K3 -> 0
F4: =SUM(G4:H4) -> 0 | H4: =G4*18% -> 0 | K4: =G4*2% -> 0 | L4: =F4-K4 -> 0
F5: =SUM(G5:H5) -> 0 | H5: =G5*18% -> 0 | K5: =G5*2% -> 0 | L5: =F5-K5 -> 0
F6: =SUM(G6:H6) -> 0 | H6: =G6*18% -> 0 | K6: =G6*2% -> 0 | L6: =F6-K6 -> 0
F7: =SUM(G7:H7) -> 0 | H7: =G7*18% -> 0 | K7: =G7*2% -> 0 | L7: =F7-K7 -> 0
F8: =SUM(G8:H8) -> 0 | H8: =G8*18% -> 0 | K8: =G8*2% -> 0 | L8: =F8-K8 -> 0
F9: =SUM(G9:H9) -> 0 | H9: =G9*18% -> 0 | K9: =G9*2% -> 0 | L9: =F9-K9 -> 0
F10: =SUM(G10:H10) -> 0 | H10: =G10*18% -> 0 | K10: =G10*2% -> 0 | L10: =F10-K10 -> 0
F11: =SUM(G11:H11) -> 0 | H11: =G11*18% -> 0 | K11: =G11*2% -> 0 | L11: =F11-K11 -> 0
F12: =SUM(G12:H12) -> 0 | H12: =G12*18% -> 0 | K12: =G12*2% -> 0 | L12: =F12-K12 -> 0
F13: =SUM(G13:H13) -> 0 | H13: =G13*18% -> 0 | K13: =G13*2% -> 0 | L13: =F13-K13 -> 0
F14: =SUM(G14:H14) -> 0 | H14: =G14*18% -> 0 | K14: =G14*2% -> 0 | L14: =F14-K14 -> 0
F15: =SUM(G15:H15) -> 0 | H15: =G15*18% -> 0 | K15: =G15*2% -> 0 | L15: =F15-K15 -> 0
E17: HOME | F17: =SUM(F1:F15) -> 17788.5 | G17: =SUM(G1:G15) -> 15075 | H17: =SUM(H1:H15) -> 2713.5 | K17: =SUM(K1:K15) -> 301.5 | L17: =SUM(L1:L15) -> 17487 | M17: =SUM(M1:M15) -> 17788
E18: Monthwise
E19: GST - Monthwise
N20: =F1*2% -> #VALUE!
N21: =F1-N20 -> #VALUE!

Sheet Kratos
A1: Inv Date | B1: RO No | C1: Campaigns | D1: Adunit | E1: Invoice number | F1: Final Amount | G1: Invoice amt | H1: IGST 18% | I1: Cam End date | J1: Due date | K1: Less 2% | L1: Amt Receivable | M1: Amount Received | N1: Amt Received Date | O1: Status | P1: Cheque No
A2: 31st July 2017 | E2: KRATOS-ADS-001-May-2017 | F2: =SUM(G2:H2) -> 14868 | G2: 12600 | H2: =G2*18% -> 2268 | K2: =G2*2% -> 252 | L2: =F2-K2 -> 14616
A3: 31st July 2017 | E3: KRATOS-ADS-002-June-2017 | F3: =SUM(G3:H3) -> 4114.66 | G3: 3487 | H3: =G3*18% -> 627.66 | K3: =G3*2% -> 69.74 | L3: =F3-K3 -> 4044.92
F4: =SUM(G4:H4) -> 0 | H4: =G4*18% -> 0 | K4: =G4*2% -> 0 | L4: =F4-K4 -> 0
F5: =SUM(G5:H5) -> 0 | H5: =G5*18% -> 0 | K5: =G5*2% -> 0 | L5: =F5-K5 -> 0
F6: =SUM(G6:H6) -> 0 | H6: =G6*18% -> 0 | K6: =G6*2% -> 0 | L6: =F6-K6 -> 0
F7: =SUM(G7:H7) -> 0 | H7: =G7*18% -> 0 | K7: =G7*2% -> 0 | L7: =F7-K7 -> 0
F8: =SUM(G8:H8) -> 0 | H8: =G8*18% -> 0 | K8: =G8*2% -> 0 | L8: =F8-K8 -> 0
F9: =SUM(G9:H9) -> 0 | H9: =G9*18% -> 0 | K9: =G9*2% -> 0 | L9: =F9-K9 -> 0
F10: =SUM(G10:H10) -> 0 | H10: =G10*18% -> 0 | K10: =G10*2% -> 0 | L10: =F10-K10 -> 0
F11: =SUM(G11:H11) -> 0 | H11: =G11*18% -> 0 | K11: =G11*2% -> 0 | L11: =F11-K11 -> 0
F12: =SUM(G12:H12) -> 0 | H12: =G12*18% -> 0 | K12: =G12*2% -> 0 | L12: =F12-K12 -> 0
F13: =SUM(G13:H13) -> 0 | H13: =G13*18% -> 0 | K13: =G13*2% -> 0 | L13: =F13-K13 -> 0
F14: =SUM(G14:H14) -> 0 | H14: =G14*18% -> 0 | K14: =G14*2% -> 0 | L14: =F14-K14 -> 0
F15: =SUM(G15:H15) -> 0 | H15: =G15*18% -> 0 | K15: =G15*2% -> 0 | L15: =F15-K15 -> 0
E17: HOME | F17: =SUM(F1:F15) -> 18982.66 | G17: =SUM(G1:G15) -> 16087 | H17: =SUM(H1:H15) -> 2895.66 | K17: =SUM(K1:K15) -> 321.74 | L17: =SUM(L1:L15) -> 18660.92 | M17: =SUM(M1:M15) -> 0
E18: Monthwise
E19: GST - Monthwise
N20: =F1*2% -> #VALUE!
N21: =F1-N20 -> #VALUE!

Sheet Leadsurf
A1: Inv Date | B1: RO No | C1: Campaigns | D1: Adunit | E1: Invoice number | F1: Final Amount | G1: Invoice amt | H1: IGST 18% | I1: Cam End date | J1: Due date | K1: Less 2% | L1: Amt Receivable | M1: Amount Received | N1: Amt Received Date | O1: Status | P1: Cheque No
A2: 24th Jan 2018 | E2: Leadsurf-001-Nov-2017-CPL | F2: =SUM(G2:H2) -> 2861.5 | G2: 2425 | H2: =G2*18% -> 436.5 | K2: =G2*2% -> 48.5 | L2: =F2-K2 -> 2813 | M2: 2813 | N2: 27th March 2018 | O2: CLEAR | P2: NEFT-PNB
F3: =SUM(G3:H3) -> 0 | H3: =G3*18% -> 0 | K3: =G3*2% -> 0 | L3: =F3-K3 -> 0
F4: =SUM(G4:H4) -> 0 | H4: =G4*18% -> 0 | K4: =G4*2% -> 0 | L4: =F4-K4 -> 0
F5: =SUM(G5:H5) -> 0 | H5: =G5*18% -> 0 | K5: =G5*2% -> 0 | L5: =F5-K5 -> 0
F6: =SUM(G6:H6) -> 0 | H6: =G6*18% -> 0 | K6: =G6*2% -> 0 | L6: =F6-K6 -> 0
F7: =SUM(G7:H7) -> 0 | H7: =G7*18% -> 0 | K7: =G7*2% -> 0 | L7: =F7-K7 -> 0
F8: =SUM(G8:H8) -> 0 | H8: =G8*18% -> 0 | K8: =G8*2% -> 0 | L8: =F8-K8 -> 0
F9: =SUM(G9:H9) -> 0 | H9: =G9*18% -> 0 | K9: =G9*2% -> 0 | L9: =F9-K9 -> 0
F10: =SUM(G10:H10) -> 0 | H10: =G10*18% -> 0 | K10: =G10*2% -> 0 | L10: =F10-K10 -> 0
F11: =SUM(G11:H11) -> 0 | H11: =G11*18% -> 0 | K11: =G11*2% -> 0 | L11: =F11-K11 -> 0
F12: =SUM(G12:H12) -> 0 | H12: =G12*18% -> 0 | K12: =G12*2% -> 0 | L12: =F12-K12 -> 0
F13: =SUM(G13:H13) -> 0 | H13: =G13*18% -> 0 | K13: =G13*2% -> 0 | L13: =F13-K13 -> 0
F14: =SUM(G14:H14) -> 0 | H14: =G14*18% -> 0 | K14: =G14*2% -> 0 | L14: =F14-K14 -> 0
F15: =SUM(G15:H15) -> 0 | H15: =G15*18% -> 0 | K15: =G15*2% -> 0 | L15: =F15-K15 -> 0
E17: HOME | F17: =SUM(F1:F15) -> 2861.5 | G17: =SUM(G1:G15) -> 2425 | H17: =SUM(H1:H15) -> 436.5 | K17: =SUM(K1:K15) -> 48.5 | L17: =SUM(L1:L15) -> 2813 | M17: =SUM(M1:M15) -> 2813
E18: Monthwise
E19: GST - Monthwise
N20: =F1*2% -> #VALUE!
N21: =F1-N20 -> #VALUE!

Sheet Catalyst
A1: Inv Date | B1: RO No | C1: Campaigns | D1: Adunit | E1: Invoice number | F1: Final Amount | G1: Invoice amt | H1: ServiceTax | I1: Cam End date | J1: Due date | K1: Less 2% | L1: Amt Receivable | M1: Amount Received | N1: Amt Received Date | O1: Status | P1: Cheque No
A2: 5th Apr 2017 | E2: Catalyst-003-Feb-2017 | F2: =SUM(G2:H2) -> 17721.5 | G2: 15410 | H2: =G2*15% -> 2311.5 | I2: 42795 | J2: =I2+45 -> 42840 | K2: =G2*2% -> 308.2 | L2: =F2-K2 -> 17413.3 | M2: 17413 | N2: 3rd June 2017 | O2: CLEAR | P2: NEFT-PNB
A3: 11th Apr 2017 | E3: Catalyst-004-Mar-2017 | F3: =SUM(G3:H3) -> 4830 | G3: 4200 | H3: =G3*15% -> 630 | K3: =G3*2% -> 84 | L3: =F3-K3 -> 4746 | M3: 4746 | N3: 3rd June 2017 | O3: CLEAR | P3: NEFT-PNB
A4: 30th June 2017 | E4: Catalyst-005-May-2017 | F4: =SUM(G4:H4) -> 6975.9 | G4: 6066 | H4: =G4*15% -> 909.9 | K4: =G4*2% -> 121.32 | L4: =F4-K4 -> 6854.58 | M4: 6854 | N4: 23rd Nov 2017 | O4: CLEAR | P4: NEFT-PNB
A6: Inv Date | B6: RO No | C6: Campaigns | D6: Adunit | E6: Invoice number | F6: Final Amount | G6: Invoice amt | H6: IGST 18% | I6: Cam End date | J6: Due date | K6: Less 2% | L6: Amt Receivable | M6: Amount Received | N6: Amt Received Date | O6: Status | P6: Cheque No
A7: 27th Oct 2017 | E7: Catalyst-006-Aug-2017 | F7: =SUM(G7:H7) -> 14234.34 | G7: 12063 | H7: =G7*18% -> 2171.34 | K7: =G7*2% -> 241.26 | L7: =F7-K7 -> 13993.08 | M7: 13993 | N7: 5th Dec 2017 | O7: CLEAR | P7: NEFT-PNB
A8: 13th Feb 2018 | E8: Catalyst-007-Aug-Nov-Dec-2017 | F8: =SUM(G8:H8) -> 6252.82 | G8: 5299 | H8: =G8*18% -> 953.82 | K8: =G8*2% -> 105.98 | L8: =F8-K8 -> 6146.84 | M8: 6147 | O8: CLEAR | P8: 173520
F9: =SUM(G9:H9) -> 0 | H9: =G9*18% -> 0 | K9: =G9*2% -> 0 | L9: =F9-K9 -> 0
F10: =SUM(G10:H10) -> 0 | H10: =G10*18% -> 0 | K10: =G10*2% -> 0 | L10: =F10-K10 -> 0
F11: =SUM(G11:H11) -> 0 | H11: =G11*18% -> 0 | K11: =G11*2% -> 0 | L11: =F11-K11 -> 0
F12: =SUM(G12:H12) -> 0 | H12: =G12*18% -> 0 | K12: =G12*2% -> 0 | L12: =F12-K12 -> 0
F13: =SUM(G13:H13) -> 0 | H13: =G13*18% -> 0 | K13: =G13*2% -> 0 | L13: =F13-K13 -> 0
F14: =SUM(G14:H14) -> 0 | H14: =G14*18% -> 0 | K14: =G14*2% -> 0 | L14: =F14-K14 -> 0
F15: =SUM(G15:H15) -> 0 | H15: =G15*18% -> 0 | K15: =G15*2% -> 0 | L15: =F15-K15 -> 0
E17: HOME | F17: =SUM(F2:F15) -> 50014.56 | G17: =SUM(G2:G15) -> 43038 | H17: =SUM(H2:H15) -> 6976.56 | K17: =SUM(K2:K15) -> 860.76 | L17: =SUM(L2:L15) -> 49153.8 | M17: =SUM(M2:M15) -> 49153
E18: Monthwise
E19: GST - Monthwise

Sheet HTTPOOL
A1: Inv Date | B1: RO No | C1: Campaigns | D1: Adunit | E1: Invoice number | F1: Final Amount | G1: Invoice amt | H1: ServiceTax | I1: Cam End date | J1: Due date | K1: Less 2% | L1: Amt Receivable | M1: Amount Received | N1: Amt Received Date | O1: Status | P1: Cheque No
A2: 31st May 2017 | C2: Nissan | D2: CPQV | E2: Httpool-0003-May-2017 | F2: =SUM(G2:H2) -> 99774 | G2: 86760 | H2: =G2*15% -> 13014 | I2: 42886 | K2: =G2*2% -> 1735.2 | L2: =F2-K2 -> 98038.8 | M2: 138000 | N2: 13th Feb 2018 | O2: CLEAR | P2: NEFT-PNB
A3: 31st May 2017 | C3: JetPrivilege | D3: CPV | E3: Httpool-0004-Mar-2017 | F3: =SUM(G3:H3) -> 23000 | G3: 20000 | H3: =G3*15% -> 3000 | I3: 42886 | K3: =G3*2% -> 400 | L3: =F3-K3 -> 22600
A5: Inv Date | B5: RO No | C5: Campaigns | D5: Adunit | E5: Invoice number | F5: Final Amount | G5: Invoice amt | H5: IGST 18% | I5: Cam End date | J5: Due date | K5: Less 2% | L5: Amt Receivable | M5: Amount Received | N5: Amt Received Date | O5: Status | P5: Cheque No
A6: 17th Aug 2017 | C6: My Gov | D6: CPL | E6: Httpool-0005-Jul-2017 | F6: =SUM(G6:H6) -> 118745.76 | G6: 100632 | H6: =G6*18% -> 18113.76 | K6: =G6*2% -> 2012.64 | L6: =F6-K6 -> 116733.12
A7: 28th Aug 2017 | C7: 120Collective-India-NBA | D7: CPUV | E7: Httpool-0006-Jun-2017 | F7: =SUM(G7:H7) -> 655490 | G7: 555500 | H7: =G7*18% -> 99990 | K7: =G7*2% -> 11110 | L7: =F7-K7 -> 644380
A8: 28th Aug 2017 | C8: Dulux | D8: CPV | E8: Httpool-0007-Jun-2017 | F8: =SUM(G8:H8) -> 38165.92 | G8: 32344 | H8: =G8*18% -> 5821.92 | K8: =G8*2% -> 646.88 | L8: =F8-K8 -> 37519.04 | O8: CLEAR | P8: NEFT-PNB
F9: =SUM(G9:H9) -> 0 | H9: =G9*18% -> 0 | K9: =G9*2% -> 0 | L9: =F9-K9 -> 0 | M9: 276773
F10: =SUM(G10:H10) -> 0 | H10: =G10*18% -> 0 | K10: =G10*2% -> 0 | L10: =F10-K10 -> 0
F11: =SUM(G11:H11) -> 0 | H11: =G11*18% -> 0 | K11: =G11*2% -> 0 | L11: =F11-K11 -> 0
F12: =SUM(G12:H12) -> 0 | H12: =G12*18% -> 0 | K12: =G12*2% -> 0 | L12: =F12-K12 -> 0
F13: =SUM(G13:H13) -> 0 | H13: =G13*18% -> 0 | K13: =G13*2% -> 0 | L13: =F13-K13 -> 0
E15: HOME | F15: =SUM(F2:F13) -> 935175.68 | G15: =SUM(G2:G13) -> 795236 | H15: =SUM(H2:H13) -> 139939.68 | K15: =SUM(K2:K13) -> 15904.72 | L15: =SUM(L2:L13) -> 919270.96 | M15: =SUM(M2:M13) -> 414773
E16: Monthwise
E17: GST - Monthwise
L18: =L15-M15 -> 504497.96
L19: =L18*2% -> 10089.959
L20: =L18-L19 -> 494408

Sheet Sense Digital
A1: Inv Date | B1: RO No | C1: Campaigns | D1: Adunit | E1: Invoice number | F1: Final Amount | G1: Invoice amt | H1: IGST 18% | I1: Cam End date | J1: Due date | K1: Less 2% | L1: Amt Receivable | M1: Amount Received | N1: Amt Received Date | O1: Status | P1: Cheque No
A2: 5th Mar 2018 | E2: Sense-Digital-007-Nov-2017 | F2: =SUM(G2:H2) -> 16614.4 | G2: 14080 | H2: =G2*18% -> 2534.4 | K2: =G2*2% -> 281.6 | L2: =F2-K2 -> 16332.8 | M2: 16332 | N2: 4th Apr 2018 | O2: CLEAR | P2: NEFT-PNB
A3: 5th Mar 2018 | E3: Sense-Digital-008-Feb-2018 | F3: =SUM(G3:H3) -> 30160.8 | G3: 25560 | H3: =G3*18% -> 4600.8 | K3: =G3*2% -> 511.2 | L3: =F3-K3 -> 29649.6 | M3: 29650 | N3: 28th May 2018 | O3: CLEAR | P3: NEFT-PNB
F4: =SUM(G4:H4) -> 0 | H4: =G4*18% -> 0 | K4: =G4*2% -> 0 | L4: =F4-K4 -> 0
F5: =SUM(G5:H5) -> 0 | H5: =G5*18% -> 0 | K5: =G5*2% -> 0 | L5: =F5-K5 -> 0
F6: =SUM(G6:H6) -> 0 | H6: =G6*18% -> 0 | K6: =G6*2% -> 0 | L6: =F6-K6 -> 0
F7: =SUM(G7:H7) -> 0 | H7: =G7*18% -> 0 | K7: =G7*2% -> 0 | L7: =F7-K7 -> 0
F8: =SUM(G8:H8) -> 0 | H8: =G8*18% -> 0 | K8: =G8*2% -> 0 | L8: =F8-K8 -> 0
F9: =SUM(G9:H9) -> 0 | H9: =G9*18% -> 0 | K9: =G9*2% -> 0 | L9: =F9-K9 -> 0
F10: =SUM(G10:H10) -> 0 | H10: =G10*18% -> 0 | K10: =G10*2% -> 0 | L10: =F10-K10 -> 0
F11: =SUM(G11:H11) -> 0 | H11: =G11*18% -> 0 | K11: =G11*2% -> 0 | L11: =F11-K11 -> 0
F12: =SUM(G12:H12) -> 0 | H12: =G12*18% -> 0 | K12: =G12*2% -> 0 | L12: =F12-K12 -> 0
F13: =SUM(G13:H13) -> 0 | H13: =G13*18% -> 0 | K13: =G13*2% -> 0 | L13: =F13-K13 -> 0
F14: =SUM(G14:H14) -> 0 | H14: =G14*18% -> 0 | K14: =G14*2% -> 0 | L14: =F14-K14 -> 0
E16: HOME | F16: =SUM(F2:F14) -> 46775.2 | G16: =SUM(G2:G14) -> 39640 | H16: =SUM(H2:H14) -> 7135.2 | K16: =SUM(K2:K14) -> 792.8 | L16: =SUM(L2:L14) -> 45982.4 | M16: =SUM(M2:M14) -> 45982
E17: Monthwise
E18: GST - Monthwise
O19: =78/2 -> 39 | P19: =L2-O19 -> 16293.8
P20: =L3-O19 -> 29610.6

Sheet AD2Click
